Workbook

Sheet BALANCETE 2021
A6: INDUSTRIA QUIMICA DO ESTADO DE GOIAS S/A
A8: Balancete Analítico Consolidado de 01/01/2021 até 31/12/2021 | E8: 2020 | I8: 2021
A9: Descrição | B9: Classificação | C9: U | D9: tip | E9: Saldo Anterior | G9: Debito | H9: Crédito | I9: SaldoAtual | J9: SaldoAtual | N9: NOTAS | O9: NOTAS
A10: ATIVO - [1] | B10: [1] | C10: =(LEFT(SUBSTITUTE(B10,"[",""),1))+0 -> 1 | D10: =IF((LEN(B10)+0)<15,"s","A") -> s | E10: 75.536.053,65D | F10: D | G10: 2.8152483e+08 | H10: 2.6596959e+08 | I10: 91.091.292,63D | J10: 91.091.292,63D | K10: =RIGHT(J10) -> D | L10: =(SUBSTITUTE(SUBSTITUTE(J10,"D","",1),"C","",1)+0)*IF(K10=F10,1,-1) -> 91091293 | N10: =_xlfn.XLOOKUP(B10,'BALANCETE 2022'!B:B,'BALANCETE 2022'!J:J) -> 0 | O10: =_xlfn.XLOOKUP(B10,'BALANCETE 2022'!B:B,'BALANCETE 2022'!J:J,0) -> 0
A11: CIRCULANTE - [2] | B11: [1.1] | C11: =(LEFT(SUBSTITUTE(B11,"[",""),1))+0 -> 1 | D11: =IF((LEN(B11)+0)<15,"s","A") -> s | E11: 36.136.903,96D | F11: D | G11: 2.3414684e+08 | H11: 2.4676086e+08 | I11: 23.522.890,95D | J11: 23.522.890,95D | K11: =RIGHT(J11) -> D | L11: =(SUBSTITUTE(SUBSTITUTE(J11,"D","",1),"C","",1)+0)*IF(K11=F11,1,-1) -> 23522891 | O11: =_xlfn.XLOOKUP(B11,'BALANCETE 2022'!B:B,'BALANCETE 2022'!J:J,0) -> 0
A12: BENS NUMERARIOS - [3] | B12: [1.1.11] | C12: =(LEFT(SUBSTITUTE(B12,"[",""),1))+0 -> 1 | D12: =IF((LEN(B12)+0)<15,"s","A") -> s | E12: 10042028 | F12: D | G12: 1.3462547e+08 | H12: 1.3776368e+08 | I12: 6903819.1 | J12: 6903819.1 | K12: =RIGHT(J12) -> 9 | L12: =(SUBSTITUTE(SUBSTITUTE(J12,"D","",1),"C","",1)+0)*IF(K12=F12,1,-1) -> -6903819.1 | M12: 4 | O12: =_xlfn.XLOOKUP(B12,'BALANCETE 2022'!B:B,'BALANCETE 2022'!J:J,0) -> 0
A13: CAIXA GERAL - [4] | B13: [1.1.11.01] | C13: =(LEFT(SUBSTITUTE(B13,"[",""),1))+0 -> 1 | D13: =IF((LEN(B13)+0)<15,"s","A") -> s | E13: 330,62D | F13: D | G13: 0 | H13: 330.62 | I13: 0,00D | J13: 0,00D | K13: =RIGHT(J13) -> D | L13: =(SUBSTITUTE(SUBSTITUTE(J13,"D","",1),"C","",1)+0)*IF(K13=F13,1,-1) -> 0 | O13: =_xlfn.XLOOKUP(B13,'BALANCETE 2022'!B:B,'BALANCETE 2022'!J:J,0) -> 0
A14: CAIXA - [6] | B14: [1.1.11.01.0001] | C14: =(LEFT(SUBSTITUTE(B14,"[",""),1))+0 -> 1 | D14: =IF((LEN(B14)+0)<15,"s","A") -> A | E14: 330,62D | F14: D | G14: 0 | H14: 330.62 | I14: 0,00D | J14: 0,00D | K14: =RIGHT(J14) -> D | L14: =(SUBSTITUTE(SUBSTITUTE(J14,"D","",1),"C","",1)+0)*IF(K14=F14,1,-1) -> 0 | O14: =_xlfn.XLOOKUP(B14,'BALANCETE 2022'!B:B,'BALANCETE 2022'!J:J,0) -> 0
A15: DEPOSITOS BANCARIOS - [9] | B15: [1.1.11.02] | C15: =(LEFT(SUBSTITUTE(B15,"[",""),1))+0 -> 1 | D15: =IF((LEN(B15)+0)<15,"s","A") -> s | E15: 7.824.034,74D | F15: D | G15: 1.2666703e+08 | H15: 1.3432944e+08 | I15: 161.619,26D | J15: 161.619,26D | K15: =RIGHT(J15) -> D | L15: =(SUBSTITUTE(SUBSTITUTE(J15,"D","",1),"C","",1)+0)*IF(K15=F15,1,-1) -> 161619.26 | O15: =_xlfn.XLOOKUP(B15,'BALANCETE 2022'!B:B,'BALANCETE 2022'!J:J,0) -> 0
A16: BANCO DO BRASIL S/A - C/C 6.091-7 - [11] | B16: [1.1.11.02.0002] | C16: =(LEFT(SUBSTITUTE(B16,"[",""),1))+0 -> 1 | D16: =IF((LEN(B16)+0)<15,"s","A") -> A | E16: 0,00D | F16: D | G16: 111257.64 | H16: 111257.64 | I16: 0,00D | J16: 0,00D | K16: =RIGHT(J16) -> D | L16: =(SUBSTITUTE(SUBSTITUTE(J16,"D","",1),"C","",1)+0)*IF(K16=F16,1,-1) -> 0 | O16: =_xlfn.XLOOKUP(B16,'BALANCETE 2022'!B:B,'BALANCETE 2022'!J:J,0) -> 0
A17: BANCO ITAU S/A - C/C 1.399-5 - [12] | B17: [1.1.11.02.0003] | C17: =(LEFT(SUBSTITUTE(B17,"[",""),1))+0 -> 1 | D17: =IF((LEN(B17)+0)<15,"s","A") -> A | E17: 10,00D | F17: D | G17: 31671899 | H17: 31671899 | I17: 10,00D | J17: 10,00D | K17: =RIGHT(J17) -> D | L17: =(SUBSTITUTE(SUBSTITUTE(J17,"D","",1),"C","",1)+0)*IF(K17=F17,1,-1) -> 10 | O17: =_xlfn.XLOOKUP(B17,'BALANCETE 2022'!B:B,'BALANCETE 2022'!J:J,0) -> 0
A18: BANCO CEF S/A C/C 1661-5 - [8559] | B18: [1.1.11.02.0019] | C18: =(LEFT(SUBSTITUTE(B18,"[",""),1))+0 -> 1 | D18: =IF((LEN(B18)+0)<15,"s","A") -> A | E18: 27.860,95D | F18: D | G18: 137103.6 | H18: 153362.8 | I18: 11.601,75D | J18: 11.601,75D | K18: =RIGHT(J18) -> D | L18: =(SUBSTITUTE(SUBSTITUTE(J18,"D","",1),"C","",1)+0)*IF(K18=F18,1,-1) -> 11601.75 | O18: =_xlfn.XLOOKUP(B18,'BALANCETE 2022'!B:B,'BALANCETE 2022'!J:J,0) -> 0
A19: BANCO CEF S/A - C/C 2385-9 - [11530] | B19: [1.1.11.02.0031] | C19: =(LEFT(SUBSTITUTE(B19,"[",""),1))+0 -> 1 | D19: =IF((LEN(B19)+0)<15,"s","A") -> A | E19: 154.367,81D | F19: D | G19: 2418210.1 | H19: 2422683 | I19: 149.894,91D | J19: 149.894,91D | K19: =RIGHT(J19) -> D | L19: =(SUBSTITUTE(SUBSTITUTE(J19,"D","",1),"C","",1)+0)*IF(K19=F19,1,-1) -> 149894.91 | O19: =_xlfn.XLOOKUP(B19,'BALANCETE 2022'!B:B,'BALANCETE 2022'!J:J,0) -> 0
A20: BANCO DO BRASIL S/A C/C 7096-3 - [12888] | B20: [1.1.11.02.0032] | C20: =(LEFT(SUBSTITUTE(B20,"[",""),1))+0 -> 1 | D20: =IF((LEN(B20)+0)<15,"s","A") -> A | E20: 11.124,77D | F20: D | G20: 19728983 | H20: 19740005 | I20: 102,60D | J20: 102,60D | K20: =RIGHT(J20) -> D | L20: =(SUBSTITUTE(SUBSTITUTE(J20,"D","",1),"C","",1)+0)*IF(K20=F20,1,-1) -> 102.6 | O20: =_xlfn.XLOOKUP(B20,'BALANCETE 2022'!B:B,'BALANCETE 2022'!J:J,0) -> 0
A21: BANCO NO BRASIL - OP - [15870] | B21: [1.1.11.02.0034] | C21: =(LEFT(SUBSTITUTE(B21,"[",""),1))+0 -> 1 | D21: =IF((LEN(B21)+0)<15,"s","A") -> A | E21: 7.630.671,21D | F21: D | G21: 30342524 | H21: 37973195 | I21: 0,00D | J21: 0,00D | K21: =RIGHT(J21) -> D | L21: =(SUBSTITUTE(SUBSTITUTE(J21,"D","",1),"C","",1)+0)*IF(K21=F21,1,-1) -> 0 | O21: =_xlfn.XLOOKUP(B21,'BALANCETE 2022'!B:B,'BALANCETE 2022'!J:J,0) -> 0
A22: BANCO ITAU S/A C/C 10744-2 - [16283] | B22: [1.1.11.02.0035] | C22: =(LEFT(SUBSTITUTE(B22,"[",""),1))+0 -> 1 | D22: =IF((LEN(B22)+0)<15,"s","A") -> A | E22: 0,00D | F22: D | G22: 42257049 | H22: 42257039 | I22: 10,00D | J22: 10,00D | K22: =RIGHT(J22) -> D | L22: =(SUBSTITUTE(SUBSTITUTE(J22,"D","",1),"C","",1)+0)*IF(K22=F22,1,-1) -> 10 | O22: =_xlfn.XLOOKUP(B22,'BALANCETE 2022'!B:B,'BALANCETE 2022'!J:J,0) -> 0
A23: APLICAÇÕES FINANCEIRAS - [30] | B23: [1.1.11.03] | C23: =(LEFT(SUBSTITUTE(B23,"[",""),1))+0 -> 1 | D23: =IF((LEN(B23)+0)<15,"s","A") -> s | E23: 46.164,03D | F23: D | G23: 7901809.2 | H23: 3421165 | I23: 4.526.808,20D | J23: 4.526.808,20D | K23: =RIGHT(J23) -> D | L23: =(SUBSTITUTE(SUBSTITUTE(J23,"D","",1),"C","",1)+0)*IF(K23=F23,1,-1) -> 4526808.2 | O23: =_xlfn.XLOOKUP(B23,'BALANCETE 2022'!B:B,'BALANCETE 2022'!J:J,0) -> 0
A24: BANCO ITAU S/A C/C 1399-5 - [5425] | B24: [1.1.11.03.0004] | C24: =(LEFT(SUBSTITUTE(B24,"[",""),1))+0 -> 1 | D24: =IF((LEN(B24)+0)<15,"s","A") -> A | E24: 6.194,92D | F24: D | G24: 3383817.3 | H24: 3384744.2 | I24: 5.268,00D | J24: 5.268,00D | K24: =RIGHT(J24) -> D | L24: =(SUBSTITUTE(SUBSTITUTE(J24,"D","",1),"C","",1)+0)*IF(K24=F24,1,-1) -> 5268 | O24: =_xlfn.XLOOKUP(B24,'BALANCETE 2022'!B:B,'BALANCETE 2022'!J:J,0) -> 0
... A26: BANCO CEF S/A C/P 1866-9 - [10606] | B26: [1.1.11.03.0014] | C26: =(LEFT(SUBSTITUTE(B26,"[",""),1))+0 -> 1 | D26: =IF((LEN(B26)+0)<15,"s","A") -> A | E26: 77,97D | F26: D | G26: 1.86 | H26: 0.28 | I26: 79,55D | J26: 79,55D | K26: =RIGHT(J26) -> D | L26: =(SUBSTITUTE(SUBSTITUTE(J26,"D","",1),"C","",1)+0)*IF(K26=F26,1,-1) -> 79.55 | O26: =_xlfn.XLOOKUP(B26,'BALANCETE 2022'!B:B,'BALANCETE 2022'!J:J,0) -> 0
A27: BANCO ITAU S/A C/C 10744-2 - [16857] | B27: [1.1.11.03.0015] | C27: =(LEFT(SUBSTITUTE(B27,"[",""),1))+0 -> 1 | D27: =IF((LEN(B27)+0)<15,"s","A") -> A | E27: 0 | F27: D | G27: 4514866 | H27: 0 | I27: 4.514.866,04D | J27: 4.514.866,04D | K27: =RIGHT(J27) -> D | L27: =(SUBSTITUTE(SUBSTITUTE(J27,"D","",1),"C","",1)+0)*IF(K27=F27,1,-1) -> 4514866 | O27: =_xlfn.XLOOKUP(B27,'BALANCETE 2022'!B:B,'BALANCETE 2022'!J:J,0) -> 0
A28: POUPANÇA - [13658] | B28: [1.1.11.05] | C28: =(LEFT(SUBSTITUTE(B28,"[",""),1))+0 -> 1 | D28: =IF((LEN(B28)+0)<15,"s","A") -> s | E28: 2.171.498,30D | F28: D | G28: 56636.5 | H28: 12743.17 | I28: 2.215.391,63D | J28: 2.215.391,63D | K28: =RIGHT(J28) -> D | L28: =(SUBSTITUTE(SUBSTITUTE(J28,"D","",1),"C","",1)+0)*IF(K28=F28,1,-1) -> 2215391.6 | O28: =_xlfn.XLOOKUP(B28,'BALANCETE 2022'!B:B,'BALANCETE 2022'!J:J,0) -> 0
A29: BANCO CEF S/A C/POUP 1866-9 CONV 787297/2013 - [13665] | B29: [1.1.11.05.0001] | C29: =(LEFT(SUBSTITUTE(B29,"[",""),1))+0 -> 1 | D29: =IF((LEN(B29)+0)<15,"s","A") -> A | E29: 2.171.498,30D | F29: D | G29: 56636.5 | H29: 12743.17 | I29: 2.215.391,63D | J29: 2.215.391,63D | K29: =RIGHT(J29) -> D | L29: =(SUBSTITUTE(SUBSTITUTE(J29,"D","",1),"C","",1)+0)*IF(K29=F29,1,-1) -> 2215391.6 | O29: =_xlfn.XLOOKUP(B29,'BALANCETE 2022'!B:B,'BALANCETE 2022'!J:J,0) -> 0
A30: CREDITOS - [48] | B30: [1.1.21] | C30: =(LEFT(SUBSTITUTE(B30,"[",""),1))+0 -> 1 | D30: =IF((LEN(B30)+0)<15,"s","A") -> s | E30: 5.129.514,33D | F30: D | G30: 23892126 | H30: 21424266 | I30: 7597374.4 | J30: 7597374.4 | K30: =RIGHT(J30) -> 8 | L30: =(SUBSTITUTE(SUBSTITUTE(J30,"D","",1),"C","",1)+0)*IF(K30=F30,1,-1) -> -7597374.4 | M30: 5 | O30: =_xlfn.XLOOKUP(B30,'BALANCETE 2022'!B:B,'BALANCETE 2022'!J:J,0) -> 0
A31: DUPLICATAS A RECEBER - [49] | B31: [1.1.21.01] | C31: =(LEFT(SUBSTITUTE(B31,"[",""),1))+0 -> 1 | D31: =IF((LEN(B31)+0)<15,"s","A") -> s | E31: 6.923.284,79D | F31: D | G31: 21992760 | H31: 21318670 | I31: 7.597.374,38D | J31: 7.597.374,38D | K31: =RIGHT(J31) -> D | L31: =(SUBSTITUTE(SUBSTITUTE(J31,"D","",1),"C","",1)+0)*IF(K31=F31,1,-1) -> 7597374.4 | O31: =_xlfn.XLOOKUP(B31,'BALANCETE 2022'!B:B,'BALANCETE 2022'!J:J,0) -> 0
A32: FUNDAÇÃO EZEQUIEL DIAS - FUNED - [63] | B32: [1.1.21.01.0014] | C32: =(LEFT(SUBSTITUTE(B32,"[",""),1))+0 -> 1 | D32: =IF((LEN(B32)+0)<15,"s","A") -> A | E32: 91.092,02D | F32: D | G32: 0 | H32: 91092.02 | I32: 0,00D | J32: 0,00D | K32: =RIGHT(J32) -> D | L32: =(SUBSTITUTE(SUBSTITUTE(J32,"D","",1),"C","",1)+0)*IF(K32=F32,1,-1) -> 0 | O32: =_xlfn.XLOOKUP(B32,'BALANCETE 2022'!B:B,'BALANCETE 2022'!J:J,0) -> 0
A33: PREFEITURA DE FORTALEZA - CE - [64] | B33: [1.1.21.01.0015] | C33: =(LEFT(SUBSTITUTE(B33,"[",""),1))+0 -> 1 | D33: =IF((LEN(B33)+0)<15,"s","A") -> A | E33: 7.849,40D | F33: D | G33: 0 | H33: 7849.4 | I33: 0,00D | J33: 0,00D | K33: =RIGHT(J33) -> D | L33: =(SUBSTITUTE(SUBSTITUTE(J33,"D","",1),"C","",1)+0)*IF(K33=F33,1,-1) -> 0 | O33: =_xlfn.XLOOKUP(B33,'BALANCETE 2022'!B:B,'BALANCETE 2022'!J:J,0) -> 0
A34: PREFEITURA DE UMUARAMA - SC - [69] | B34: [1.1.21.01.0020] | C34: =(LEFT(SUBSTITUTE(B34,"[",""),1))+0 -> 1 | D34: =IF((LEN(B34)+0)<15,"s","A") -> A | E34: 5.264,00D | F34: D | G34: 0 | H34: 5264 | I34: 0,00D | J34: 0,00D | K34: =RIGHT(J34) -> D | L34: =(SUBSTITUTE(SUBSTITUTE(J34,"D","",1),"C","",1)+0)*IF(K34=F34,1,-1) -> 0 | O34: =_xlfn.XLOOKUP(B34,'BALANCETE 2022'!B:B,'BALANCETE 2022'!J:J,0) -> 0
A35: FUNDAÇÃO OSWALDO CRUZ - [70] | B35: [1.1.21.01.0021] | C35: =(LEFT(SUBSTITUTE(B35,"[",""),1))+0 -> 1 | D35: =IF((LEN(B35)+0)<15,"s","A") -> A | E35: 282.595,40D | F35: D | G35: 0 | H35: 282595.4 | I35: 0,00D | J35: 0,00D | K35: =RIGHT(J35) -> D | L35: =(SUBSTITUTE(SUBSTITUTE(J35,"D","",1),"C","",1)+0)*IF(K35=F35,1,-1) -> 0 | O35: =_xlfn.XLOOKUP(B35,'BALANCETE 2022'!B:B,'BALANCETE 2022'!J:J,0) -> 0
A36: GREEN FARMA QUIM. FARMACEUTICA LTDA - [74] | B36: [1.1.21.01.0025] | C36: =(LEFT(SUBSTITUTE(B36,"[",""),1))+0 -> 1 | D36: =IF((LEN(B36)+0)<15,"s","A") -> A | E36: 14.086,28D | F36: D | G36: 0 | H36: 14086.28 | I36: 0,00D | J36: 0,00D | K36: =RIGHT(J36) -> D | L36: =(SUBSTITUTE(SUBSTITUTE(J36,"D","",1),"C","",1)+0)*IF(K36=F36,1,-1) -> 0 | O36: =_xlfn.XLOOKUP(B36,'BALANCETE 2022'!B:B,'BALANCETE 2022'!J:J,0) -> 0
A37: INSTITUTO DE SAUDE DO PARANA - [76] | B37: [1.1.21.01.0027] | C37: =(LEFT(SUBSTITUTE(B37,"[",""),1))+0 -> 1 | D37: =IF((LEN(B37)+0)<15,"s","A") -> A | E37: 78.794,22D | F37: D | G37: 0 | H37: 78794.22 | I37: 0,00D | J37: 0,00D | K37: =RIGHT(J37) -> D | L37: =(SUBSTITUTE(SUBSTITUTE(J37,"D","",1),"C","",1)+0)*IF(K37=F37,1,-1) -> 0 | O37: =_xlfn.XLOOKUP(B37,'BALANCETE 2022'!B:B,'BALANCETE 2022'!J:J,0) -> 0
A38: LAB. FARM. DA MARINHA - RJ CONTRATO 765741/2013 - [81] | B38: [1.1.21.01.0032] | C38: =(LEFT(SUBSTITUTE(B38,"[",""),1))+0 -> 1 | D38: =IF((LEN(B38)+0)<15,"s","A") -> A | E38: 188.754,41D | F38: D | G38: 0 | H38: 188754.41 | I38: 0,00D | J38: 0,00D | K38: =RIGHT(J38) -> D | L38: =(SUBSTITUTE(SUBSTITUTE(J38,"D","",1),"C","",1)+0)*IF(K38=F38,1,-1) -> 0 | O38: =_xlfn.XLOOKUP(B38,'BALANCETE 2022'!B:B,'BALANCETE 2022'!J:J,0) -> 0
A39: LAB. QUIM. FARM. AERONAUTICA - RJ - [82] | B39: [1.1.21.01.0033] | C39: =(LEFT(SUBSTITUTE(B39,"[",""),1))+0 -> 1 | D39: =IF((LEN(B39)+0)<15,"s","A") -> A | E39: 71.000,70D | F39: D | G39: 0 | H39: 71000.7 | I39: 0,00D | J39: 0,00D | K39: =RIGHT(J39) -> D | L39: =(SUBSTITUTE(SUBSTITUTE(J39,"D","",1),"C","",1)+0)*IF(K39=F39,1,-1) -> 0 | O39: =_xlfn.XLOOKUP(B39,'BALANCETE 2022'!B:B,'BALANCETE 2022'!J:J,0) -> 0
A40: LAB. FARM. EST. PERNAMBUCO - LAFEPE - [83] | B40: [1.1.21.01.0034] | C40: =(LEFT(SUBSTITUTE(B40,"[",""),1))+0 -> 1 | D40: =IF((LEN(B40)+0)<15,"s","A") -> A | E40: 108.614,56D | F40: D | G40: 0 | H40: 108614.56 | I40: 0,00D | J40: 0,00D | K40: =RIGHT(J40) -> D | L40: =(SUBSTITUTE(SUBSTITUTE(J40,"D","",1),"C","",1)+0)*IF(K40=F40,1,-1) -> 0 | O40: =_xlfn.XLOOKUP(B40,'BALANCETE 2022'!B:B,'BALANCETE 2022'!J:J,0) -> 0
A41: LEON HEINER S/A - [84] | B41: [1.1.21.01.0035] | C41: =(LEFT(SUBSTITUTE(B41,"[",""),1))+0 -> 1 | D41: =IF((LEN(B41)+0)<15,"s","A") -> A | E41: 12.000,00D | F41: D | G41: 0 | H41: 12000 | I41: 0,00D | J41: 0,00D | K41: =RIGHT(J41) -> D | L41: =(SUBSTITUTE(SUBSTITUTE(J41,"D","",1),"C","",1)+0)*IF(K41=F41,1,-1) -> 0 | O41: =_xlfn.XLOOKUP(B41,'BALANCETE 2022'!B:B,'BALANCETE 2022'!J:J,0) -> 0
A42: MINISTERIO DA SAUDE - CONV. 015/04 - [90] | B42: [1.1.21.01.0041] | C42: =(LEFT(SUBSTITUTE(B42,"[",""),1))+0 -> 1 | D42: =IF((LEN(B42)+0)<15,"s","A") -> A | E42: 11.130,00D | F42: D | G42: 0 | H42: 11130 | I42: 0,00D | J42: 0,00D | K42: =RIGHT(J42) -> D | L42: =(SUBSTITUTE(SUBSTITUTE(J42,"D","",1),"C","",1)+0)*IF(K42=F42,1,-1) -> 0 | O42: =_xlfn.XLOOKUP(B42,'BALANCETE 2022'!B:B,'BALANCETE 2022'!J:J,0) -> 0
... A66: FUNDO DE SAUDE DE CAMPOS DOS GOYTACAZES RJ - [5049] | B66: [1.1.21.01.0229] | C66: =(LEFT(SUBSTITUTE(B66,"[",""),1))+0 -> 1 | D66: =IF((LEN(B66)+0)<15,"s","A") -> A | E66: 15.926,00D | F66: D | G66: 0 | H66: 15926 | I66: 0,00D | J66: 0,00D | K66: =RIGHT(J66) -> D | L66: =(SUBSTITUTE(SUBSTITUTE(J66,"D","",1),"C","",1)+0)*IF(K66=F66,1,-1) -> 0 | O66: =_xlfn.XLOOKUP(B66,'BALANCETE 2022'!B:B,'BALANCETE 2022'!J:J,0) -> 0
A67: FUNDO DE SAUDE DE CHUPINGUAIA - [679] | B67: [1.1.21.01.0230] | C67: =(LEFT(SUBSTITUTE(B67,"[",""),1))+0 -> 1 | D67: =IF((LEN(B67)+0)<15,"s","A") -> A | E67: 3.401,95D | F67: D | G67: 0 | H67: 3401.95 | I67: 0 | J67: 0 | K67: =RIGHT(J67) -> 0 | L67: =(SUBSTITUTE(SUBSTITUTE(J67,"D","",1),"C","",1)+0)*IF(K67=F67,1,-1) -> 0 | O67: =_xlfn.XLOOKUP(B67,'BALANCETE 2022'!B:B,'BALANCETE 2022'!J:J,0) -> 0
A68: PREFEITURA DE ARAGUAPAZ GO - [1057] | B68: [1.1.21.01.0265] | C68: =(LEFT(SUBSTITUTE(B68,"[",""),1))+0 -> 1 | D68: =IF((LEN(B68)+0)<15,"s","A") -> A | E68: 4.750,00D | F68: D | G68: 0 | H68: 4750 | I68: 0 | J68: 0 | K68: =RIGHT(J68) -> 0 | L68: =(SUBSTITUTE(SUBSTITUTE(J68,"D","",1),"C","",1)+0)*IF(K68=F68,1,-1) -> 0 | O68: =_xlfn.XLOOKUP(B68,'BALANCETE 2022'!B:B,'BALANCETE 2022'!J:J,0) -> 0
A69: FUNDO DE SAUDE DE COARI AM - [1379] | B69: [1.1.21.01.0311] | C69: =(LEFT(SUBSTITUTE(B69,"[",""),1))+0 -> 1 | D69: =IF((LEN(B69)+0)<15,"s","A") -> A | E69: 46.613,00D | F69: D | G69: 0 | H69: 46613 | I69: 0 | J69: 0 | K69: =RIGHT(J69) -> 0 | L69: =(SUBSTITUTE(SUBSTITUTE(J69,"D","",1),"C","",1)+0)*IF(K69=F69,1,-1) -> 0 | O69: =_xlfn.XLOOKUP(B69,'BALANCETE 2022'!B:B,'BALANCETE 2022'!J:J,0) -> 0
A70: PREFEITURA DE IACIARA - [2352] | B70: [1.1.21.01.0440] | C70: =(LEFT(SUBSTITUTE(B70,"[",""),1))+0 -> 1 | D70: =IF((LEN(B70)+0)<15,"s","A") -> A | E70: 690,00D | F70: D | G70: 0 | H70: 690 | I70: 0 | J70: 0 | K70: =RIGHT(J70) -> 0 | L70: =(SUBSTITUTE(SUBSTITUTE(J70,"D","",1),"C","",1)+0)*IF(K70=F70,1,-1) -> 0 | O70: =_xlfn.XLOOKUP(B70,'BALANCETE 2022'!B:B,'BALANCETE 2022'!J:J,0) -> 0
A71: PREFEITURA DE TRES RANCHOS GO - [3444] | B71: [1.1.21.01.0464] | C71: =(LEFT(SUBSTITUTE(B71,"[",""),1))+0 -> 1 | D71: =IF((LEN(B71)+0)<15,"s","A") -> A | E71: 0 | F71: D | G71: 1260 | H71: 1260 | I71: 0 | J71: 0 | K71: =RIGHT(J71) -> 0 | L71: =(SUBSTITUTE(SUBSTITUTE(J71,"D","",1),"C","",1)+0)*IF(K71=F71,1,-1) -> 0 | O71: =_xlfn.XLOOKUP(B71,'BALANCETE 2022'!B:B,'BALANCETE 2022'!J:J,0) -> 0
A72: PREFEITURA DE APARECIDA DE GOIANIA GO - [3801] | B72: [1.1.21.01.0501] | C72: =(LEFT(SUBSTITUTE(B72,"[",""),1))+0 -> 1 | D72: =IF((LEN(B72)+0)<15,"s","A") -> A | E72: 0 | F72: D | G72: 670.24 | H72: 670.24 | I72: 0 | J72: 0 | K72: =RIGHT(J72) -> 0 | L72: =(SUBSTITUTE(SUBSTITUTE(J72,"D","",1),"C","",1)+0)*IF(K72=F72,1,-1) -> 0 | O72: =_xlfn.XLOOKUP(B72,'BALANCETE 2022'!B:B,'BALANCETE 2022'!J:J,0) -> 0
A73: PREFEITURA MUNICIPAL DE VIANOPOLIS - [5460] | B73: [1.1.21.01.0569] | C73: =(LEFT(SUBSTITUTE(B73,"[",""),1))+0 -> 1 | D73: =IF((LEN(B73)+0)<15,"s","A") -> A | E73: 0 | F73: D | G73: 13440 | H73: 13440 | I73: 0 | J73: 0 | K73: =RIGHT(J73) -> 0 | L73: =(SUBSTITUTE(SUBSTITUTE(J73,"D","",1),"C","",1)+0)*IF(K73=F73,1,-1) -> 0 | O73: =_xlfn.XLOOKUP(B73,'BALANCETE 2022'!B:B,'BALANCETE 2022'!J:J,0) -> 0
A74: INSTITUTO DE CIENCIAS FARMACEUTICAS - [8286] | B74: [1.1.21.01.0629] | C74: =(LEFT(SUBSTITUTE(B74,"[",""),1))+0 -> 1 | D74: =IF((LEN(B74)+0)<15,"s","A") -> A | E74: 0,00D | F74: D | G74: 29237 | H74: 8652.97 | I74: 20.584,03D | J74: 20.584,03D | K74: =RIGHT(J74) -> D | L74: =(SUBSTITUTE(SUBSTITUTE(J74,"D","",1),"C","",1)+0)*IF(K74=F74,1,-1) -> 20584.03 | O74: =_xlfn.XLOOKUP(B74,'BALANCETE 2022'!B:B,'BALANCETE 2022'!J:J,0) -> 0
A75: MINISTERIO DA SAUDE - [8615] | B75: [1.1.21.01.0639] | C75: =(LEFT(SUBSTITUTE(B75,"[",""),1))+0 -> 1 | D75: =IF((LEN(B75)+0)<15,"s","A") -> A | E75: 164.931,20D | F75: D | G75: 0 | H75: 0 | I75: 164.931,20D | J75: 164.931,20D | K75: =RIGHT(J75) -> D | L75: =(SUBSTITUTE(SUBSTITUTE(J75,"D","",1),"C","",1)+0)*IF(K75=F75,1,-1) -> 164931.2 | O75: =_xlfn.XLOOKUP(B75,'BALANCETE 2022'!B:B,'BALANCETE 2022'!J:J,0) -> 0
A76: FUNDO DE SAUDE DE EDEIA GO - [9259] | B76: [1.1.21.01.0654] | C76: =(LEFT(SUBSTITUTE(B76,"[",""),1))+0 -> 1 | D76: =IF((LEN(B76)+0)<15,"s","A") -> A | E76: 0,00D | F76: D | G76: 25200 | H76: 25200 | I76: 0,00D | J76: 0,00D | K76: =RIGHT(J76) -> D | L76: =(SUBSTITUTE(SUBSTITUTE(J76,"D","",1),"C","",1)+0)*IF(K76=F76,1,-1) -> 0 | O76: =_xlfn.XLOOKUP(B76,'BALANCETE 2022'!B:B,'BALANCETE 2022'!J:J,0) -> 0
A77: PREFEITURA DE CALDAS NOVAS GO - [9854] | B77: [1.1.21.01.0710] | C77: =(LEFT(SUBSTITUTE(B77,"[",""),1))+0 -> 1 | D77: =IF((LEN(B77)+0)<15,"s","A") -> A | E77: 26.816,39D | F77: D | G77: 0 | H77: 26816.39 | I77: 0,00D | J77: 0,00D | K77: =RIGHT(J77) -> D | L77: =(SUBSTITUTE(SUBSTITUTE(J77,"D","",1),"C","",1)+0)*IF(K77=F77,1,-1) -> 0 | O77: =_xlfn.XLOOKUP(B77,'BALANCETE 2022'!B:B,'BALANCETE 2022'!J:J,0) -> 0
A78: FUNDO DE SAUDE DE MARA ROSA - [10755] | B78: [1.1.21.01.0764] | C78: =(LEFT(SUBSTITUTE(B78,"[",""),1))+0 -> 1 | D78: =IF((LEN(B78)+0)<15,"s","A") -> A | E78: 0,00D | F78: D | G78: 2940 | H78: 2940 | I78: 0,00D | J78: 0,00D | K78: =RIGHT(J78) -> D | L78: =(SUBSTITUTE(SUBSTITUTE(J78,"D","",1),"C","",1)+0)*IF(K78=F78,1,-1) -> 0 | O78: =_xlfn.XLOOKUP(B78,'BALANCETE 2022'!B:B,'BALANCETE 2022'!J:J,0) -> 0
A79: FUNDO DE SAUDE DE CALDAS NOVAS GO - [10874] | B79: [1.1.21.01.0770] | C79: =(LEFT(SUBSTITUTE(B79,"[",""),1))+0 -> 1 | D79: =IF((LEN(B79)+0)<15,"s","A") -> A | E79: 8.842,50D | F79: D | G79: 31000 | H79: 8842.5 | I79: 31.000,00D | J79: 31.000,00D | K79: =RIGHT(J79) -> D | L79: =(SUBSTITUTE(SUBSTITUTE(J79,"D","",1),"C","",1)+0)*IF(K79=F79,1,-1) -> 31000 | O79: =_xlfn.XLOOKUP(B79,'BALANCETE 2022'!B:B,'BALANCETE 2022'!J:J,0) -> 0
A80: FUNDO DE SAUDE DE CARAPEBUS RJ - [10951] | B80: [1.1.21.01.0774] | C80: =(LEFT(SUBSTITUTE(B80,"[",""),1))+0 -> 1 | D80: =IF((LEN(B80)+0)<15,"s","A") -> A | E80: 0,00D | F80: D | G80: 3570 | H80: 3570 | I80: 0,00D | J80: 0,00D | K80: =RIGHT(J80) -> D | L80: =(SUBSTITUTE(SUBSTITUTE(J80,"D","",1),"C","",1)+0)*IF(K80=F80,1,-1) -> 0 | O80: =_xlfn.XLOOKUP(B80,'BALANCETE 2022'!B:B,'BALANCETE 2022'!J:J,0) -> 0
A81: FUNDO DE SAUDE DE IPAMERI GO - [11042] | B81: [1.1.21.01.0787] | C81: =(LEFT(SUBSTITUTE(B81,"[",""),1))+0 -> 1 | D81: =IF((LEN(B81)+0)<15,"s","A") -> A | E81: 0,00D | F81: D | G81: 42000 | H81: 42000 | I81: 0,00D | J81: 0,00D | K81: =RIGHT(J81) -> D | L81: =(SUBSTITUTE(SUBSTITUTE(J81,"D","",1),"C","",1)+0)*IF(K81=F81,1,-1) -> 0 | O81: =_xlfn.XLOOKUP(B81,'BALANCETE 2022'!B:B,'BALANCETE 2022'!J:J,0) -> 0
A82: MUNICIPIO DE MONTE FORMOSO MG - [11439] | B82: [1.1.21.01.0792] | C82: =(LEFT(SUBSTITUTE(B82,"[",""),1))+0 -> 1 | D82: =IF((LEN(B82)+0)<15,"s","A") -> A | E82: 552,50D | F82: D | G82: 0 | H82: 552.5 | I82: 0,00D | J82: 0,00D | K82: =RIGHT(J82) -> D | L82: =(SUBSTITUTE(SUBSTITUTE(J82,"D","",1),"C","",1)+0)*IF(K82=F82,1,-1) -> 0 | O82: =_xlfn.XLOOKUP(B82,'BALANCETE 2022'!B:B,'BALANCETE 2022'!J:J,0) -> 0
A83: FUNDO DE SAUDE DE CAMPINORTE GO - [11565] | B83: [1.1.21.01.0796] | C83: =(LEFT(SUBSTITUTE(B83,"[",""),1))+0 -> 1 | D83: =IF((LEN(B83)+0)<15,"s","A") -> A | E83: 2.798,80D | F83: D | G83: 0 | H83: 2798.8 | I83: 0,00D | J83: 0,00D | K83: =RIGHT(J83) -> D | L83: =(SUBSTITUTE(SUBSTITUTE(J83,"D","",1),"C","",1)+0)*IF(K83=F83,1,-1) -> 0 | O83: =_xlfn.XLOOKUP(B83,'BALANCETE 2022'!B:B,'BALANCETE 2022'!J:J,0) -> 0
A84: FUNDO DE SAUDE DE FAZENDA NOVA GO - [11572] | B84: [1.1.21.01.0797] | C84: =(LEFT(SUBSTITUTE(B84,"[",""),1))+0 -> 1 | D84: =IF((LEN(B84)+0)<15,"s","A") -> A | E84: 517,50D | F84: D | G84: 0 | H84: 517.5 | I84: 0,00D | J84: 0,00D | K84: =RIGHT(J84) -> D | L84: =(SUBSTITUTE(SUBSTITUTE(J84,"D","",1),"C","",1)+0)*IF(K84=F84,1,-1) -> 0 | O84: =_xlfn.XLOOKUP(B84,'BALANCETE 2022'!B:B,'BALANCETE 2022'!J:J,0) -> 0
A85: FUNDO DE SAUDE DE TEREZOPOLIS DE GOIAS GO - [11649] | B85: [1.1.21.01.0808] | C85: =(LEFT(SUBSTITUTE(B85,"[",""),1))+0 -> 1 | D85: =IF((LEN(B85)+0)<15,"s","A") -> A | E85: 0,00D | F85: D | G85: 5520 | H85: 5520 | I85: 0,00D | J85: 0,00D | K85: =RIGHT(J85) -> D | L85: =(SUBSTITUTE(SUBSTITUTE(J85,"D","",1),"C","",1)+0)*IF(K85=F85,1,-1) -> 0 | O85: =_xlfn.XLOOKUP(B85,'BALANCETE 2022'!B:B,'BALANCETE 2022'!J:J,0) -> 0
... A158: RECEBIMENTOS A CLASSIFICAR - [6378] | B158: [1.1.21.02.0001] | C158: =(LEFT(SUBSTITUTE(B158,"[",""),1))+0 -> 1 | D158: =IF((LEN(B158)+0)<15,"s","A") -> A | E158: 0,00D | F158: D | G158: 274.47 | H158: 274.47 | I158: 0,00D | J158: 0,00D | K158: =RIGHT(J158) -> D | L158: =(SUBSTITUTE(SUBSTITUTE(J158,"D","",1),"C","",1)+0)*IF(K158=F158,1,-1) -> 0 | O158: =_xlfn.XLOOKUP(B158,'BALANCETE 2022'!B:B,'BALANCETE 2022'!J:J,0) -> 0
A159: (-) REDUÇÃO AO VALOR RECUPERAVEL - [14050] | B159: [1.1.21.05] | C159: =(LEFT(SUBSTITUTE(B159,"[",""),1))+0 -> 1 | D159: =IF((LEN(B159)+0)<15,"s","A") -> s | E159: 1.793.770,46C | F159: C | G159: 1899091.8 | H159: 105321.35 | I159: 0 | J159: 0 | K159: =RIGHT(J159) -> 0 | L159: =(SUBSTITUTE(SUBSTITUTE(J159,"D","",1),"C","",1)+0)*IF(K159=F159,1,-1) -> 0 | O159: =_xlfn.XLOOKUP(B159,'BALANCETE 2022'!B:B,'BALANCETE 2022'!J:J,0) -> 0
A160: (-) REDUÇÃO AO VALOR RECUPERAVEL - CLIENTES - [14057] | B160: [1.1.21.05.0001] | C160: =(LEFT(SUBSTITUTE(B160,"[",""),1))+0 -> 1 | D160: =IF((LEN(B160)+0)<15,"s","A") -> A | E160: 1.793.770,46C | F160: C | G160: 1899091.8 | H160: 105321.35 | I160: 0 | J160: 0 | K160: =RIGHT(J160) -> 0 | L160: =(SUBSTITUTE(SUBSTITUTE(J160,"D","",1),"C","",1)+0)*IF(K160=F160,1,-1) -> 0 | O160: =_xlfn.XLOOKUP(B160,'BALANCETE 2022'!B:B,'BALANCETE 2022'!J:J,0) -> 0
A161: OUTROS CREDITOS - [311] | B161: [1.1.22] | C161: =(LEFT(SUBSTITUTE(B161,"[",""),1))+0 -> 1 | D161: =IF((LEN(B161)+0)<15,"s","A") -> s | E161: 15.045.709,16D | F161: D | G161: 42314311 | H161: 55601771 | I161: 1.758.248,97D | J161: 1.758.248,97D | K161: =RIGHT(J161) -> D | L161: =(SUBSTITUTE(SUBSTITUTE(J161,"D","",1),"C","",1)+0)*IF(K161=F161,1,-1) -> 1758249 | O161: =_xlfn.XLOOKUP(B161,'BALANCETE 2022'!B:B,'BALANCETE 2022'!J:J,0) -> 0
A162: ADIANTAMENTOS A FORNECEDORES - [330] | B162: [1.1.22.02] | C162: =(LEFT(SUBSTITUTE(B162,"[",""),1))+0 -> 1 | D162: =IF((LEN(B162)+0)<15,"s","A") -> s | E162: 1.069,80D | F162: D | G162: 0 | H162: 1069.8 | I162: 0,00D | J162: 0,00D | K162: =RIGHT(J162) -> D | L162: =(SUBSTITUTE(SUBSTITUTE(J162,"D","",1),"C","",1)+0)*IF(K162=F162,1,-1) -> 0 | O162: =_xlfn.XLOOKUP(B162,'BALANCETE 2022'!B:B,'BALANCETE 2022'!J:J,0) -> 0
A163: YVYTU IND E COM DE FILTROS LTDA - [13630] | B163: [1.1.22.02.0460] | C163: =(LEFT(SUBSTITUTE(B163,"[",""),1))+0 -> 1 | D163: =IF((LEN(B163)+0)<15,"s","A") -> A | E163: 1.010,80D | F163: D | G163: 0 | H163: 1010.8 | I163: 0 | J163: 0 | K163: =RIGHT(J163) -> 0 | L163: =(SUBSTITUTE(SUBSTITUTE(J163,"D","",1),"C","",1)+0)*IF(K163=F163,1,-1) -> 0 | O163: =_xlfn.XLOOKUP(B163,'BALANCETE 2022'!B:B,'BALANCETE 2022'!J:J,0) -> 0
A164: FORNECEDORES DIVERSOS - [15422] | B164: [1.1.22.02.0503] | C164: =(LEFT(SUBSTITUTE(B164,"[",""),1))+0 -> 1 | D164: =IF((LEN(B164)+0)<15,"s","A") -> A | E164: 59,00D | F164: D | G164: 0 | H164: 59 | I164: 0 | J164: 0 | K164: =RIGHT(J164) -> 0 | L164: =(SUBSTITUTE(SUBSTITUTE(J164,"D","",1),"C","",1)+0)*IF(K164=F164,1,-1) -> 0 | O164: =_xlfn.XLOOKUP(B164,'BALANCETE 2022'!B:B,'BALANCETE 2022'!J:J,0) -> 0
A165: ANTECIPACÕES - [500] | B165: [1.1.22.03] | C165: =(LEFT(SUBSTITUTE(B165,"[",""),1))+0 -> 1 | D165: =IF((LEN(B165)+0)<15,"s","A") -> s | E165: 49.733,79D | F165: D | G165: 533016.48 | H165: 521311.87 | I165: 61438.4 | J165: 61438.4 | K165: =RIGHT(J165) -> 4 | L165: =(SUBSTITUTE(SUBSTITUTE(J165,"D","",1),"C","",1)+0)*IF(K165=F165,1,-1) -> -61438.4 | M165: 7 | O165: =_xlfn.XLOOKUP(B165,'BALANCETE 2022'!B:B,'BALANCETE 2022'!J:J,0) -> 0
A166: ADIANTAMENTOS 13º SALARIO - [502] | B166: [1.1.22.03.0002] | C166: =(LEFT(SUBSTITUTE(B166,"[",""),1))+0 -> 1 | D166: =IF((LEN(B166)+0)<15,"s","A") -> A | E166: 0,00D | F166: D | G166: 188167.2 | H166: 188167.2 | I166: 0,00D | J166: 0,00D | K166: =RIGHT(J166) -> D | L166: =(SUBSTITUTE(SUBSTITUTE(J166,"D","",1),"C","",1)+0)*IF(K166=F166,1,-1) -> 0 | O166: =_xlfn.XLOOKUP(B166,'BALANCETE 2022'!B:B,'BALANCETE 2022'!J:J,0) -> 0
A167: ADIANTAMENTOS DE FERIAS - [503] | B167: [1.1.22.03.0003] | C167: =(LEFT(SUBSTITUTE(B167,"[",""),1))+0 -> 1 | D167: =IF((LEN(B167)+0)<15,"s","A") -> A | E167: 49.733,79D | F167: D | G167: 344849.28 | H167: 333144.67 | I167: 61.438,40D | J167: 61.438,40D | K167: =RIGHT(J167) -> D | L167: =(SUBSTITUTE(SUBSTITUTE(J167,"D","",1),"C","",1)+0)*IF(K167=F167,1,-1) -> 61438.4 | O167: =_xlfn.XLOOKUP(B167,'BALANCETE 2022'!B:B,'BALANCETE 2022'!J:J,0) -> 0
A168: IMPOSTOS A COMPENSAR - [550] | B168: [1.1.22.06] | C168: =(LEFT(SUBSTITUTE(B168,"[",""),1))+0 -> 1 | D168: =IF((LEN(B168)+0)<15,"s","A") -> s | E168: 2.110.170,32D | F168: D | G168: 2571381.2 | H168: 3411795.6 | I168: 1269755.9 | J168: 1269755.9 | K168: =RIGHT(J168) -> 2 | L168: =(SUBSTITUTE(SUBSTITUTE(J168,"D","",1),"C","",1)+0)*IF(K168=F168,1,-1) -> -1269755.9 | M168: 6 | O168: =_xlfn.XLOOKUP(B168,'BALANCETE 2022'!B:B,'BALANCETE 2022'!J:J,0) -> 0
A169: CSLL RETIDO NA FONTE - [553] | B169: [1.1.22.06.0003] | C169: =(LEFT(SUBSTITUTE(B169,"[",""),1))+0 -> 1 | D169: =IF((LEN(B169)+0)<15,"s","A") -> A | E169: 583,01D | F169: D | G169: 756.9 | H169: 0 | I169: 1.339,91D | J169: 1.339,91D | K169: =RIGHT(J169) -> D | L169: =(SUBSTITUTE(SUBSTITUTE(J169,"D","",1),"C","",1)+0)*IF(K169=F169,1,-1) -> 1339.91 | O169: =_xlfn.XLOOKUP(B169,'BALANCETE 2022'!B:B,'BALANCETE 2022'!J:J,0) -> 0
A170: IMPOSTO DE RENDA RETIDO NA FONTE - [554] | B170: [1.1.22.06.0004] | C170: =(LEFT(SUBSTITUTE(B170,"[",""),1))+0 -> 1 | D170: =IF((LEN(B170)+0)<15,"s","A") -> A | E170: 343.555,33D | F170: D | G170: 13706.65 | H170: 0 | I170: 357.261,98D | J170: 357.261,98D | K170: =RIGHT(J170) -> D | L170: =(SUBSTITUTE(SUBSTITUTE(J170,"D","",1),"C","",1)+0)*IF(K170=F170,1,-1) -> 357261.98 | O170: =_xlfn.XLOOKUP(B170,'BALANCETE 2022'!B:B,'BALANCETE 2022'!J:J,0) -> 0
A171: COFINS - [562] | B171: [1.1.22.06.0012] | C171: =(LEFT(SUBSTITUTE(B171,"[",""),1))+0 -> 1 | D171: =IF((LEN(B171)+0)<15,"s","A") -> A | E171: 1.426.691,19D | F171: D | G171: 2099889.2 | H171: 2779324.1 | I171: 747.256,29D | J171: 747.256,29D | K171: =RIGHT(J171) -> D | L171: =(SUBSTITUTE(SUBSTITUTE(J171,"D","",1),"C","",1)+0)*IF(K171=F171,1,-1) -> 747256.29 | O171: =_xlfn.XLOOKUP(B171,'BALANCETE 2022'!B:B,'BALANCETE 2022'!J:J,0) -> 0
A172: PASEP - [564] | B172: [1.1.22.06.0014] | C172: =(LEFT(SUBSTITUTE(B172,"[",""),1))+0 -> 1 | D172: =IF((LEN(B172)+0)<15,"s","A") -> A | E172: 311.448,15D | F172: D | G172: 456963.38 | H172: 604578.89 | I172: 163.832,64D | J172: 163.832,64D | K172: =RIGHT(J172) -> D | L172: =(SUBSTITUTE(SUBSTITUTE(J172,"D","",1),"C","",1)+0)*IF(K172=F172,1,-1) -> 163832.64 | O172: =_xlfn.XLOOKUP(B172,'BALANCETE 2022'!B:B,'BALANCETE 2022'!J:J,0) -> 0
A173: INSS RETIDO A COMPENSAR - [7845] | B173: [1.1.22.06.0016] | C173: =(LEFT(SUBSTITUTE(B173,"[",""),1))+0 -> 1 | D173: =IF((LEN(B173)+0)<15,"s","A") -> A | E173: 21.279,75D | F173: D | G173: 0 | H173: 21279.75 | I173: 0,00D | J173: 0,00D | K173: =RIGHT(J173) -> D | L173: =(SUBSTITUTE(SUBSTITUTE(J173,"D","",1),"C","",1)+0)*IF(K173=F173,1,-1) -> 0 | O173: =_xlfn.XLOOKUP(B173,'BALANCETE 2022'!B:B,'BALANCETE 2022'!J:J,0) -> 0
A174: ISS A RECUPERAR - [9035] | B174: [1.1.22.06.0017] | C174: =(LEFT(SUBSTITUTE(B174,"[",""),1))+0 -> 1 | D174: =IF((LEN(B174)+0)<15,"s","A") -> A | E174: 5.736,39D | F174: D | G174: 0 | H174: 5736.39 | I174: 0,00D | J174: 0,00D | K174: =RIGHT(J174) -> D | L174: =(SUBSTITUTE(SUBSTITUTE(J174,"D","",1),"C","",1)+0)*IF(K174=F174,1,-1) -> 0 | O174: =_xlfn.XLOOKUP(B174,'BALANCETE 2022'!B:B,'BALANCETE 2022'!J:J,0) -> 0
A175: CSRF 5952 PAGO A MAIOR OU INDEVIDO - [14022] | B175: [1.1.22.06.0029] | C175: =(LEFT(SUBSTITUTE(B175,"[",""),1))+0 -> 1 | D175: =IF((LEN(B175)+0)<15,"s","A") -> A | E175: 876,50D | F175: D | G175: 65.1 | H175: 876.5 | I175: 65,10D | J175: 65,10D | K175: =RIGHT(J175) -> D | L175: =(SUBSTITUTE(SUBSTITUTE(J175,"D","",1),"C","",1)+0)*IF(K175=F175,1,-1) -> 65.1 | O175: =_xlfn.XLOOKUP(B175,'BALANCETE 2022'!B:B,'BALANCETE 2022'!J:J,0) -> 0
A176: OUTROS CREDITOS - [575] | B176: [1.1.22.08] | C176: =(LEFT(SUBSTITUTE(B176,"[",""),1))+0 -> 1 | D176: =IF((LEN(B176)+0)<15,"s","A") -> s | E176: 71,96D | F176: D | G176: 0 | H176: 0 | I176: 71.96 | J176: 71.96 | K176: =RIGHT(J176) -> 6 | L176: =(SUBSTITUTE(SUBSTITUTE(J176,"D","",1),"C","",1)+0)*IF(K176=F176,1,-1) -> -71.96 | M176: 6 | O176: =_xlfn.XLOOKUP(B176,'BALANCETE 2022'!B:B,'BALANCETE 2022'!J:J,0) -> 0
A177: BANCO REAL S/A - [576] | B177: [1.1.22.08.0001] | C177: =(LEFT(SUBSTITUTE(B177,"[",""),1))+0 -> 1 | D177: =IF((LEN(B177)+0)<15,"s","A") -> A | E177: 32,44D | F177: D | G177: 0 | H177: 0 | I177: 32,44D | J177: 32,44D | K177: =RIGHT(J177) -> D | L177: =(SUBSTITUTE(SUBSTITUTE(J177,"D","",1),"C","",1)+0)*IF(K177=F177,1,-1) -> 32.44 | O177: =_xlfn.XLOOKUP(B177,'BALANCETE 2022'!B:B,'BALANCETE 2022'!J:J,0) -> 0
A178: ELETROBRAS S/A - [577] | B178: [1.1.22.08.0002] | C178: =(LEFT(SUBSTITUTE(B178,"[",""),1))+0 -> 1 | D178: =IF((LEN(B178)+0)<15,"s","A") -> A | E178: 30,14D | F178: D | G178: 0 | H178: 0 | I178: 30,14D | J178: 30,14D | K178: =RIGHT(J178) -> D | L178: =(SUBSTITUTE(SUBSTITUTE(J178,"D","",1),"C","",1)+0)*IF(K178=F178,1,-1) -> 30.14 | O178: =_xlfn.XLOOKUP(B178,'BALANCETE 2022'!B:B,'BALANCETE 2022'!J:J,0) -> 0
A179: GERASUL - [578] | B179: [1.1.22.08.0003] | C179: =(LEFT(SUBSTITUTE(B179,"[",""),1))+0 -> 1 | D179: =IF((LEN(B179)+0)<15,"s","A") -> A | E179: 9,38D | F179: D | G179: 0 | H179: 0 | I179: 9,38D | J179: 9,38D | K179: =RIGHT(J179) -> D | L179: =(SUBSTITUTE(SUBSTITUTE(J179,"D","",1),"C","",1)+0)*IF(K179=F179,1,-1) -> 9.38 | O179: =_xlfn.XLOOKUP(B179,'BALANCETE 2022'!B:B,'BALANCETE 2022'!J:J,0) -> 0
A180: OPERAÇÕES COM A MATRIZ - [13231] | B180: [1.1.22.10] | C180: =(LEFT(SUBSTITUTE(B180,"[",""),1))+0 -> 1 | D180: =IF((LEN(B180)+0)<15,"s","A") -> s | E180: 0,00D | F180: D | G180: 19135473 | H180: 19135473 | I180: 0,00D | J180: 0,00D | K180: =RIGHT(J180) -> D | L180: =(SUBSTITUTE(SUBSTITUTE(J180,"D","",1),"C","",1)+0)*IF(K180=F180,1,-1) -> 0 | O180: =_xlfn.XLOOKUP(B180,'BALANCETE 2022'!B:B,'BALANCETE 2022'!J:J,0) -> 0
A181: CRÉDITOS COM MATRIZ - [14078] | B181: [1.1.22.10.0004] | C181: =(LEFT(SUBSTITUTE(B181,"[",""),1))+0 -> 1 | D181: =IF((LEN(B181)+0)<15,"s","A") -> A | E181: 0 | F181: D | G181: 19135473 | H181: 19135473 | I181: 0 | J181: 0 | K181: =RIGHT(J181) -> 0 | L181: =(SUBSTITUTE(SUBSTITUTE(J181,"D","",1),"C","",1)+0)*IF(K181=F181,1,-1) -> 0 | O181: =_xlfn.XLOOKUP(B181,'BALANCETE 2022'!B:B,'BALANCETE 2022'!J:J,0) -> 0
A182: OPERAÇÕES COM A FILIAL - [13280] | B182: [1.1.22.11] | C182: =(LEFT(SUBSTITUTE(B182,"[",""),1))+0 -> 1 | D182: =IF((LEN(B182)+0)<15,"s","A") -> s | E182: 0 | F182: D | G182: 20074440 | H182: 20074440 | I182: 0 | J182: 0 | K182: =RIGHT(J182) -> 0 | L182: =(SUBSTITUTE(SUBSTITUTE(J182,"D","",1),"C","",1)+0)*IF(K182=F182,1,-1) -> 0 | O182: =_xlfn.XLOOKUP(B182,'BALANCETE 2022'!B:B,'BALANCETE 2022'!J:J,0) -> 0
A183: CRÉDITOS COM FILIAL - [13287] | B183: [1.1.22.11.0001] | C183: =(LEFT(SUBSTITUTE(B183,"[",""),1))+0 -> 1 | D183: =IF((LEN(B183)+0)<15,"s","A") -> A | E183: 0 | F183: D | G183: 20074440 | H183: 20074440 | I183: 0 | J183: 0 | K183: =RIGHT(J183) -> 0 | L183: =(SUBSTITUTE(SUBSTITUTE(J183,"D","",1),"C","",1)+0)*IF(K183=F183,1,-1) -> 0 | O183: =_xlfn.XLOOKUP(B183,'BALANCETE 2022'!B:B,'BALANCETE 2022'!J:J,0) -> 0
A184: OPERAÇÕES COM PARCEIROS - [15632] | B184: [1.1.22.12] | C184: =(LEFT(SUBSTITUTE(B184,"[",""),1))+0 -> 1 | D184: =IF((LEN(B184)+0)<15,"s","A") -> s | E184: 12.884.663,29D | F184: D | G184: 0 | H184: 12457681 | I184: 426982.69 | J184: 426982.69 | K184: =RIGHT(J184) -> 9 | L184: =(SUBSTITUTE(SUBSTITUTE(J184,"D","",1),"C","",1)+0)*IF(K184=F184,1,-1) -> -426982.69 | M184: 7 | O184: =_xlfn.XLOOKUP(B184,'BALANCETE 2022'!B:B,'BALANCETE 2022'!J:J,0) -> 0
A185: ANTECIPAÇÃO A PARCEIROS HMD - [15639] | B185: [1.1.22.12.0001] | C185: =(LEFT(SUBSTITUTE(B185,"[",""),1))+0 -> 1 | D185: =IF((LEN(B185)+0)<15,"s","A") -> A | E185: 12.457.680,60D | F185: D | G185: 0 | H185: 12457681 | I185: 0,00D | J185: 0,00D | K185: =RIGHT(J185) -> D | L185: =(SUBSTITUTE(SUBSTITUTE(J185,"D","",1),"C","",1)+0)*IF(K185=F185,1,-1) -> 0 | O185: =_xlfn.XLOOKUP(B185,'BALANCETE 2022'!B:B,'BALANCETE 2022'!J:J,0) -> 0
A186: ANTECIPAÇÃO A PARCEIROS = GREENPHARMA - [15961] | B186: [1.1.22.12.0002] | C186: =(LEFT(SUBSTITUTE(B186,"[",""),1))+0 -> 1 | D186: =IF((LEN(B186)+0)<15,"s","A") -> A | E186: 426.982,69D | F186: D | G186: 0 | H186: 0 | I186: 426.982,69D | J186: 426.982,69D | K186: =RIGHT(J186) -> D | L186: =(SUBSTITUTE(SUBSTITUTE(J186,"D","",1),"C","",1)+0)*IF(K186=F186,1,-1) -> 426982.69 | O186: =_xlfn.XLOOKUP(B186,'BALANCETE 2022'!B:B,'BALANCETE 2022'!J:J,0) -> 0
A187: PRODUTOS - [580] | B187: [1.1.31] | C187: =(LEFT(SUBSTITUTE(B187,"[",""),1))+0 -> 1 | D187: =IF((LEN(B187)+0)<15,"s","A") -> s | E187: 2307528.7 | F187: D | G187: 32072170 | H187: 30531489 | I187: 3848209.9 | J187: 3848209.9 | K187: =RIGHT(J187) -> 1 | L187: =(SUBSTITUTE(SUBSTITUTE(J187,"D","",1),"C","",1)+0)*IF(K187=F187,1,-1) -> -3848209.9 | M187: 8 | O187: =_xlfn.XLOOKUP(B187,'BALANCETE 2022'!B:B,'BALANCETE 2022'!J:J,0) -> 0
A188: PRODUTOS ACABADOS - [581] | B188: [1.1.31.01] | C188: =(LEFT(SUBSTITUTE(B188,"[",""),1))+0 -> 1 | D188: =IF((LEN(B188)+0)<15,"s","A") -> s | E188: 2.307.528,73D | F188: D | G188: 32072170 | H188: 30531489 | I188: 3.848.209,91D | J188: 3.848.209,91D | K188: =RIGHT(J188) -> D | L188: =(SUBSTITUTE(SUBSTITUTE(J188,"D","",1),"C","",1)+0)*IF(K188=F188,1,-1) -> 3848209.9 | O188: =_xlfn.XLOOKUP(B188,'BALANCETE 2022'!B:B,'BALANCETE 2022'!J:J,0) -> 0
A189: (-) PROVISÃO PARA PERDAS EM ESTOQUE - [10599] | B189: [1.1.31.01.0007] | C189: =(LEFT(SUBSTITUTE(B189,"[",""),1))+0 -> 1 | D189: =IF((LEN(B189)+0)<15,"s","A") -> A | E189: 18.391,52C | F189: C | G189: 0 | H189: 0 | I189: 18.391,52C | J189: 18.391,52C | K189: =RIGHT(J189) -> C | L189: =(SUBSTITUTE(SUBSTITUTE(J189,"D","",1),"C","",1)+0)*IF(K189=F189,1,-1) -> 18391.52 | O189: =_xlfn.XLOOKUP(B189,'BALANCETE 2022'!B:B,'BALANCETE 2022'!J:J,0) -> 0
A190: ESTOQUE DE MERCADORIA - MEDIDOR GLICOSE - [12237] | B190: [1.1.31.01.0008] | C190: =(LEFT(SUBSTITUTE(B190,"[",""),1))+0 -> 1 | D190: =IF((LEN(B190)+0)<15,"s","A") -> A | E190: 1.518.025,95D | F190: D | G190: 6794197.9 | H190: 5416516.1 | I190: 2.895.707,74D | J190: 2.895.707,74D | K190: =RIGHT(J190) -> D | L190: =(SUBSTITUTE(SUBSTITUTE(J190,"D","",1),"C","",1)+0)*IF(K190=F190,1,-1) -> 2895707.7 | O190: =_xlfn.XLOOKUP(B190,'BALANCETE 2022'!B:B,'BALANCETE 2022'!J:J,0) -> 0
A191: ESTOQUE DE MERCADORIA - TIRAS DE TESTE - [12244] | B191: [1.1.31.01.0009] | C191: =(LEFT(SUBSTITUTE(B191,"[",""),1))+0 -> 1 | D191: =IF((LEN(B191)+0)<15,"s","A") -> A | E191: 665.952,00D | F191: D | G191: 20147972 | H191: 20794604 | I191: 19.320,00D | J191: 19.320,00D | K191: =RIGHT(J191) -> D | L191: =(SUBSTITUTE(SUBSTITUTE(J191,"D","",1),"C","",1)+0)*IF(K191=F191,1,-1) -> 19320 | O191: =_xlfn.XLOOKUP(B191,'BALANCETE 2022'!B:B,'BALANCETE 2022'!J:J,0) -> 0
A192: ESTOQUE - IQ. ALCOOL GEL 70% - 1 LITRO - [16017] | B192: [1.1.31.01.0010] | C192: =(LEFT(SUBSTITUTE(B192,"[",""),1))+0 -> 1 | D192: =IF((LEN(B192)+0)<15,"s","A") -> A | E192: 71.782,55D | F192: D | G192: 3769.2 | H192: 18605.45 | I192: 56.946,30D | J192: 56.946,30D | K192: =RIGHT(J192) -> D | L192: =(SUBSTITUTE(SUBSTITUTE(J192,"D","",1),"C","",1)+0)*IF(K192=F192,1,-1) -> 56946.3 | O192: =_xlfn.XLOOKUP(B192,'BALANCETE 2022'!B:B,'BALANCETE 2022'!J:J,0) -> 0
A193: ESTOQUE - IQ. ALCOOL GEL 70% - 440G - [16024] | B193: [1.1.31.01.0011] | C193: =(LEFT(SUBSTITUTE(B193,"[",""),1))+0 -> 1 | D193: =IF((LEN(B193)+0)<15,"s","A") -> A | E193: 56.955,68D | F193: D | G193: 8109.6 | H193: 27200.64 | I193: 37.864,64D | J193: 37.864,64D | K193: =RIGHT(J193) -> D | L193: =(SUBSTITUTE(SUBSTITUTE(J193,"D","",1),"C","",1)+0)*IF(K193=F193,1,-1) -> 37864.64 | O193: =_xlfn.XLOOKUP(B193,'BALANCETE 2022'!B:B,'BALANCETE 2022'!J:J,0) -> 0
A194: ESTOQUE - IQ. ALCOOL GEL 70% - 5 L - [16031] | B194: [1.1.31.01.0012] | C194: =(LEFT(SUBSTITUTE(B194,"[",""),1))+0 -> 1 | D194: =IF((LEN(B194)+0)<15,"s","A") -> A | E194: 1.331,28D | F194: D | G194: 5620.96 | H194: 5528.51 | I194: 1.423,73D | J194: 1.423,73D | K194: =RIGHT(J194) -> D | L194: =(SUBSTITUTE(SUBSTITUTE(J194,"D","",1),"C","",1)+0)*IF(K194=F194,1,-1) -> 1423.73 | O194: =_xlfn.XLOOKUP(B194,'BALANCETE 2022'!B:B,'BALANCETE 2022'!J:J,0) -> 0
A195: ESTOQUE - IQ. ALCOOL LIQ 70% - 1 LITRO - [16038] | B195: [1.1.31.01.0013] | C195: =(LEFT(SUBSTITUTE(B195,"[",""),1))+0 -> 1 | D195: =IF((LEN(B195)+0)<15,"s","A") -> A | E195: 0,00D | F195: D | G195: 15824.64 | H195: 15675.65 | I195: 148,99D | J195: 148,99D | K195: =RIGHT(J195) -> D | L195: =(SUBSTITUTE(SUBSTITUTE(J195,"D","",1),"C","",1)+0)*IF(K195=F195,1,-1) -> 148.99 | O195: =_xlfn.XLOOKUP(B195,'BALANCETE 2022'!B:B,'BALANCETE 2022'!J:J,0) -> 0
A196: SOLUÇÃO CONTROLE DE GLICOSE - [16220] | B196: [1.1.31.01.0014] | C196: =(LEFT(SUBSTITUTE(B196,"[",""),1))+0 -> 1 | D196: =IF((LEN(B196)+0)<15,"s","A") -> A | E196: 8.480,56D | F196: D | G196: 47461.12 | H196: 14844.36 | I196: 41.097,32D | J196: 41.097,32D | K196: =RIGHT(J196) -> D | L196: =(SUBSTITUTE(SUBSTITUTE(J196,"D","",1),"C","",1)+0)*IF(K196=F196,1,-1) -> 41097.32 | O196: =_xlfn.XLOOKUP(B196,'BALANCETE 2022'!B:B,'BALANCETE 2022'!J:J,0) -> 0
A197: BATERIA DE LITIO CR 2032 - GLUCOLEADER - [16227] | B197: [1.1.31.01.0015] | C197: =(LEFT(SUBSTITUTE(B197,"[",""),1))+0 -> 1 | D197: =IF((LEN(B197)+0)<15,"s","A") -> A | E197: 3.392,23D | F197: D | G197: 7386.96 | H197: 10657.35 | I197: 121,84D | J197: 121,84D | K197: =RIGHT(J197) -> D | L197: =(SUBSTITUTE(SUBSTITUTE(J197,"D","",1),"C","",1)+0)*IF(K197=F197,1,-1) -> 121.84 | O197: =_xlfn.XLOOKUP(B197,'BALANCETE 2022'!B:B,'BALANCETE 2022'!J:J,0) -> 0
A198: CABO GLUCOLEADER 2 SAIDAS E CABO USB OKMETER BRANC - [16584] | B198: [1.1.31.01.0016] | C198: =(LEFT(SUBSTITUTE(B198,"[",""),1))+0 -> 1 | D198: =IF((LEN(B198)+0)<15,"s","A") -> A | E198: 0,00D | F198: D | G198: 364.01 | H198: 1.12 | I198: 362,89D | J198: 362,89D | K198: =RIGHT(J198) -> D | L198: =(SUBSTITUTE(SUBSTITUTE(J198,"D","",1),"C","",1)+0)*IF(K198=F198,1,-1) -> 362.89 | O198: =_xlfn.XLOOKUP(B198,'BALANCETE 2022'!B:B,'BALANCETE 2022'!J:J,0) -> 0
A199: MEDIDOR DE GLICOSE SANG OKMETER MATCH II GOD CX 1 - [16591] | B199: [1.1.31.01.0017] | C199: =(LEFT(SUBSTITUTE(B199,"[",""),1))+0 -> 1 | D199: =IF((LEN(B199)+0)<15,"s","A") -> A | E199: 0,00D | F199: D | G199: 1780874.7 | H199: 1536862.6 | I199: 244.012,08D | J199: 244.012,08D | K199: =RIGHT(J199) -> D | L199: =(SUBSTITUTE(SUBSTITUTE(J199,"D","",1),"C","",1)+0)*IF(K199=F199,1,-1) -> 244012.08 | O199: =_xlfn.XLOOKUP(B199,'BALANCETE 2022'!B:B,'BALANCETE 2022'!J:J,0) -> 0
A200: TIRA DE TESTE DE GLIC SANG OKMETER MATCH II CX 50 - [16598] | B200: [1.1.31.01.0018] | C200: =(LEFT(SUBSTITUTE(B200,"[",""),1))+0 -> 1 | D200: =IF((LEN(B200)+0)<15,"s","A") -> A | E200: 0,00D | F200: D | G200: 3260589.2 | H200: 2690993.3 | I200: 569.595,90D | J200: 569.595,90D | K200: =RIGHT(J200) -> D | L200: =(SUBSTITUTE(SUBSTITUTE(J200,"D","",1),"C","",1)+0)*IF(K200=F200,1,-1) -> 569595.9 | O200: =_xlfn.XLOOKUP(B200,'BALANCETE 2022'!B:B,'BALANCETE 2022'!J:J,0) -> 0
A201: MATERIAIS - [588] | B201: [1.1.32] | C201: =(LEFT(SUBSTITUTE(B201,"[",""),1))+0 -> 1 | D201: =IF((LEN(B201)+0)<15,"s","A") -> s | E201: 58288.95 | F201: D | G201: 61341.43 | H201: 65859.16 | I201: 53771.22 | J201: 53771.22 | K201: =RIGHT(J201) -> 2 | L201: =(SUBSTITUTE(SUBSTITUTE(J201,"D","",1),"C","",1)+0)*IF(K201=F201,1,-1) -> -53771.22 | M201: 8 | O201: =_xlfn.XLOOKUP(B201,'BALANCETE 2022'!B:B,'BALANCETE 2022'!J:J,0) -> 0
A202: MATERIAS-PRIMAS - [589] | B202: [1.1.32.01] | C202: =(LEFT(SUBSTITUTE(B202,"[",""),1))+0 -> 1 | D202: =IF((LEN(B202)+0)<15,"s","A") -> s | E202: 58.288,95D | F202: D | G202: 61341.43 | H202: 65859.16 | I202: 53.771,22D | J202: 53.771,22D | K202: =RIGHT(J202) -> D | L202: =(SUBSTITUTE(SUBSTITUTE(J202,"D","",1),"C","",1)+0)*IF(K202=F202,1,-1) -> 53771.22 | O202: =_xlfn.XLOOKUP(B202,'BALANCETE 2022'!B:B,'BALANCETE 2022'!J:J,0) -> 0
...

Sheet BALANCETE 2022
A8: INDUSTRIA QUIMICA DO ESTADO DE GOIAS S/A(00011)
A10: BALANCETE ANALÍTICO CONSOLIDADO DE 01/01/2022 ATÉ 31/12/2022
A11: Descrição | B11: Classificação | C11: Saldo Anterior | D11: Débito | E11: Crédito | F11: Saldo Atual | G11: VAZIAS | J11: NOTAS DRE | K11: NOME | L11: DFC | M11: QUADROS | N11: NOME QUADROS
A12: ATIVO - [1] | B12: [1] | C12: 91091293 | D12: 2.0277397e+08 | E12: 2.3537705e+08 | F12: 58488221 | J12: 0 | N12: =_xlfn.XLOOKUP(M12,'QUADROS QUE FALTARAM'!F:F,'QUADROS QUE FALTARAM'!B:B,0) -> 0
A13: Ativo - [16444] | B13: [1.1] | C13: 23522891 | D13: 1.7148251e+08 | E13: 1.7240351e+08 | F13: 22601893 | J13: 0 | N13: =_xlfn.XLOOKUP(M13,'QUADROS QUE FALTARAM'!F:F,'QUADROS QUE FALTARAM'!B:B,0) -> 0
A14: BENS NUMERARIOS - [4] | B14: [1.1.11] | C14: 6903819.1 | D14: 1.0694205e+08 | E14: 1.1098467e+08 | F14: 2861198.4 | J14: 0 | N14: =_xlfn.XLOOKUP(M14,'QUADROS QUE FALTARAM'!F:F,'QUADROS QUE FALTARAM'!B:B,0) -> 0
A15: DEPOSITOS BANCARIOS - [9] | B15: [1.1.11.02] | C15: 161619.26 | D15: 1.0221683e+08 | E15: 1.0186872e+08 | F15: 509731.36 | J15: 0 | N15: =_xlfn.XLOOKUP(M15,'QUADROS QUE FALTARAM'!F:F,'QUADROS QUE FALTARAM'!B:B,0) -> 0
A16: BANCO DO BRASIL S/A - C/C 6.091-7 - [11] | B16: [1.1.11.02.0002] | C16: 0 | D16: 34090.94 | E16: 20868.22 | F16: 13222.72 | J16: 0 | N16: =_xlfn.XLOOKUP(M16,'QUADROS QUE FALTARAM'!F:F,'QUADROS QUE FALTARAM'!B:B,0) -> 0
A17: BANCO ITAU S/A - C/C 1.399-5 - [12] | B17: [1.1.11.02.0003] | C17: 10 | D17: 2780003.3 | E17: 2780010.6 | F17: 2.7 | J17: 0 | N17: =_xlfn.XLOOKUP(M17,'QUADROS QUE FALTARAM'!F:F,'QUADROS QUE FALTARAM'!B:B,0) -> 0
A18: BANCO CEF S/A C/C 1661-5 - [8559] | B18: [1.1.11.02.0019] | C18: 11601.75 | D18: 0 | E18: 11601.75 | F18: 0 | J18: 0 | N18: =_xlfn.XLOOKUP(M18,'QUADROS QUE FALTARAM'!F:F,'QUADROS QUE FALTARAM'!B:B,0) -> 0
A19: BANCO CEF S/A - C/C 2385-9 - [11530] | B19: [1.1.11.02.0031] | C19: 149894.91 | D19: 7408411.6 | E19: 7558306.5 | F19: 0 | J19: 0 | N19: =_xlfn.XLOOKUP(M19,'QUADROS QUE FALTARAM'!F:F,'QUADROS QUE FALTARAM'!B:B,0) -> 0
A20: BANCO DO BRASIL S/A C/C 7096-3 - [12888] | B20: [1.1.11.02.0032] | C20: 102.6 | D20: 14038775 | E20: 14018033 | F20: 20844 | J20: 0 | N20: =_xlfn.XLOOKUP(M20,'QUADROS QUE FALTARAM'!F:F,'QUADROS QUE FALTARAM'!B:B,0) -> 0
A21: BANCO CEF S/A - C/C 0264-4 - [14064] | B21: [1.1.11.02.0033] | C21: 0 | D21: 2561483.8 | E21: 2561483.8 | F21: 0 | J21: ##### | N21: =_xlfn.XLOOKUP(M21,'QUADROS QUE FALTARAM'!F:F,'QUADROS QUE FALTARAM'!B:B,0) -> 0
A22: BANCO NO BRASIL - OP - [15870] | B22: [1.1.11.02.0034] | C22: 0 | D22: 12522170 | E22: 12522170 | F22: 0 | J22: 0 | N22: =_xlfn.XLOOKUP(M22,'QUADROS QUE FALTARAM'!F:F,'QUADROS QUE FALTARAM'!B:B,0) -> 0
A23: BANCO ITAU S/A C/C 10744-2 - [16283] | B23: [1.1.11.02.0035] | C23: 10 | D23: 27555327 | E23: 27555337 | F23: 0 | J23: 0 | N23: =_xlfn.XLOOKUP(M23,'QUADROS QUE FALTARAM'!F:F,'QUADROS QUE FALTARAM'!B:B,0) -> 0
A24: CONTA ÚNICA Nº 100004 - GOV. GOIÁS - FILIAL - [16997] | B24: [1.1.11.02.0036] | C24: 0 | D24: 19300573 | E24: 19081688 | F24: 218884.75 | J24: ##### | N24: =_xlfn.XLOOKUP(M24,'QUADROS QUE FALTARAM'!F:F,'QUADROS QUE FALTARAM'!B:B,0) -> 0
A25: CONTA ÚNICA Nº 100004 - GOV. GOIÁS - MATRIZ - [17004] | B25: [1.1.11.02.0037] | C25: 0 | D25: 16015996 | E25: 15759219 | F25: 256777.19 | N25: =_xlfn.XLOOKUP(M25,'QUADROS QUE FALTARAM'!F:F,'QUADROS QUE FALTARAM'!B:B,0) -> 0
A26: APLICAÇÕES FINANCEIRAS - [30] | B26: [1.1.11.03] | C26: 4526808.2 | D26: 4556696.7 | E26: 9078031.7 | F26: 5473.17 | J26: 0 | N26: =_xlfn.XLOOKUP(M26,'QUADROS QUE FALTARAM'!F:F,'QUADROS QUE FALTARAM'!B:B,0) -> 0
A27: BANCO ITAU S/A C/C 1399-5 - [5425] | B27: [1.1.11.03.0004] | C27: 5268 | D27: 308696.97 | E27: 313964.97 | F27: 0 | J27: 0 | N27: =_xlfn.XLOOKUP(M27,'QUADROS QUE FALTARAM'!F:F,'QUADROS QUE FALTARAM'!B:B,0) -> 0
A28: BANCO DO BRASIL C/P 6091-7 - [3898] | B28: [1.1.11.03.0012] | C28: 6594.61 | D28: 3340.88 | E28: 4548.02 | F28: 5387.47 | J28: 0 | N28: =_xlfn.XLOOKUP(M28,'QUADROS QUE FALTARAM'!F:F,'QUADROS QUE FALTARAM'!B:B,0) -> 0
A29: BANCO CEF S/A C/P 1866-9 - [10606] | B29: [1.1.11.03.0014] | C29: 79.55 | D29: 7.6 | E29: 1.45 | F29: 85.7 | J29: 0 | N29: =_xlfn.XLOOKUP(M29,'QUADROS QUE FALTARAM'!F:F,'QUADROS QUE FALTARAM'!B:B,0) -> 0
A30: BANCO ITAU S/A C/C 10744-2 - [16857] | B30: [1.1.11.03.0015] | C30: 4514866 | D30: 4244651.2 | E30: 8759517.2 | F30: 0 | J30: 0 | N30: =_xlfn.XLOOKUP(M30,'QUADROS QUE FALTARAM'!F:F,'QUADROS QUE FALTARAM'!B:B,0) -> 0
A31: POUPANÇA - [13658] | B31: [1.1.11.05] | C31: 2215391.6 | D31: 168518.94 | E31: 37916.73 | F31: 2345993.8 | J31: 0 | N31: =_xlfn.XLOOKUP(M31,'QUADROS QUE FALTARAM'!F:F,'QUADROS QUE FALTARAM'!B:B,0) -> 0
A32: BANCO CEF S/A C/POUP 1866-9 CONV 787297/2013 - [13665] | B32: [1.1.11.05.0001] | C32: 2215391.6 | D32: 168518.94 | E32: 37916.73 | F32: 2345993.8 | J32: 0 | N32: =_xlfn.XLOOKUP(M32,'QUADROS QUE FALTARAM'!F:F,'QUADROS QUE FALTARAM'!B:B,0) -> 0
A33: CREDITOS - [48] | B33: [1.1.21] | C33: 7597374.4 | D33: 11035770 | E33: 16743757 | F33: 1889386.8 | J33: 0 | N33: =_xlfn.XLOOKUP(M33,'QUADROS QUE FALTARAM'!F:F,'QUADROS QUE FALTARAM'!B:B,0) -> 0
A34: DUPLICATAS A RECEBER - [49] | B34: [1.1.21.01] | C34: 7597374.4 | D34: 9175045.6 | E34: 15158655 | F34: 1613764.6 | J34: 0 | N34: =_xlfn.XLOOKUP(M34,'QUADROS QUE FALTARAM'!F:F,'QUADROS QUE FALTARAM'!B:B,0) -> 0
A35: FUNDO DE SAUDE DE NOVA IGUAÇU - GO - [198] | B35: [1.1.21.01.0149] | C35: 224.3 | D35: 0 | E35: 224.3 | F35: 0 | J35: 0 | N35: =_xlfn.XLOOKUP(M35,'QUADROS QUE FALTARAM'!F:F,'QUADROS QUE FALTARAM'!B:B,0) -> 0
A36: FUNDO DE SAUDE ALTO ALEGRE DOS PARECIS R - [4552] | B36: [1.1.21.01.0190] | C36: 0 | D36: 23200 | E36: 23200 | F36: 0 | J36: 0 | N36: =_xlfn.XLOOKUP(M36,'QUADROS QUE FALTARAM'!F:F,'QUADROS QUE FALTARAM'!B:B,0) -> 0
A37: PREFEITURA MUNICIPAL DE VIANOPOLIS - [5460] | B37: [1.1.21.01.0569] | C37: 0 | D37: 23800 | E37: 23800 | F37: 0 | J37: 0 | N37: =_xlfn.XLOOKUP(M37,'QUADROS QUE FALTARAM'!F:F,'QUADROS QUE FALTARAM'!B:B,0) -> 0
... A52: FUNDO DE SAUDE DE SOBRAL CE - [12538] | B52: [1.1.21.01.0874] | C52: 74250 | D52: 181650 | E52: 255900 | F52: 0 | J52: 0 | N52: =_xlfn.XLOOKUP(M52,'QUADROS QUE FALTARAM'!F:F,'QUADROS QUE FALTARAM'!B:B,0) -> 0
A53: FUNDO DE SAUDE DE PALMELO GO - [12545] | B53: [1.1.21.01.0875] | C53: 0 | D53: 4500 | E53: 4500 | F53: 0 | J53: ##### | N53: =_xlfn.XLOOKUP(M53,'QUADROS QUE FALTARAM'!F:F,'QUADROS QUE FALTARAM'!B:B,0) -> 0
A54: FUNDO DE SAUDE DE ITAJA GO - [12552] | B54: [1.1.21.01.0876] | C54: 0 | D54: 6495 | E54: 6180 | F54: 315 | J54: 0 | N54: =_xlfn.XLOOKUP(M54,'QUADROS QUE FALTARAM'!F:F,'QUADROS QUE FALTARAM'!B:B,0) -> 0
A55: FUNDO DE SAUDE DE MAIRIPOTABA GO - [12818] | B55: [1.1.21.01.0882] | C55: 0 | D55: 5543 | E55: 5543 | F55: 0 | J55: 0 | N55: =_xlfn.XLOOKUP(M55,'QUADROS QUE FALTARAM'!F:F,'QUADROS QUE FALTARAM'!B:B,0) -> 0
A56: FUNDO DE SAUDE DE TRES RANCHOS GO - [12832] | B56: [1.1.21.01.0884] | C56: 0 | D56: 3990 | E56: 3990 | F56: 0 | J56: 0 | N56: =_xlfn.XLOOKUP(M56,'QUADROS QUE FALTARAM'!F:F,'QUADROS QUE FALTARAM'!B:B,0) -> 0
A57: FUNDO DE SAUDE DE ALOANDIA GO - [12923] | B57: [1.1.21.01.0888] | C57: 0 | D57: 10327.5 | E57: 8032.5 | F57: 2295 | J57: 0 | N57: =_xlfn.XLOOKUP(M57,'QUADROS QUE FALTARAM'!F:F,'QUADROS QUE FALTARAM'!B:B,0) -> 0
A58: FUNDO DE SAUDE DE ALTO HORIZONTE GO - [12930] | B58: [1.1.21.01.0889] | C58: 345 | D58: 0 | E58: 345 | F58: 0 | J58: 0 | N58: =_xlfn.XLOOKUP(M58,'QUADROS QUE FALTARAM'!F:F,'QUADROS QUE FALTARAM'!B:B,0) -> 0
A59: FUNDO DE SAUDE DE CASTELANDIA GO - [13350] | B59: [1.1.21.01.0900] | C59: 0 | D59: 420 | E59: 420 | F59: 0 | J59: 0 | N59: =_xlfn.XLOOKUP(M59,'QUADROS QUE FALTARAM'!F:F,'QUADROS QUE FALTARAM'!B:B,0) -> 0
A60: FUNDO DE SAUDE ARAGUAPAZ GO - [13693] | B60: [1.1.21.01.0902] | C60: 4750 | D60: 0 | E60: 0 | F60: 4750 | J60: 0 | N60: =_xlfn.XLOOKUP(M60,'QUADROS QUE FALTARAM'!F:F,'QUADROS QUE FALTARAM'!B:B,0) -> 0
A61: FUNDO DE SAUDE DE THEOBROMA RO - [13721] | B61: [1.1.21.01.0906] | C61: 0 | D61: 11200 | E61: 11200 | F61: 0 | J61: 0 | N61: =_xlfn.XLOOKUP(M61,'QUADROS QUE FALTARAM'!F:F,'QUADROS QUE FALTARAM'!B:B,0) -> 0
A62: FUNDO MUNICIPAL DE SAUDE DE PORTEIRAO - [13203] | B62: [1.1.21.01.0910] | C62: 0 | D62: 9345 | E62: 7245 | F62: 2100 | J62: 0 | N62: =_xlfn.XLOOKUP(M62,'QUADROS QUE FALTARAM'!F:F,'QUADROS QUE FALTARAM'!B:B,0) -> 0
A63: CORPO DE BOMBEIROS MILITAR DO EST DO CEARA CE - [13917] | B63: [1.1.21.01.0916] | C63: 0 | D63: 725 | E63: 725 | F63: 0 | J63: ##### | N63: =_xlfn.XLOOKUP(M63,'QUADROS QUE FALTARAM'!F:F,'QUADROS QUE FALTARAM'!B:B,0) -> 0
A64: FUNDO DE SAUDE DE SANTANA DO ARAGUAIA PA - [14141] | B64: [1.1.21.01.0926] | C64: 4080 | D64: 38400 | E64: 31296 | F64: 11184 | J64: 0 | N64: =_xlfn.XLOOKUP(M64,'QUADROS QUE FALTARAM'!F:F,'QUADROS QUE FALTARAM'!B:B,0) -> 0
A65: FUNDO DE SAUDE DE LABREA AM - [14148] | B65: [1.1.21.01.0927] | C65: 10163 | D65: 0 | E65: 0 | F65: 10163 | J65: 0 | N65: =_xlfn.XLOOKUP(M65,'QUADROS QUE FALTARAM'!F:F,'QUADROS QUE FALTARAM'!B:B,0) -> 0
A66: FUNDO DE SAUDE DE CAMAPUA MS - [14162] | B66: [1.1.21.01.0929] | C66: 0 | D66: 19255 | E66: 19255 | F66: 0 | J66: 0 | N66: =_xlfn.XLOOKUP(M66,'QUADROS QUE FALTARAM'!F:F,'QUADROS QUE FALTARAM'!B:B,0) -> 0
A67: FUNDO DE SAUDE PIRACURUCA PI - [14358] | B67: [1.1.21.01.0935] | C67: 0 | D67: 24800 | E67: 12400 | F67: 12400 | J67: 0 | N67: =_xlfn.XLOOKUP(M67,'QUADROS QUE FALTARAM'!F:F,'QUADROS QUE FALTARAM'!B:B,0) -> 0
A68: FUNDO DE SAUDE DIANOPOLIS TO - [14372] | B68: [1.1.21.01.0937] | C68: 0 | D68: 23600 | E68: 23600 | F68: 0 | J68: 0 | N68: =_xlfn.XLOOKUP(M68,'QUADROS QUE FALTARAM'!F:F,'QUADROS QUE FALTARAM'!B:B,0) -> 0
A69: FUNDO DE SAÚDE DE CONCEIÇÃO DO TOCANTINS TO - [14617] | B69: [1.1.21.01.0949] | C69: 0 | D69: 2700 | E69: 1350 | F69: 1350 | J69: 0 | N69: =_xlfn.XLOOKUP(M69,'QUADROS QUE FALTARAM'!F:F,'QUADROS QUE FALTARAM'!B:B,0) -> 0
A70: FUNDO DE SAUDE DE COLORADO DO OESTE RO - [14659] | B70: [1.1.21.01.0950] | C70: 0 | D70: 29250 | E70: 29250 | F70: 0 | J70: 0 | N70: =_xlfn.XLOOKUP(M70,'QUADROS QUE FALTARAM'!F:F,'QUADROS QUE FALTARAM'!B:B,0) -> 0
A71: PREFEITURA MUNICIPAL DE CABIXI RO - [14757] | B71: [1.1.21.01.0952] | C71: 0 | D71: 11600 | E71: 11600 | F71: 0 | J71: 0 | N71: =_xlfn.XLOOKUP(M71,'QUADROS QUE FALTARAM'!F:F,'QUADROS QUE FALTARAM'!B:B,0) -> 0
A72: FUNDO DE SAUDE DE SANCRERLANDIA GO - [15002] | B72: [1.1.21.01.0963] | C72: 0 | D72: 8400 | E72: 8400 | F72: 0 | J72: 0 | N72: =_xlfn.XLOOKUP(M72,'QUADROS QUE FALTARAM'!F:F,'QUADROS QUE FALTARAM'!B:B,0) -> 0
A73: FUNDO SAUDE DE DOVERLANDIA GO - [15016] | B73: [1.1.21.01.0965] | C73: 0 | D73: 14817 | E73: 14817 | F73: 0 | J73: 0 | N73: =_xlfn.XLOOKUP(M73,'QUADROS QUE FALTARAM'!F:F,'QUADROS QUE FALTARAM'!B:B,0) -> 0
A74: FUNDO DE SAUDE DE AQUIDAUANA MS - [15128] | B74: [1.1.21.01.0979] | C74: 14000 | D74: 71483 | E74: 70733 | F74: 14750 | J74: 0 | N74: =_xlfn.XLOOKUP(M74,'QUADROS QUE FALTARAM'!F:F,'QUADROS QUE FALTARAM'!B:B,0) -> 0
A75: PREFEITURA DE GUARULHOS SP - [15443] | B75: [1.1.21.01.1017] | C75: 0 | D75: 1800000 | E75: 1800000 | F75: 0 | J75: ##### | N75: =_xlfn.XLOOKUP(M75,'QUADROS QUE FALTARAM'!F:F,'QUADROS QUE FALTARAM'!B:B,0) -> 0
A76: FUNDO DE SAUDE DE RUBIATABA GO - [15464] | B76: [1.1.21.01.1018] | C76: 0 | D76: 63000 | E76: 63000 | F76: 0 | J76: 0 | N76: =_xlfn.XLOOKUP(M76,'QUADROS QUE FALTARAM'!F:F,'QUADROS QUE FALTARAM'!B:B,0) -> 0
A77: FUNDO MUNICIPAL DE SAUDE DE GOIANIA GO - [15814] | B77: [1.1.21.01.1032] | C77: 351000 | D77: 0 | E77: 351000 | F77: 0 | J77: 0 | N77: =_xlfn.XLOOKUP(M77,'QUADROS QUE FALTARAM'!F:F,'QUADROS QUE FALTARAM'!B:B,0) -> 0
A78: FUNDO DE SAUDE ALTA FLORESTA DO OESTE - [15849] | B78: [1.1.21.01.1033] | C78: 0 | D78: 14500 | E78: 14500 | F78: 0 | J78: 0 | N78: =_xlfn.XLOOKUP(M78,'QUADROS QUE FALTARAM'!F:F,'QUADROS QUE FALTARAM'!B:B,0) -> 0
A79: CONSORCIO INTERGESTORES PARANÁ SAÚDE- PR - [16122] | B79: [1.1.21.01.1044] | C79: 2327046 | D79: 2739206.5 | E79: 5066252.5 | F79: 0 | J79: 0 | N79: =_xlfn.XLOOKUP(M79,'QUADROS QUE FALTARAM'!F:F,'QUADROS QUE FALTARAM'!B:B,0) -> 0
A80: FUNDO MUNICIPAL DE SAUDE DE AGUA AZUL DO - [16360] | B80: [1.1.21.01.1061] | C80: 0 | D80: 31995 | E80: 31995 | F80: 0 | J80: 0 | N80: =_xlfn.XLOOKUP(M80,'QUADROS QUE FALTARAM'!F:F,'QUADROS QUE FALTARAM'!B:B,0) -> 0
A81: FUNDO ESTADUAL DE SAUDE DE GOIÁS - [16374] | B81: [1.1.21.01.1062] | C81: 0 | D81: 36186 | E81: 36186 | F81: 0 | J81: 0 | N81: =_xlfn.XLOOKUP(M81,'QUADROS QUE FALTARAM'!F:F,'QUADROS QUE FALTARAM'!B:B,0) -> 0
A82: CONSORCIO INTERM. DE SAUDE DO MEDIO VALE ITAJAÍ SC - [16381] | B82: [1.1.21.01.1063] | C82: 18000 | D82: 463065 | E82: 415500 | F82: 65565 | J82: 0 | N82: =_xlfn.XLOOKUP(M82,'QUADROS QUE FALTARAM'!F:F,'QUADROS QUE FALTARAM'!B:B,0) -> 0
A83: CONSORCIO INTERMUNICIPAL DO SUL DO ESTADO ALAGOAS - [16416] | B83: [1.1.21.01.1064] | C83: 629275.35 | D83: 158399.45 | E83: 770305.25 | F83: 17369.55 | J83: 0 | N83: =_xlfn.XLOOKUP(M83,'QUADROS QUE FALTARAM'!F:F,'QUADROS QUE FALTARAM'!B:B,0) -> 0
A84: FUNDO ESTADUAL DE SAUDE FUNDES CE - [16549] | B84: [1.1.21.01.1066] | C84: 3807685.5 | D84: 2351088 | E84: 4816711.5 | F84: 1342062 | J84: 0 | N84: =_xlfn.XLOOKUP(M84,'QUADROS QUE FALTARAM'!F:F,'QUADROS QUE FALTARAM'!B:B,0) -> 0
A85: FUNDO DE SAUDE DE PORTO BELO SC - [16556] | B85: [1.1.21.01.1067] | C85: 0 | D85: 63525.35 | E85: 42053.35 | F85: 21472 | J85: 0 | N85: =_xlfn.XLOOKUP(M85,'QUADROS QUE FALTARAM'!F:F,'QUADROS QUE FALTARAM'!B:B,0) -> 0
A86: MUNICIPIO DE TRIUNFO PB - [16605] | B86: [1.1.21.01.1068] | C86: 0 | D86: 4500 | E86: 4500 | F86: 0 | J86: 0 | N86: =_xlfn.XLOOKUP(M86,'QUADROS QUE FALTARAM'!F:F,'QUADROS QUE FALTARAM'!B:B,0) -> 0
A87: RIO GRANDE DO NORTE SECRETARIA SAUDE PUBLICA RN - [16619] | B87: [1.1.21.01.1070] | C87: 47040 | D87: 132064 | E87: 179104 | F87: 0 | J87: 0 | N87: =_xlfn.XLOOKUP(M87,'QUADROS QUE FALTARAM'!F:F,'QUADROS QUE FALTARAM'!B:B,0) -> 0
... A90: FUNDO DE SAUDE DE BOM JARDIM RJ - [16822] | B90: [1.1.21.01.1076] | C90: 93000 | D90: 0 | E90: 93000 | F90: 0 | J90: 0 | N90: =_xlfn.XLOOKUP(M90,'QUADROS QUE FALTARAM'!F:F,'QUADROS QUE FALTARAM'!B:B,0) -> 0
A91: EMPRESA BRAS. SERV. HOSP. - EBSERH MG - [17137] | B91: [1.1.21.01.1078] | C91: 0 | D91: 39184 | E91: 39184 | F91: 0 | J91: ##### | N91: =_xlfn.XLOOKUP(M91,'QUADROS QUE FALTARAM'!F:F,'QUADROS QUE FALTARAM'!B:B,0) -> 0
A92: FUNDO DE SAUDE DE LAGARTO SE - [17144] | B92: [1.1.21.01.1079] | C92: 0 | D92: 77500 | E92: 0 | F92: 77500 | J92: ##### | N92: =_xlfn.XLOOKUP(M92,'QUADROS QUE FALTARAM'!F:F,'QUADROS QUE FALTARAM'!B:B,0) -> 0
A93: EMPRESA BRAS. SERV. HOSP. - EBSERH BA - [17151] | B93: [1.1.21.01.1080] | C93: 0 | D93: 6720 | E93: 6720 | F93: 0 | J93: ##### | N93: =_xlfn.XLOOKUP(M93,'QUADROS QUE FALTARAM'!F:F,'QUADROS QUE FALTARAM'!B:B,0) -> 0
A94: FUNDO MUNICIPAL DE SAUDE DE MONSENHOR TA - [16878] | B94: [1.1.21.01.1081] | C94: 0 | D94: 6980 | E94: 0 | F94: 6980 | J94: ##### | N94: =_xlfn.XLOOKUP(M94,'QUADROS QUE FALTARAM'!F:F,'QUADROS QUE FALTARAM'!B:B,0) -> 0
A95: HOSPITAL UNIVERSITARIO DA GRANDE DOURADO - [16871] | B95: [1.1.21.01.1082] | C95: 0 | D95: 19200 | E95: 19200 | F95: 0 | J95: ##### | N95: =_xlfn.XLOOKUP(M95,'QUADROS QUE FALTARAM'!F:F,'QUADROS QUE FALTARAM'!B:B,0) -> 0
A96: HOSPITAL DR. JOSÉ PEDRO BEZERRA RN - [17249] | B96: [1.1.21.01.1083] | C96: 0 | D96: 32000 | E96: 32000 | F96: 0 | J96: ##### | N96: =_xlfn.XLOOKUP(M96,'QUADROS QUE FALTARAM'!F:F,'QUADROS QUE FALTARAM'!B:B,0) -> 0
A97: HOSPITAL GERAL JUIZ DE FORA MG - [17256] | B97: [1.1.21.01.1084] | C97: 0 | D97: 64350 | E97: 64350 | F97: 0 | J97: ##### | N97: =_xlfn.XLOOKUP(M97,'QUADROS QUE FALTARAM'!F:F,'QUADROS QUE FALTARAM'!B:B,0) -> 0
A98: FUNDO DE SAUDE DE TRIUNFO PB - [17417] | B98: [1.1.21.01.1085] | C98: 0 | D98: 6750 | E98: 6750 | F98: 0 | J98: ##### | N98: =_xlfn.XLOOKUP(M98,'QUADROS QUE FALTARAM'!F:F,'QUADROS QUE FALTARAM'!B:B,0) -> 0
A99: (-) DUPLICATAS RECEBIDAS - [300] | B99: [1.1.21.02] | C99: 0 | D99: 1860724 | E99: 1585101.8 | F99: 275622.2 | J99: 0 | N99: =_xlfn.XLOOKUP(M99,'QUADROS QUE FALTARAM'!F:F,'QUADROS QUE FALTARAM'!B:B,0) -> 0
A100: RECEBIMENTOS A CLASSIFICAR - [6378] | B100: [1.1.21.02.0001] | C100: 0 | D100: 1860724 | E100: 1585101.8 | F100: 275622.2 | J100: 0 | N100: =_xlfn.XLOOKUP(M100,'QUADROS QUE FALTARAM'!F:F,'QUADROS QUE FALTARAM'!B:B,0) -> 0
A101: OUTROS CREDITOS - [311] | B101: [1.1.22] | C101: 1758249 | D101: 23812034 | E101: 23137338 | F101: 2432944.8 | J101: 0 | N101: =_xlfn.XLOOKUP(M101,'QUADROS QUE FALTARAM'!F:F,'QUADROS QUE FALTARAM'!B:B,0) -> 0
A102: ANTECIPACÕES - [500] | B102: [1.1.22.03] | C102: 61438.4 | D102: 686504.54 | E102: 647022.84 | F102: 100920.1 | J102: 0 | N102: =_xlfn.XLOOKUP(M102,'QUADROS QUE FALTARAM'!F:F,'QUADROS QUE FALTARAM'!B:B,0) -> 0
A103: ADIANTAMENTOS 13º SALARIO - [502] | B103: [1.1.22.03.0002] | C103: 0 | D103: 229556.06 | E103: 229556.06 | F103: 0 | J103: 0 | N103: =_xlfn.XLOOKUP(M103,'QUADROS QUE FALTARAM'!F:F,'QUADROS QUE FALTARAM'!B:B,0) -> 0
A104: ADIANTAMENTOS DE FERIAS - [503] | B104: [1.1.22.03.0003] | C104: 61438.4 | D104: 456948.48 | E104: 417466.78 | F104: 100920.1 | J104: 0 | N104: =_xlfn.XLOOKUP(M104,'QUADROS QUE FALTARAM'!F:F,'QUADROS QUE FALTARAM'!B:B,0) -> 0
A105: IMPOSTOS A COMPENSAR - [550] | B105: [1.1.22.06] | C105: 1269755.9 | D105: 1805401.2 | E105: 743204.39 | F105: 2331952.7 | J105: 0 | N105: =_xlfn.XLOOKUP(M105,'QUADROS QUE FALTARAM'!F:F,'QUADROS QUE FALTARAM'!B:B,0) -> 0
A106: CSLL PAGO A MAIOR OU INDEVIDO - [552] | B106: [1.1.22.06.0002] | C106: 0 | D106: 185.6 | E106: 0 | F106: 185.6 | J106: ##### | N106: =_xlfn.XLOOKUP(M106,'QUADROS QUE FALTARAM'!F:F,'QUADROS QUE FALTARAM'!B:B,0) -> 0
A107: CSLL RETIDO NA FONTE - [553] | B107: [1.1.22.06.0003] | C107: 1339.91 | D107: 456.74 | E107: 0 | F107: 1796.65 | J107: 0 | N107: =_xlfn.XLOOKUP(M107,'QUADROS QUE FALTARAM'!F:F,'QUADROS QUE FALTARAM'!B:B,0) -> 0
A108: IMPOSTO DE RENDA RETIDO NA FONTE - [554] | B108: [1.1.22.06.0004] | C108: 357261.98 | D108: 40137.07 | E108: 0 | F108: 397399.05 | J108: 0 | N108: =_xlfn.XLOOKUP(M108,'QUADROS QUE FALTARAM'!F:F,'QUADROS QUE FALTARAM'!B:B,0) -> 0
A109: COFINS - [562] | B109: [1.1.22.06.0012] | C109: 747256.29 | D109: 1451537.2 | E109: 610853.47 | F109: 1587940 | J109: 0 | N109: =_xlfn.XLOOKUP(M109,'QUADROS QUE FALTARAM'!F:F,'QUADROS QUE FALTARAM'!B:B,0) -> 0
A110: PASEP - [564] | B110: [1.1.22.06.0014] | C110: 163832.64 | D110: 313084.54 | E110: 132350.92 | F110: 344566.26 | J110: 0 | N110: =_xlfn.XLOOKUP(M110,'QUADROS QUE FALTARAM'!F:F,'QUADROS QUE FALTARAM'!B:B,0) -> 0
A111: CSRF 5952 PAGO A MAIOR OU INDEVIDO - [14022] | B111: [1.1.22.06.0029] | C111: 65.1 | D111: 0 | E111: 0 | F111: 65.1 | J111: 0 | N111: =_xlfn.XLOOKUP(M111,'QUADROS QUE FALTARAM'!F:F,'QUADROS QUE FALTARAM'!B:B,0) -> 0
A112: OUTROS CREDITOS - [575] | B112: [1.1.22.08] | C112: 71.96 | D112: 0 | E112: 0 | F112: 71.96 | J112: 0 | N112: =_xlfn.XLOOKUP(M112,'QUADROS QUE FALTARAM'!F:F,'QUADROS QUE FALTARAM'!B:B,0) -> 0
A113: BANCO REAL S/A - [576] | B113: [1.1.22.08.0001] | C113: 32.44 | D113: 0 | E113: 0 | F113: 32.44 | J113: 0 | N113: =_xlfn.XLOOKUP(M113,'QUADROS QUE FALTARAM'!F:F,'QUADROS QUE FALTARAM'!B:B,0) -> 0
A114: ELETROBRAS S/A - [577] | B114: [1.1.22.08.0002] | C114: 30.14 | D114: 0 | E114: 0 | F114: 30.14 | J114: 0 | N114: =_xlfn.XLOOKUP(M114,'QUADROS QUE FALTARAM'!F:F,'QUADROS QUE FALTARAM'!B:B,0) -> 0
A115: GERASUL - [578] | B115: [1.1.22.08.0003] | C115: 9.38 | D115: 0 | E115: 0 | F115: 9.38 | J115: 0 | N115: =_xlfn.XLOOKUP(M115,'QUADROS QUE FALTARAM'!F:F,'QUADROS QUE FALTARAM'!B:B,0) -> 0
A116: OPERAÇÕES COM A MATRIZ - [13231] | B116: [1.1.22.10] | C116: 0 | D116: 3568271.1 | E116: 3568271.1 | F116: 0 | J116: 0 | N116: =_xlfn.XLOOKUP(M116,'QUADROS QUE FALTARAM'!F:F,'QUADROS QUE FALTARAM'!B:B,0) -> 0
A117: CRÉDITOS COM MATRIZ - [14078] | B117: [1.1.22.10.0004] | C117: 0 | D117: 3568271.1 | E117: 3568271.1 | F117: 0 | J117: 0 | N117: =_xlfn.XLOOKUP(M117,'QUADROS QUE FALTARAM'!F:F,'QUADROS QUE FALTARAM'!B:B,0) -> 0
A118: OPERAÇÕES COM A FILIAL - [13280] | B118: [1.1.22.11] | C118: 0 | D118: 5294176.2 | E118: 5294176.2 | F118: 0 | J118: 0 | N118: =_xlfn.XLOOKUP(M118,'QUADROS QUE FALTARAM'!F:F,'QUADROS QUE FALTARAM'!B:B,0) -> 0
... A136: TIRA DE TESTE DE GLIC SANG OKMETER MATCH II CX 50 - [16598] | B136: [1.1.31.01.0018] | C136: 569595.9 | D136: 5127668.5 | E136: 5697264.4 | F136: 0 | J136: 0 | N136: =_xlfn.XLOOKUP(M136,'QUADROS QUE FALTARAM'!F:F,'QUADROS QUE FALTARAM'!B:B,0) -> 0
A137: SAHS HUNT 76 LIQUIDO (HIPOCLORIDO DE CALCIO) - [17578] | B137: [1.1.31.01.0019] | C137: 0 | D137: 6652.41 | E137: 6652.41 | F137: 0 | J137: ##### | N137: =_xlfn.XLOOKUP(M137,'QUADROS QUE FALTARAM'!F:F,'QUADROS QUE FALTARAM'!B:B,0) -> 0
A138: MATERIAIS - [588] | B138: [1.1.32] | C138: 53771.22 | D138: 5535.08 | E138: 42933.72 | F138: 16372.58 | J138: 0 | N138: =_xlfn.XLOOKUP(M138,'QUADROS QUE FALTARAM'!F:F,'QUADROS QUE FALTARAM'!B:B,0) -> 0
A139: MATERIAS-PRIMAS - [589] | B139: [1.1.32.01] | C139: 53771.22 | D139: 5535.08 | E139: 42933.72 | F139: 16372.58 | J139: 0 | N139: =_xlfn.XLOOKUP(M139,'QUADROS QUE FALTARAM'!F:F,'QUADROS QUE FALTARAM'!B:B,0) -> 0
A140: ESTOQUE MATERIA PRIMA - [590] | B140: [1.1.32.01.0001] | C140: 53771.22 | D140: 37.5 | E140: 42933.72 | F140: 10875 | J140: 0 | N140: =_xlfn.XLOOKUP(M140,'QUADROS QUE FALTARAM'!F:F,'QUADROS QUE FALTARAM'!B:B,0) -> 0
A141: SAHS HUNT 76 LIQUIDO ( HIPOCLORREIDO DE CALCIO) - [17692] | B141: [1.1.32.01.0009] | C141: 0 | D141: 5497.58 | E141: 0 | F141: 5497.58 | J141: ##### | N141: =_xlfn.XLOOKUP(M141,'QUADROS QUE FALTARAM'!F:F,'QUADROS QUE FALTARAM'!B:B,0) -> 0
...

Sheet Balancete 2022 DMPL (Zerado)
A1: Descrição | B1: Classificação | C1: Núm.Caract | D1: Redutora | E1: Grupo | F1: Natureza | G1: Saldo Anterior | H1: Débito | I1: Crédito | J1: Saldo Atual | K1: Nat | L1: Saldo Atual | N1: VAZIAS | O1: VAZIAS
A2: ATIVO - [1] | B2: [1] | C2: =LEN(B2) -> 3 | D2: =IF(LEFT(TRIM(A2),1)="(","Red.","Norm") -> Norm | E2: =LEFT(SUBSTITUTE(B2,"[","",1),1)+0 -> 1 | F2: =IF(AND(OR(E2=1,E2=3,E2=5),D2="Norm"),"D", IF(AND(OR(E2=1,E2=3,E2=5),D2="Red."),"C", IF(AND(OR(E2=2,E2=4,E2=6),D2="Norm"),"C", IF(AND(OR(E2=2,E2=4,E2=6),D2="Red."),"D")))) -> D | G2: 91.091.292,63D | H2: 2.0250312e+08 | I2: 2.3682088e+08 | J2: 56.773.531,62D | K2: =RIGHT(J2,1) -> D | L2: =IF(J2=0,0,LEFT(J2,LEN(J2)-1)+0) -> 56773532
A3: Ativo - [16444] | B3: [1.1] | C3: =LEN(B3) -> 5 | D3: =IF(LEFT(TRIM(A3),1)="(","Red.","Norm") -> Norm | E3: =LEFT(SUBSTITUTE(B3,"[","",1),1)+0 -> 1 | F3: =IF(AND(OR(E3=1,E3=3,E3=5),D3="Norm"),"D", IF(AND(OR(E3=1,E3=3,E3=5),D3="Red."),"C", IF(AND(OR(E3=2,E3=4,E3=6),D3="Norm"),"C", IF(AND(OR(E3=2,E3=4,E3=6),D3="Red."),"D")))) -> D | G3: 23.522.890,95D | H3: 1.7122396e+08 | I3: 1.7385964e+08 | J3: 20.887.204,13D | K3: =RIGHT(J3,1) -> D | L3: =IF(J3=0,0,LEFT(J3,LEN(J3)-1)+0) -> 20887204
A4: BENS NUMERARIOS - [4] | B4: [1.1.11] | C4: =LEN(B4) -> 8 | D4: =IF(LEFT(TRIM(A4),1)="(","Red.","Norm") -> Norm | E4: =LEFT(SUBSTITUTE(B4,"[","",1),1)+0 -> 1 | F4: =IF(AND(OR(E4=1,E4=3,E4=5),D4="Norm"),"D", IF(AND(OR(E4=1,E4=3,E4=5),D4="Red."),"C", IF(AND(OR(E4=2,E4=4,E4=6),D4="Norm"),"C", IF(AND(OR(E4=2,E4=4,E4=6),D4="Red."),"D")))) -> D | G4: 6.903.819,09D | H4: 1.0584599e+08 | I4: 1.0988861e+08 | J4: 2.861.198,37D | K4: =RIGHT(J4,1) -> D | L4: =IF(J4=0,0,LEFT(J4,LEN(J4)-1)+0) -> 2861198.4
A5: DEPOSITOS BANCARIOS - [9] | B5: [1.1.11.02] | C5: =LEN(B5) -> 11 | D5: =IF(LEFT(TRIM(A5),1)="(","Red.","Norm") -> Norm | E5: =LEFT(SUBSTITUTE(B5,"[","",1),1)+0 -> 1 | F5: =IF(AND(OR(E5=1,E5=3,E5=5),D5="Norm"),"D", IF(AND(OR(E5=1,E5=3,E5=5),D5="Red."),"C", IF(AND(OR(E5=2,E5=4,E5=6),D5="Norm"),"C", IF(AND(OR(E5=2,E5=4,E5=6),D5="Red."),"D")))) -> D | G5: 161.619,26D | H5: 1.0112077e+08 | I5: 1.0077266e+08 | J5: 509.731,36D | K5: =RIGHT(J5,1) -> D | L5: =IF(J5=0,0,LEFT(J5,LEN(J5)-1)+0) -> 509731.36
A6: BANCO DO BRASIL S/A - C/C 6.091-7 - [11] | B6: [1.1.11.02.0002] | C6: =LEN(B6) -> 16 | D6: =IF(LEFT(TRIM(A6),1)="(","Red.","Norm") -> Norm | E6: =LEFT(SUBSTITUTE(B6,"[","",1),1)+0 -> 1 | F6: =IF(AND(OR(E6=1,E6=3,E6=5),D6="Norm"),"D", IF(AND(OR(E6=1,E6=3,E6=5),D6="Red."),"C", IF(AND(OR(E6=2,E6=4,E6=6),D6="Norm"),"C", IF(AND(OR(E6=2,E6=4,E6=6),D6="Red."),"D")))) -> D | G6: 0,00D | H6: 32970.94 | I6: 19748.22 | J6: 13.222,72D | K6: =RIGHT(J6,1) -> D | L6: =IF(J6=0,0,LEFT(J6,LEN(J6)-1)+0) -> 13222.72
A7: BANCO ITAU S/A - C/C 1.399-5 - [12] | B7: [1.1.11.02.0003] | C7: =LEN(B7) -> 16 | D7: =IF(LEFT(TRIM(A7),1)="(","Red.","Norm") -> Norm | E7: =LEFT(SUBSTITUTE(B7,"[","",1),1)+0 -> 1 | F7: =IF(AND(OR(E7=1,E7=3,E7=5),D7="Norm"),"D", IF(AND(OR(E7=1,E7=3,E7=5),D7="Red."),"C", IF(AND(OR(E7=2,E7=4,E7=6),D7="Norm"),"C", IF(AND(OR(E7=2,E7=4,E7=6),D7="Red."),"D")))) -> D | G7: 10,00D | H7: 2780003.3 | I7: 2780010.6 | J7: 2,70D | K7: =RIGHT(J7,1) -> D | L7: =IF(J7=0,0,LEFT(J7,LEN(J7)-1)+0) -> 2.7
A8: BANCO CEF S/A C/C 1661-5 - [8559] | B8: [1.1.11.02.0019] | C8: =LEN(B8) -> 16 | D8: =IF(LEFT(TRIM(A8),1)="(","Red.","Norm") -> Norm | E8: =LEFT(SUBSTITUTE(B8,"[","",1),1)+0 -> 1 | F8: =IF(AND(OR(E8=1,E8=3,E8=5),D8="Norm"),"D", IF(AND(OR(E8=1,E8=3,E8=5),D8="Red."),"C", IF(AND(OR(E8=2,E8=4,E8=6),D8="Norm"),"C", IF(AND(OR(E8=2,E8=4,E8=6),D8="Red."),"D")))) -> D | G8: 11.601,75D | H8: 0 | I8: 11601.75 | J8: 0,00D | K8: =RIGHT(J8,1) -> D | L8: =IF(J8=0,0,LEFT(J8,LEN(J8)-1)+0) -> 0
A9: BANCO CEF S/A - C/C 2385-9 - [11530] | B9: [1.1.11.02.0031] | C9: =LEN(B9) -> 16 | D9: =IF(LEFT(TRIM(A9),1)="(","Red.","Norm") -> Norm | E9: =LEFT(SUBSTITUTE(B9,"[","",1),1)+0 -> 1 | F9: =IF(AND(OR(E9=1,E9=3,E9=5),D9="Norm"),"D", IF(AND(OR(E9=1,E9=3,E9=5),D9="Red."),"C", IF(AND(OR(E9=2,E9=4,E9=6),D9="Norm"),"C", IF(AND(OR(E9=2,E9=4,E9=6),D9="Red."),"D")))) -> D | G9: 149.894,91D | H9: 7408411.6 | I9: 7558306.5 | J9: 0,00D | K9: =RIGHT(J9,1) -> D | L9: =IF(J9=0,0,LEFT(J9,LEN(J9)-1)+0) -> 0
A10: BANCO DO BRASIL S/A C/C 7096-3 - [12888] | B10: [1.1.11.02.0032] | C10: =LEN(B10) -> 16 | D10: =IF(LEFT(TRIM(A10),1)="(","Red.","Norm") -> Norm | E10: =LEFT(SUBSTITUTE(B10,"[","",1),1)+0 -> 1 | F10: =IF(AND(OR(E10=1,E10=3,E10=5),D10="Norm"),"D", IF(AND(OR(E10=1,E10=3,E10=5),D10="Red."),"C", IF(AND(OR(E10=2,E10=4,E10=6),D10="Norm"),"C", IF(AND(OR(E10=2,E10=4,E10=6),D10="Red."),"D")))) -> D | G10: 102,60D | H10: 14038775 | I10: 14018033 | J10: 20.844,00D | K10: =RIGHT(J10,1) -> D | L10: =IF(J10=0,0,LEFT(J10,LEN(J10)-1)+0) -> 20844
A11: BANCO CEF S/A - C/C 0264-4 - [14064] | B11: [1.1.11.02.0033] | C11: =LEN(B11) -> 16 | D11: =IF(LEFT(TRIM(A11),1)="(","Red.","Norm") -> Norm | E11: =LEFT(SUBSTITUTE(B11,"[","",1),1)+0 -> 1 | F11: =IF(AND(OR(E11=1,E11=3,E11=5),D11="Norm"),"D", IF(AND(OR(E11=1,E11=3,E11=5),D11="Red."),"C", IF(AND(OR(E11=2,E11=4,E11=6),D11="Norm"),"C", IF(AND(OR(E11=2,E11=4,E11=6),D11="Red."),"D")))) -> D | G11: 0,00D | H11: 2561483.8 | I11: 2561483.8 | J11: 0,00D | K11: =RIGHT(J11,1) -> D | L11: =IF(J11=0,0,LEFT(J11,LEN(J11)-1)+0) -> 0
A12: BANCO NO BRASIL - OP - [15870] | B12: [1.1.11.02.0034] | C12: =LEN(B12) -> 16 | D12: =IF(LEFT(TRIM(A12),1)="(","Red.","Norm") -> Norm | E12: =LEFT(SUBSTITUTE(B12,"[","",1),1)+0 -> 1 | F12: =IF(AND(OR(E12=1,E12=3,E12=5),D12="Norm"),"D", IF(AND(OR(E12=1,E12=3,E12=5),D12="Red."),"C", IF(AND(OR(E12=2,E12=4,E12=6),D12="Norm"),"C", IF(AND(OR(E12=2,E12=4,E12=6),D12="Red."),"D")))) -> D | G12: 0,00D | H12: 12522170 | I12: 12522170 | J12: 0,00D | K12: =RIGHT(J12,1) -> D | L12: =IF(J12=0,0,LEFT(J12,LEN(J12)-1)+0) -> 0
A13: BANCO ITAU S/A C/C 10744-2 - [16283] | B13: [1.1.11.02.0035] | C13: =LEN(B13) -> 16 | D13: =IF(LEFT(TRIM(A13),1)="(","Red.","Norm") -> Norm | E13: =LEFT(SUBSTITUTE(B13,"[","",1),1)+0 -> 1 | F13: =IF(AND(OR(E13=1,E13=3,E13=5),D13="Norm"),"D", IF(AND(OR(E13=1,E13=3,E13=5),D13="Red."),"C", IF(AND(OR(E13=2,E13=4,E13=6),D13="Norm"),"C", IF(AND(OR(E13=2,E13=4,E13=6),D13="Red."),"D")))) -> D | G13: 10,00D | H13: 27555327 | I13: 27555337 | J13: 0,00D | K13: =RIGHT(J13,1) -> D | L13: =IF(J13=0,0,LEFT(J13,LEN(J13)-1)+0) -> 0
... A19: BANCO CEF S/A C/P 1866-9 - [10606] | B19: [1.1.11.03.0014] | C19: =LEN(B19) -> 16 | D19: =IF(LEFT(TRIM(A19),1)="(","Red.","Norm") -> Norm | E19: =LEFT(SUBSTITUTE(B19,"[","",1),1)+0 -> 1 | F19: =IF(AND(OR(E19=1,E19=3,E19=5),D19="Norm"),"D", IF(AND(OR(E19=1,E19=3,E19=5),D19="Red."),"C", IF(AND(OR(E19=2,E19=4,E19=6),D19="Norm"),"C", IF(AND(OR(E19=2,E19=4,E19=6),D19="Red."),"D")))) -> D | G19: 79,55D | H19: 7.6 | I19: 1.45 | J19: 85,70D | K19: =RIGHT(J19,1) -> D | L19: =IF(J19=0,0,LEFT(J19,LEN(J19)-1)+0) -> 85.7
A20: BANCO ITAU S/A C/C 10744-2 - [16857] | B20: [1.1.11.03.0015] | C20: =LEN(B20) -> 16 | D20: =IF(LEFT(TRIM(A20),1)="(","Red.","Norm") -> Norm | E20: =LEFT(SUBSTITUTE(B20,"[","",1),1)+0 -> 1 | F20: =IF(AND(OR(E20=1,E20=3,E20=5),D20="Norm"),"D", IF(AND(OR(E20=1,E20=3,E20=5),D20="Red."),"C", IF(AND(OR(E20=2,E20=4,E20=6),D20="Norm"),"C", IF(AND(OR(E20=2,E20=4,E20=6),D20="Red."),"D")))) -> D | G20: 4.514.866,04D | H20: 4244651.2 | I20: 8759517.2 | J20: 0 | K20: =RIGHT(J20,1) -> 0 | L20: =IF(J20=0,0,LEFT(J20,LEN(J20)-1)+0) -> 0
A21: POUPANÇA - [13658] | B21: [1.1.11.05] | C21: =LEN(B21) -> 11 | D21: =IF(LEFT(TRIM(A21),1)="(","Red.","Norm") -> Norm | E21: =LEFT(SUBSTITUTE(B21,"[","",1),1)+0 -> 1 | F21: =IF(AND(OR(E21=1,E21=3,E21=5),D21="Norm"),"D", IF(AND(OR(E21=1,E21=3,E21=5),D21="Red."),"C", IF(AND(OR(E21=2,E21=4,E21=6),D21="Norm"),"C", IF(AND(OR(E21=2,E21=4,E21=6),D21="Red."),"D")))) -> D | G21: 2.215.391,63D | H21: 168518.94 | I21: 37916.73 | J21: 2.345.993,84D | K21: =RIGHT(J21,1) -> D | L21: =IF(J21=0,0,LEFT(J21,LEN(J21)-1)+0) -> 2345993.8
A22: BANCO CEF S/A C/POUP 1866-9 CONV 787297/2013 - [13665] | B22: [1.1.11.05.0001] | C22: =LEN(B22) -> 16 | D22: =IF(LEFT(TRIM(A22),1)="(","Red.","Norm") -> Norm | E22: =LEFT(SUBSTITUTE(B22,"[","",1),1)+0 -> 1 | F22: =IF(AND(OR(E22=1,E22=3,E22=5),D22="Norm"),"D", IF(AND(OR(E22=1,E22=3,E22=5),D22="Red."),"C", IF(AND(OR(E22=2,E22=4,E22=6),D22="Norm"),"C", IF(AND(OR(E22=2,E22=4,E22=6),D22="Red."),"D")))) -> D | G22: 2.215.391,63D | H22: 168518.94 | I22: 37916.73 | J22: 2.345.993,84D | K22: =RIGHT(J22,1) -> D | L22: =IF(J22=0,0,LEFT(J22,LEN(J22)-1)+0) -> 2345993.8
A23: CREDITOS - [48] | B23: [1.1.21] | C23: =LEN(B23) -> 8 | D23: =IF(LEFT(TRIM(A23),1)="(","Red.","Norm") -> Norm | E23: =LEFT(SUBSTITUTE(B23,"[","",1),1)+0 -> 1 | F23: =IF(AND(OR(E23=1,E23=3,E23=5),D23="Norm"),"D", IF(AND(OR(E23=1,E23=3,E23=5),D23="Red."),"C", IF(AND(OR(E23=2,E23=4,E23=6),D23="Norm"),"C", IF(AND(OR(E23=2,E23=4,E23=6),D23="Red."),"D")))) -> D | G23: 7.597.374,38D | H23: 11035770 | I23: 16743757 | J23: 1.889.386,78D | K23: =RIGHT(J23,1) -> D | L23: =IF(J23=0,0,LEFT(J23,LEN(J23)-1)+0) -> 1889386.8
A24: DUPLICATAS A RECEBER - [49] | B24: [1.1.21.01] | C24: =LEN(B24) -> 11 | D24: =IF(LEFT(TRIM(A24),1)="(","Red.","Norm") -> Norm | E24: =LEFT(SUBSTITUTE(B24,"[","",1),1)+0 -> 1 | F24: =IF(AND(OR(E24=1,E24=3,E24=5),D24="Norm"),"D", IF(AND(OR(E24=1,E24=3,E24=5),D24="Red."),"C", IF(AND(OR(E24=2,E24=4,E24=6),D24="Norm"),"C", IF(AND(OR(E24=2,E24=4,E24=6),D24="Red."),"D")))) -> D | G24: 7.597.374,38D | H24: 9175045.6 | I24: 15158655 | J24: 1.613.764,58D | K24: =RIGHT(J24,1) -> D | L24: =IF(J24=0,0,LEFT(J24,LEN(J24)-1)+0) -> 1613764.6
A25: FUNDO DE SAUDE DE NOVA IGUAÇU - GO - [198] | B25: [1.1.21.01.0149] | C25: =LEN(B25) -> 16 | D25: =IF(LEFT(TRIM(A25),1)="(","Red.","Norm") -> Norm | E25: =LEFT(SUBSTITUTE(B25,"[","",1),1)+0 -> 1 | F25: =IF(AND(OR(E25=1,E25=3,E25=5),D25="Norm"),"D", IF(AND(OR(E25=1,E25=3,E25=5),D25="Red."),"C", IF(AND(OR(E25=2,E25=4,E25=6),D25="Norm"),"C", IF(AND(OR(E25=2,E25=4,E25=6),D25="Red."),"D")))) -> D | G25: 224,30D | H25: 0 | I25: 224.3 | J25: 0 | K25: =RIGHT(J25,1) -> 0 | L25: =IF(J25=0,0,LEFT(J25,LEN(J25)-1)+0) -> 0
A26: FUNDO DE SAUDE ALTO ALEGRE DOS PARECIS R - [4552] | B26: [1.1.21.01.0190] | C26: =LEN(B26) -> 16 | D26: =IF(LEFT(TRIM(A26),1)="(","Red.","Norm") -> Norm | E26: =LEFT(SUBSTITUTE(B26,"[","",1),1)+0 -> 1 | F26: =IF(AND(OR(E26=1,E26=3,E26=5),D26="Norm"),"D", IF(AND(OR(E26=1,E26=3,E26=5),D26="Red."),"C", IF(AND(OR(E26=2,E26=4,E26=6),D26="Norm"),"C", IF(AND(OR(E26=2,E26=4,E26=6),D26="Red."),"D")))) -> D | G26: 0,00D | H26: 23200 | I26: 23200 | J26: 0,00D | K26: =RIGHT(J26,1) -> D | L26: =IF(J26=0,0,LEFT(J26,LEN(J26)-1)+0) -> 0
A27: PREFEITURA MUNICIPAL DE VIANOPOLIS - [5460] | B27: [1.1.21.01.0569] | C27: =LEN(B27) -> 16 | D27: =IF(LEFT(TRIM(A27),1)="(","Red.","Norm") -> Norm | E27: =LEFT(SUBSTITUTE(B27,"[","",1),1)+0 -> 1 | F27: =IF(AND(OR(E27=1,E27=3,E27=5),D27="Norm"),"D", IF(AND(OR(E27=1,E27=3,E27=5),D27="Red."),"C", IF(AND(OR(E27=2,E27=4,E27=6),D27="Norm"),"C", IF(AND(OR(E27=2,E27=4,E27=6),D27="Red."),"D")))) -> D | G27: 0 | H27: 23800 | I27: 23800 | J27: 0 | K27: =RIGHT(J27,1) -> 0 | L27: =IF(J27=0,0,LEFT(J27,LEN(J27)-1)+0) -> 0
A28: INSTITUTO DE CIENCIAS FARMACEUTICAS - [8286] | B28: [1.1.21.01.0629] | C28: =LEN(B28) -> 16 | D28: =IF(LEFT(TRIM(A28),1)="(","Red.","Norm") -> Norm | E28: =LEFT(SUBSTITUTE(B28,"[","",1),1)+0 -> 1 | F28: =IF(AND(OR(E28=1,E28=3,E28=5),D28="Norm"),"D", IF(AND(OR(E28=1,E28=3,E28=5),D28="Red."),"C", IF(AND(OR(E28=2,E28=4,E28=6),D28="Norm"),"C", IF(AND(OR(E28=2,E28=4,E28=6),D28="Red."),"D")))) -> D | G28: 20.584,03D | H28: 0 | I28: 0 | J28: 20.584,03D | K28: =RIGHT(J28,1) -> D | L28: =IF(J28=0,0,LEFT(J28,LEN(J28)-1)+0) -> 20584.03
A29: MINISTERIO DA SAUDE - [8615] | B29: [1.1.21.01.0639] | C29: =LEN(B29) -> 16 | D29: =IF(LEFT(TRIM(A29),1)="(","Red.","Norm") -> Norm | E29: =LEFT(SUBSTITUTE(B29,"[","",1),1)+0 -> 1 | F29: =IF(AND(OR(E29=1,E29=3,E29=5),D29="Norm"),"D", IF(AND(OR(E29=1,E29=3,E29=5),D29="Red."),"C", IF(AND(OR(E29=2,E29=4,E29=6),D29="Norm"),"C", IF(AND(OR(E29=2,E29=4,E29=6),D29="Red."),"D")))) -> D | G29: 164.931,20D | H29: 0 | I29: 164931.2 | J29: 0,00D | K29: =RIGHT(J29,1) -> D | L29: =IF(J29=0,0,LEFT(J29,LEN(J29)-1)+0) -> 0
A30: FUNDO DE SAUDE DE EDEIA GO - [9259] | B30: [1.1.21.01.0654] | C30: =LEN(B30) -> 16 | D30: =IF(LEFT(TRIM(A30),1)="(","Red.","Norm") -> Norm | E30: =LEFT(SUBSTITUTE(B30,"[","",1),1)+0 -> 1 | F30: =IF(AND(OR(E30=1,E30=3,E30=5),D30="Norm"),"D", IF(AND(OR(E30=1,E30=3,E30=5),D30="Red."),"C", IF(AND(OR(E30=2,E30=4,E30=6),D30="Norm"),"C", IF(AND(OR(E30=2,E30=4,E30=6),D30="Red."),"D")))) -> D | G30: 0,00D | H30: 35700 | I30: 35700 | J30: 0,00D | K30: =RIGHT(J30,1) -> D | L30: =IF(J30=0,0,LEFT(J30,LEN(J30)-1)+0) -> 0
A31: FUNDO DE SAUDE DE MARA ROSA - [10755] | B31: [1.1.21.01.0764] | C31: =LEN(B31) -> 16 | D31: =IF(LEFT(TRIM(A31),1)="(","Red.","Norm") -> Norm | E31: =LEFT(SUBSTITUTE(B31,"[","",1),1)+0 -> 1 | F31: =IF(AND(OR(E31=1,E31=3,E31=5),D31="Norm"),"D", IF(AND(OR(E31=1,E31=3,E31=5),D31="Red."),"C", IF(AND(OR(E31=2,E31=4,E31=6),D31="Norm"),"C", IF(AND(OR(E31=2,E31=4,E31=6),D31="Red."),"D")))) -> D | G31: 0,00D | H31: 4200 | I31: 4200 | J31: 0,00D | K31: =RIGHT(J31,1) -> D | L31: =IF(J31=0,0,LEFT(J31,LEN(J31)-1)+0) -> 0
A32: FUNDO DE SAUDE DE CALDAS NOVAS GO - [10874] | B32: [1.1.21.01.0770] | C32: =LEN(B32) -> 16 | D32: =IF(LEFT(TRIM(A32),1)="(","Red.","Norm") -> Norm | E32: =LEFT(SUBSTITUTE(B32,"[","",1),1)+0 -> 1 | F32: =IF(AND(OR(E32=1,E32=3,E32=5),D32="Norm"),"D", IF(AND(OR(E32=1,E32=3,E32=5),D32="Red."),"C", IF(AND(OR(E32=2,E32=4,E32=6),D32="Norm"),"C", IF(AND(OR(E32=2,E32=4,E32=6),D32="Red."),"D")))) -> D | G32: 31.000,00D | H32: 30225 | I32: 61225 | J32: 0,00D | K32: =RIGHT(J32,1) -> D | L32: =IF(J32=0,0,LEFT(J32,LEN(J32)-1)+0) -> 0
A33: FUNDO DE SAUDE DE IPAMERI GO - [11042] | B33: [1.1.21.01.0787] | C33: =LEN(B33) -> 16 | D33: =IF(LEFT(TRIM(A33),1)="(","Red.","Norm") -> Norm | E33: =LEFT(SUBSTITUTE(B33,"[","",1),1)+0 -> 1 | F33: =IF(AND(OR(E33=1,E33=3,E33=5),D33="Norm"),"D", IF(AND(OR(E33=1,E33=3,E33=5),D33="Red."),"C", IF(AND(OR(E33=2,E33=4,E33=6),D33="Norm"),"C", IF(AND(OR(E33=2,E33=4,E33=6),D33="Red."),"D")))) -> D | G33: 0,00D | H33: 52500 | I33: 52500 | J33: 0,00D | K33: =RIGHT(J33,1) -> D | L33: =IF(J33=0,0,LEFT(J33,LEN(J33)-1)+0) -> 0
A34: FUNDO DE SAUDE DE TURVANIA GO - [11698] | B34: [1.1.21.01.0815] | C34: =LEN(B34) -> 16 | D34: =IF(LEFT(TRIM(A34),1)="(","Red.","Norm") -> Norm | E34: =LEFT(SUBSTITUTE(B34,"[","",1),1)+0 -> 1 | F34: =IF(AND(OR(E34=1,E34=3,E34=5),D34="Norm"),"D", IF(AND(OR(E34=1,E34=3,E34=5),D34="Red."),"C", IF(AND(OR(E34=2,E34=4,E34=6),D34="Norm"),"C", IF(AND(OR(E34=2,E34=4,E34=6),D34="Red."),"D")))) -> D | G34: 0,00D | H34: 16800 | I34: 16800 | J34: 0,00D | K34: =RIGHT(J34,1) -> D | L34: =IF(J34=0,0,LEFT(J34,LEN(J34)-1)+0) -> 0
A35: FUNDO DE SAUDE DE NOVO PLANALTO DE GOIAS - GO - [11768] | B35: [1.1.21.01.0823] | C35: =LEN(B35) -> 16 | D35: =IF(LEFT(TRIM(A35),1)="(","Red.","Norm") -> Norm | E35: =LEFT(SUBSTITUTE(B35,"[","",1),1)+0 -> 1 | F35: =IF(AND(OR(E35=1,E35=3,E35=5),D35="Norm"),"D", IF(AND(OR(E35=1,E35=3,E35=5),D35="Red."),"C", IF(AND(OR(E35=2,E35=4,E35=6),D35="Norm"),"C", IF(AND(OR(E35=2,E35=4,E35=6),D35="Red."),"D")))) -> D | G35: 0,00D | H35: 9000 | I35: 9000 | J35: 0,00D | K35: =RIGHT(J35,1) -> D | L35: =IF(J35=0,0,LEFT(J35,LEN(J35)-1)+0) -> 0
A36: FUNDO DE SAUDE DE LEOPOLDO DE BULHOES -GO - [11824] | B36: [1.1.21.01.0831] | C36: =LEN(B36) -> 16 | D36: =IF(LEFT(TRIM(A36),1)="(","Red.","Norm") -> Norm | E36: =LEFT(SUBSTITUTE(B36,"[","",1),1)+0 -> 1 | F36: =IF(AND(OR(E36=1,E36=3,E36=5),D36="Norm"),"D", IF(AND(OR(E36=1,E36=3,E36=5),D36="Red."),"C", IF(AND(OR(E36=2,E36=4,E36=6),D36="Norm"),"C", IF(AND(OR(E36=2,E36=4,E36=6),D36="Red."),"D")))) -> D | G36: 0,00D | H36: 4200 | I36: 4200 | J36: 0,00D | K36: =RIGHT(J36,1) -> D | L36: =IF(J36=0,0,LEFT(J36,LEN(J36)-1)+0) -> 0
A37: FUNDO DE SAUDE DE GOIANAPOLIS - GO - [11992] | B37: [1.1.21.01.0845] | C37: =LEN(B37) -> 16 | D37: =IF(LEFT(TRIM(A37),1)="(","Red.","Norm") -> Norm | E37: =LEFT(SUBSTITUTE(B37,"[","",1),1)+0 -> 1 | F37: =IF(AND(OR(E37=1,E37=3,E37=5),D37="Norm"),"D", IF(AND(OR(E37=1,E37=3,E37=5),D37="Red."),"C", IF(AND(OR(E37=2,E37=4,E37=6),D37="Norm"),"C", IF(AND(OR(E37=2,E37=4,E37=6),D37="Red."),"D")))) -> D | G37: 0,00D | H37: 33600 | I37: 33600 | J37: 0,00D | K37: =RIGHT(J37,1) -> D | L37: =IF(J37=0,0,LEFT(J37,LEN(J37)-1)+0) -> 0
A38: PREFEITURA DE QUERENCIA MT - [12279] | B38: [1.1.21.01.0854] | C38: =LEN(B38) -> 16 | D38: =IF(LEFT(TRIM(A38),1)="(","Red.","Norm") -> Norm | E38: =LEFT(SUBSTITUTE(B38,"[","",1),1)+0 -> 1 | F38: =IF(AND(OR(E38=1,E38=3,E38=5),D38="Norm"),"D", IF(AND(OR(E38=1,E38=3,E38=5),D38="Red."),"C", IF(AND(OR(E38=2,E38=4,E38=6),D38="Norm"),"C", IF(AND(OR(E38=2,E38=4,E38=6),D38="Red."),"D")))) -> D | G38: 0,00D | H38: 35302.5 | I38: 34477.5 | J38: 825,00D | K38: =RIGHT(J38,1) -> D | L38: =IF(J38=0,0,LEFT(J38,LEN(J38)-1)+0) -> 825
A39: FUNDO DE SAÚDE DE MIRANTE DA SERRA RO - [12405] | B39: [1.1.21.01.0855] | C39: =LEN(B39) -> 16 | D39: =IF(LEFT(TRIM(A39),1)="(","Red.","Norm") -> Norm | E39: =LEFT(SUBSTITUTE(B39,"[","",1),1)+0 -> 1 | F39: =IF(AND(OR(E39=1,E39=3,E39=5),D39="Norm"),"D", IF(AND(OR(E39=1,E39=3,E39=5),D39="Red."),"C", IF(AND(OR(E39=2,E39=4,E39=6),D39="Norm"),"C", IF(AND(OR(E39=2,E39=4,E39=6),D39="Red."),"D")))) -> D | G39: 0,00D | H39: 21000 | I39: 21000 | J39: 0,00D | K39: =RIGHT(J39,1) -> D | L39: =IF(J39=0,0,LEFT(J39,LEN(J39)-1)+0) -> 0
... A106: OPERAÇÕES COM A MATRIZ - [13231] | B106: [1.1.22.10] | C106: =LEN(B106) -> 11 | D106: =IF(LEFT(TRIM(A106),1)="(","Red.","Norm") -> Norm | E106: =LEFT(SUBSTITUTE(B106,"[","",1),1)+0 -> 1 | F106: =IF(AND(OR(E106=1,E106=3,E106=5),D106="Norm"),"D", IF(AND(OR(E106=1,E106=3,E106=5),D106="Red."),"C", IF(AND(OR(E106=2,E106=4,E106=6),D106="Norm"),"C", IF(AND(OR(E106=2,E106=4,E106=6),D106="Red."),"D")))) -> D | G106: 0,00D | H106: 3568271.1 | I106: 3568271.1 | J106: 0,00D | K106: =RIGHT(J106,1) -> D | L106: =IF(J106=0,0,LEFT(J106,LEN(J106)-1)+0) -> 0
A107: CRÉDITOS COM MATRIZ - [14078] | B107: [1.1.22.10.0004] | C107: =LEN(B107) -> 16 | D107: =IF(LEFT(TRIM(A107),1)="(","Red.","Norm") -> Norm | E107: =LEFT(SUBSTITUTE(B107,"[","",1),1)+0 -> 1 | F107: =IF(AND(OR(E107=1,E107=3,E107=5),D107="Norm"),"D", IF(AND(OR(E107=1,E107=3,E107=5),D107="Red."),"C", IF(AND(OR(E107=2,E107=4,E107=6),D107="Norm"),"C", IF(AND(OR(E107=2,E107=4,E107=6),D107="Red."),"D")))) -> D | G107: 0 | H107: 3568271.1 | I107: 3568271.1 | J107: 0 | K107: =RIGHT(J107,1) -> 0 | L107: =IF(J107=0,0,LEFT(J107,LEN(J107)-1)+0) -> 0
A108: OPERAÇÕES COM A FILIAL - [13280] | B108: [1.1.22.11] | C108: =LEN(B108) -> 11 | D108: =IF(LEFT(TRIM(A108),1)="(","Red.","Norm") -> Norm | E108: =LEFT(SUBSTITUTE(B108,"[","",1),1)+0 -> 1 | F108: =IF(AND(OR(E108=1,E108=3,E108=5),D108="Norm"),"D", IF(AND(OR(E108=1,E108=3,E108=5),D108="Red."),"C", IF(AND(OR(E108=2,E108=4,E108=6),D108="Norm"),"C", IF(AND(OR(E108=2,E108=4,E108=6),D108="Red."),"D")))) -> D | G108: 0 | H108: 7846369.3 | I108: 7846369.3 | J108: 0 | K108: =RIGHT(J108,1) -> 0 | L108: =IF(J108=0,0,LEFT(J108,LEN(J108)-1)+0) -> 0
A109: CRÉDITOS COM FILIAL - [13287] | B109: [1.1.22.11.0001] | C109: =LEN(B109) -> 16 | D109: =IF(LEFT(TRIM(A109),1)="(","Red.","Norm") -> Norm | E109: =LEFT(SUBSTITUTE(B109,"[","",1),1)+0 -> 1 | F109: =IF(AND(OR(E109=1,E109=3,E109=5),D109="Norm"),"D", IF(AND(OR(E109=1,E109=3,E109=5),D109="Red."),"C", IF(AND(OR(E109=2,E109=4,E109=6),D109="Norm"),"C", IF(AND(OR(E109=2,E109=4,E109=6),D109="Red."),"D")))) -> D | G109: 0 | H109: 7846369.3 | I109: 7846369.3 | J109: 0 | K109: =RIGHT(J109,1) -> 0 | L109: =IF(J109=0,0,LEFT(J109,LEN(J109)-1)+0) -> 0
A110: OPERAÇÕES COM PARCEIROS - [15632] | B110: [1.1.22.12] | C110: =LEN(B110) -> 11 | D110: =IF(LEFT(TRIM(A110),1)="(","Red.","Norm") -> Norm | E110: =LEFT(SUBSTITUTE(B110,"[","",1),1)+0 -> 1 | F110: =IF(AND(OR(E110=1,E110=3,E110=5),D110="Norm"),"D", IF(AND(OR(E110=1,E110=3,E110=5),D110="Red."),"C", IF(AND(OR(E110=2,E110=4,E110=6),D110="Norm"),"C", IF(AND(OR(E110=2,E110=4,E110=6),D110="Red."),"D")))) -> D | G110: 426.982,69D | H110: 12457681 | I110: 12884663 | J110: 0,00D | K110: =RIGHT(J110,1) -> D | L110: =IF(J110=0,0,LEFT(J110,LEN(J110)-1)+0) -> 0
A111: ANTECIPAÇÃO A PARCEIROS HMD - [15639] | B111: [1.1.22.12.0001] | C111: =LEN(B111) -> 16 | D111: =IF(LEFT(TRIM(A111),1)="(","Red.","Norm") -> Norm | E111: =LEFT(SUBSTITUTE(B111,"[","",1),1)+0 -> 1 | F111: =IF(AND(OR(E111=1,E111=3,E111=5),D111="Norm"),"D", IF(AND(OR(E111=1,E111=3,E111=5),D111="Red."),"C", IF(AND(OR(E111=2,E111=4,E111=6),D111="Norm"),"C", IF(AND(OR(E111=2,E111=4,E111=6),D111="Red."),"D")))) -> D | G111: 0,00D | H111: 12457681 | I111: 12457681 | J111: 0,00D | K111: =RIGHT(J111,1) -> D | L111: =IF(J111=0,0,LEFT(J111,LEN(J111)-1)+0) -> 0
A112: ANTECIPAÇÃO A PARCEIROS = GREENPHARMA - [15961] | B112: [1.1.22.12.0002] | C112: =LEN(B112) -> 16 | D112: =IF(LEFT(TRIM(A112),1)="(","Red.","Norm") -> Norm | E112: =LEFT(SUBSTITUTE(B112,"[","",1),1)+0 -> 1 | F112: =IF(AND(OR(E112=1,E112=3,E112=5),D112="Norm"),"D", IF(AND(OR(E112=1,E112=3,E112=5),D112="Red."),"C", IF(AND(OR(E112=2,E112=4,E112=6),D112="Norm"),"C", IF(AND(OR(E112=2,E112=4,E112=6),D112="Red."),"D")))) -> D | G112: 426.982,69D | H112: 0 | I112: 426982.69 | J112: 0,00D | K112: =RIGHT(J112,1) -> D | L112: =IF(J112=0,0,LEFT(J112,LEN(J112)-1)+0) -> 0
A113: PRODUTOS - [580] | B113: [1.1.31] | C113: =LEN(B113) -> 8 | D113: =IF(LEFT(TRIM(A113),1)="(","Red.","Norm") -> Norm | E113: =LEFT(SUBSTITUTE(B113,"[","",1),1)+0 -> 1 | F113: =IF(AND(OR(E113=1,E113=3,E113=5),D113="Norm"),"D", IF(AND(OR(E113=1,E113=3,E113=5),D113="Red."),"C", IF(AND(OR(E113=2,E113=4,E113=6),D113="Norm"),"C", IF(AND(OR(E113=2,E113=4,E113=6),D113="Red."),"D")))) -> D | G113: 3.848.209,91D | H113: 14125646 | I113: 17852925 | J113: 120.930,33D | K113: =RIGHT(J113,1) -> D | L113: =IF(J113=0,0,LEFT(J113,LEN(J113)-1)+0) -> 120930.33
A114: PRODUTOS ACABADOS - [581] | B114: [1.1.31.01] | C114: =LEN(B114) -> 11 | D114: =IF(LEFT(TRIM(A114),1)="(","Red.","Norm") -> Norm | E114: =LEFT(SUBSTITUTE(B114,"[","",1),1)+0 -> 1 | F114: =IF(AND(OR(E114=1,E114=3,E114=5),D114="Norm"),"D", IF(AND(OR(E114=1,E114=3,E114=5),D114="Red."),"C", IF(AND(OR(E114=2,E114=4,E114=6),D114="Norm"),"C", IF(AND(OR(E114=2,E114=4,E114=6),D114="Red."),"D")))) -> D | G114: 3.848.209,91D | H114: 14125646 | I114: 17852925 | J114: 120.930,33D | K114: =RIGHT(J114,1) -> D | L114: =IF(J114=0,0,LEFT(J114,LEN(J114)-1)+0) -> 120930.33
A115: (-) PROVISÃO PARA PERDAS EM ESTOQUE - [10599] | B115: [1.1.31.01.0007] | C115: =LEN(B115) -> 16 | D115: =IF(LEFT(TRIM(A115),1)="(","Red.","Norm") -> Red. | E115: =LEFT(SUBSTITUTE(B115,"[","",1),1)+0 -> 1 | F115: =IF(AND(OR(E115=1,E115=3,E115=5),D115="Norm"),"D", IF(AND(OR(E115=1,E115=3,E115=5),D115="Red."),"C", IF(AND(OR(E115=2,E115=4,E115=6),D115="Norm"),"C", IF(AND(OR(E115=2,E115=4,E115=6),D115="Red."),"D")))) -> C | G115: 18.391,52C | H115: 0 | I115: 0 | J115: 18.391,52C | K115: =RIGHT(J115,1) -> C | L115: =-IF(J115=0,0,LEFT(J115,LEN(J115)-1)+0) -> -18391.52
A116: ESTOQUE DE MERCADORIA - MEDIDOR GLICOSE - [12237] | B116: [1.1.31.01.0008] | C116: =LEN(B116) -> 16 | D116: =IF(LEFT(TRIM(A116),1)="(","Red.","Norm") -> Norm | E116: =LEFT(SUBSTITUTE(B116,"[","",1),1)+0 -> 1 | F116: =IF(AND(OR(E116=1,E116=3,E116=5),D116="Norm"),"D", IF(AND(OR(E116=1,E116=3,E116=5),D116="Red."),"C", IF(AND(OR(E116=2,E116=4,E116=6),D116="Norm"),"C", IF(AND(OR(E116=2,E116=4,E116=6),D116="Red."),"D")))) -> D | G116: 2.895.707,74D | H116: 379035.59 | I116: 3274743.3 | J116: 0,00D | K116: =RIGHT(J116,1) -> D | L116: =IF(J116=0,0,LEFT(J116,LEN(J116)-1)+0) -> 0
A117: ESTOQUE DE MERCADORIA - TIRAS DE TESTE - [12244] | B117: [1.1.31.01.0009] | C117: =LEN(B117) -> 16 | D117: =IF(LEFT(TRIM(A117),1)="(","Red.","Norm") -> Norm | E117: =LEFT(SUBSTITUTE(B117,"[","",1),1)+0 -> 1 | F117: =IF(AND(OR(E117=1,E117=3,E117=5),D117="Norm"),"D", IF(AND(OR(E117=1,E117=3,E117=5),D117="Red."),"C", IF(AND(OR(E117=2,E117=4,E117=6),D117="Norm"),"C", IF(AND(OR(E117=2,E117=4,E117=6),D117="Red."),"D")))) -> D | G117: 19.320,00D | H117: 7868098.1 | I117: 7887418.1 | J117: 0,00C | K117: =RIGHT(J117,1) -> C | L117: =IF(J117=0,0,LEFT(J117,LEN(J117)-1)+0) -> 0
A118: ESTOQUE - IQ. ALCOOL GEL 70% - 1 LITRO - [16017] | B118: [1.1.31.01.0010] | C118: =LEN(B118) -> 16 | D118: =IF(LEFT(TRIM(A118),1)="(","Red.","Norm") -> Norm | E118: =LEFT(SUBSTITUTE(B118,"[","",1),1)+0 -> 1 | F118: =IF(AND(OR(E118=1,E118=3,E118=5),D118="Norm"),"D", IF(AND(OR(E118=1,E118=3,E118=5),D118="Red."),"C", IF(AND(OR(E118=2,E118=4,E118=6),D118="Norm"),"C", IF(AND(OR(E118=2,E118=4,E118=6),D118="Red."),"D")))) -> D | G118: 56.946,30D | H118: 74893.3 | I118: 33550.79 | J118: 98.288,81D | K118: =RIGHT(J118,1) -> D | L118: =IF(J118=0,0,LEFT(J118,LEN(J118)-1)+0) -> 98288.81
A119: ESTOQUE - IQ. ALCOOL GEL 70% - 440G - [16024] | B119: [1.1.31.01.0011] | C119: =LEN(B119) -> 16 | D119: =IF(LEFT(TRIM(A119),1)="(","Red.","Norm") -> Norm | E119: =LEFT(SUBSTITUTE(B119,"[","",1),1)+0 -> 1 | F119: =IF(AND(OR(E119=1,E119=3,E119=5),D119="Norm"),"D", IF(AND(OR(E119=1,E119=3,E119=5),D119="Red."),"C", IF(AND(OR(E119=2,E119=4,E119=6),D119="Norm"),"C", IF(AND(OR(E119=2,E119=4,E119=6),D119="Red."),"D")))) -> D | G119: 37.864,64D | H119: 0 | I119: 119.04 | J119: 37.745,60D | K119: =RIGHT(J119,1) -> D | L119: =IF(J119=0,0,LEFT(J119,LEN(J119)-1)+0) -> 37745.6
A120: ESTOQUE - IQ. ALCOOL GEL 70% - 5 L - [16031] | B120: [1.1.31.01.0012] | C120: =LEN(B120) -> 16 | D120: =IF(LEFT(TRIM(A120),1)="(","Red.","Norm") -> Norm | E120: =LEFT(SUBSTITUTE(B120,"[","",1),1)+0 -> 1 | F120: =IF(AND(OR(E120=1,E120=3,E120=5),D120="Norm"),"D", IF(AND(OR(E120=1,E120=3,E120=5),D120="Red."),"C", IF(AND(OR(E120=2,E120=4,E120=6),D120="Norm"),"C", IF(AND(OR(E120=2,E120=4,E120=6),D120="Red."),"D")))) -> D | G120: 1.423,73D | H120: 1714.72 | I120: 0 | J120: 3.138,45D | K120: =RIGHT(J120,1) -> D | L120: =IF(J120=0,0,LEFT(J120,LEN(J120)-1)+0) -> 3138.45
A121: ESTOQUE - IQ. ALCOOL LIQ 70% - 1 LITRO - [16038] | B121: [1.1.31.01.0013] | C121: =LEN(B121) -> 16 | D121: =IF(LEFT(TRIM(A121),1)="(","Red.","Norm") -> Norm | E121: =LEFT(SUBSTITUTE(B121,"[","",1),1)+0 -> 1 | F121: =IF(AND(OR(E121=1,E121=3,E121=5),D121="Norm"),"D", IF(AND(OR(E121=1,E121=3,E121=5),D121="Red."),"C", IF(AND(OR(E121=2,E121=4,E121=6),D121="Norm"),"C", IF(AND(OR(E121=2,E121=4,E121=6),D121="Red."),"D")))) -> D | G121: 148,99D | H121: 0 | I121: 0 | J121: 148,99D | K121: =RIGHT(J121,1) -> D | L121: =IF(J121=0,0,LEFT(J121,LEN(J121)-1)+0) -> 148.99
A122: SOLUÇÃO CONTROLE DE GLICOSE - [16220] | B122: [1.1.31.01.0014] | C122: =LEN(B122) -> 16 | D122: =IF(LEFT(TRIM(A122),1)="(","Red.","Norm") -> Norm | E122: =LEFT(SUBSTITUTE(B122,"[","",1),1)+0 -> 1 | F122: =IF(AND(OR(E122=1,E122=3,E122=5),D122="Norm"),"D", IF(AND(OR(E122=1,E122=3,E122=5),D122="Red."),"C", IF(AND(OR(E122=2,E122=4,E122=6),D122="Norm"),"C", IF(AND(OR(E122=2,E122=4,E122=6),D122="Red."),"D")))) -> D | G122: 41.097,32D | H122: 7604.48 | I122: 48701.8 | J122: 0,00D | K122: =RIGHT(J122,1) -> D | L122: =IF(J122=0,0,LEFT(J122,LEN(J122)-1)+0) -> 0
A123: BATERIA DE LITIO CR 2032 - GLUCOLEADER - [16227] | B123: [1.1.31.01.0015] | C123: =LEN(B123) -> 16 | D123: =IF(LEFT(TRIM(A123),1)="(","Red.","Norm") -> Norm | E123: =LEFT(SUBSTITUTE(B123,"[","",1),1)+0 -> 1 | F123: =IF(AND(OR(E123=1,E123=3,E123=5),D123="Norm"),"D", IF(AND(OR(E123=1,E123=3,E123=5),D123="Red."),"C", IF(AND(OR(E123=2,E123=4,E123=6),D123="Norm"),"C", IF(AND(OR(E123=2,E123=4,E123=6),D123="Red."),"D")))) -> D | G123: 121,84D | H123: 8628.76 | I123: 8750.6 | J123: 0,00D | K123: =RIGHT(J123,1) -> D | L123: =IF(J123=0,0,LEFT(J123,LEN(J123)-1)+0) -> 0
A124: CABO GLUCOLEADER 2 SAIDAS E CABO USB OKMETER BRANC - [16584] | B124: [1.1.31.01.0016] | C124: =LEN(B124) -> 16 | D124: =IF(LEFT(TRIM(A124),1)="(","Red.","Norm") -> Norm | E124: =LEFT(SUBSTITUTE(B124,"[","",1),1)+0 -> 1 | F124: =IF(AND(OR(E124=1,E124=3,E124=5),D124="Norm"),"D", IF(AND(OR(E124=1,E124=3,E124=5),D124="Red."),"C", IF(AND(OR(E124=2,E124=4,E124=6),D124="Norm"),"C", IF(AND(OR(E124=2,E124=4,E124=6),D124="Red."),"D")))) -> D | G124: 362,89D | H124: 0 | I124: 362.89 | J124: 0,00D | K124: =RIGHT(J124,1) -> D | L124: =IF(J124=0,0,LEFT(J124,LEN(J124)-1)+0) -> 0
A125: MEDIDOR DE GLICOSE SANG OKMETER MATCH II GOD CX 1 - [16591] | B125: [1.1.31.01.0017] | C125: =LEN(B125) -> 16 | D125: =IF(LEFT(TRIM(A125),1)="(","Red.","Norm") -> Norm | E125: =LEFT(SUBSTITUTE(B125,"[","",1),1)+0 -> 1 | F125: =IF(AND(OR(E125=1,E125=3,E125=5),D125="Norm"),"D", IF(AND(OR(E125=1,E125=3,E125=5),D125="Red."),"C", IF(AND(OR(E125=2,E125=4,E125=6),D125="Norm"),"C", IF(AND(OR(E125=2,E125=4,E125=6),D125="Red."),"D")))) -> D | G125: 244.012,08D | H125: 651349.81 | I125: 895361.89 | J125: 0,00D | K125: =RIGHT(J125,1) -> D | L125: =IF(J125=0,0,LEFT(J125,LEN(J125)-1)+0) -> 0
A126: TIRA DE TESTE DE GLIC SANG OKMETER MATCH II CX 50 - [16598] | B126: [1.1.31.01.0018] | C126: =LEN(B126) -> 16 | D126: =IF(LEFT(TRIM(A126),1)="(","Red.","Norm") -> Norm | E126: =LEFT(SUBSTITUTE(B126,"[","",1),1)+0 -> 1 | F126: =IF(AND(OR(E126=1,E126=3,E126=5),D126="Norm"),"D", IF(AND(OR(E126=1,E126=3,E126=5),D126="Red."),"C", IF(AND(OR(E126=2,E126=4,E126=6),D126="Norm"),"C", IF(AND(OR(E126=2,E126=4,E126=6),D126="Red."),"D")))) -> D | G126: 569.595,90D | H126: 5127668.5 | I126: 5697264.4 | J126: 0,00D | K126: =RIGHT(J126,1) -> D | L126: =IF(J126=0,0,LEFT(J126,LEN(J126)-1)+0) -> 0
A127: SAHS HUNT 76 LIQUIDO (HIPOCLORIDO DE CALCIO) - [17578] | B127: [1.1.31.01.0019] | C127: =LEN(B127) -> 16 | D127: =IF(LEFT(TRIM(A127),1)="(","Red.","Norm") -> Norm | E127: =LEFT(SUBSTITUTE(B127,"[","",1),1)+0 -> 1 | F127: =IF(AND(OR(E127=1,E127=3,E127=5),D127="Norm"),"D", IF(AND(OR(E127=1,E127=3,E127=5),D127="Red."),"C", IF(AND(OR(E127=2,E127=4,E127=6),D127="Norm"),"C", IF(AND(OR(E127=2,E127=4,E127=6),D127="Red."),"D")))) -> D | G127: 0,00D | H127: 6652.41 | I127: 6652.41 | J127: 0,00D | K127: =RIGHT(J127,1) -> D | L127: =IF(J127=0,0,LEFT(J127,LEN(J127)-1)+0) -> 0
... A134: ESTOQUE DE EMBALAGENS - [611] | B134: [1.1.33.01.0001] | C134: =LEN(B134) -> 16 | D134: =IF(LEFT(TRIM(A134),1)="(","Red.","Norm") -> Norm | E134: =LEFT(SUBSTITUTE(B134,"[","",1),1)+0 -> 1 | F134: =IF(AND(OR(E134=1,E134=3,E134=5),D134="Norm"),"D", IF(AND(OR(E134=1,E134=3,E134=5),D134="Red."),"C", IF(AND(OR(E134=2,E134=4,E134=6),D134="Norm"),"C", IF(AND(OR(E134=2,E134=4,E134=6),D134="Red."),"D")))) -> D | G134: 518.131,83D | H134: 1333.21 | I134: 154469.5 | J134: 364.995,54D | K134: =RIGHT(J134,1) -> D | L134: =IF(J134=0,0,LEFT(J134,LEN(J134)-1)+0) -> 364995.54
A135: (-) PROVISÃO DE PERDA DE ESTOQUE - [7580] | B135: [1.1.33.01.0006] | C135: =LEN(B135) -> 16 | D135: =IF(LEFT(TRIM(A135),1)="(","Red.","Norm") -> Red. | E135: =LEFT(SUBSTITUTE(B135,"[","",1),1)+0 -> 1 | F135: =IF(AND(OR(E135=1,E135=3,E135=5),D135="Norm"),"D", IF(AND(OR(E135=1,E135=3,E135=5),D135="Red."),"C", IF(AND(OR(E135=2,E135=4,E135=6),D135="Norm"),"C", IF(AND(OR(E135=2,E135=4,E135=6),D135="Red."),"D")))) -> C | G135: 148.396,29C | H135: 148943.36 | I135: 15964.33 | J135: 15.417,26C | K135: =RIGHT(J135,1) -> C | L135: =-IF(J135=0,0,LEFT(J135,LEN(J135)-1)+0) -> -15417.26
A136: MERCADORIAS P/ REVENDA - [629] | B136: [1.1.34] | C136: =LEN(B136) -> 8 | D136: =IF(LEFT(TRIM(A136),1)="(","Red.","Norm") -> Norm | E136: =LEFT(SUBSTITUTE(B136,"[","",1),1)+0 -> 1 | F136: =IF(AND(OR(E136=1,E136=3,E136=5),D136="Norm"),"D", IF(AND(OR(E136=1,E136=3,E136=5),D136="Red."),"C", IF(AND(OR(E136=2,E136=4,E136=6),D136="Norm"),"C", IF(AND(OR(E136=2,E136=4,E136=6),D136="Red."),"D")))) -> D | G136: 0,00D | H136: 3498392.7 | I136: 0 | J136: 3.498.392,74D | K136: =RIGHT(J136,1) -> D | L136: =IF(J136=0,0,LEFT(J136,LEN(J136)-1)+0) -> 3498392.7
A137: MERCADORIAS P/ REVENDA - [630] | B137: [1.1.34.01] | C137: =LEN(B137) -> 11 | D137: =IF(LEFT(TRIM(A137),1)="(","Red.","Norm") -> Norm | E137: =LEFT(SUBSTITUTE(B137,"[","",1),1)+0 -> 1 | F137: =IF(AND(OR(E137=1,E137=3,E137=5),D137="Norm"),"D", IF(AND(OR(E137=1,E137=3,E137=5),D137="Red."),"C", IF(AND(OR(E137=2,E137=4,E137=6),D137="Norm"),"C", IF(AND(OR(E137=2,E137=4,E137=6),D137="Red."),"D")))) -> D | G137: 0,00D | H137: 3498392.7 | I137: 0 | J137: 3.498.392,74D | K137: =RIGHT(J137,1) -> D | L137: =IF(J137=0,0,LEFT(J137,LEN(J137)-1)+0) -> 3498392.7
A138: SOLUÇÃO CONTOLE DE GLICOSE - [17657] | B138: [1.1.34.01.0006] | C138: =LEN(B138) -> 16 | D138: =IF(LEFT(TRIM(A138),1)="(","Red.","Norm") -> Norm | E138: =LEFT(SUBSTITUTE(B138,"[","",1),1)+0 -> 1 | F138: =IF(AND(OR(E138=1,E138=3,E138=5),D138="Norm"),"D", IF(AND(OR(E138=1,E138=3,E138=5),D138="Red."),"C", IF(AND(OR(E138=2,E138=4,E138=6),D138="Norm"),"C", IF(AND(OR(E138=2,E138=4,E138=6),D138="Red."),"D")))) -> D | G138: 0,00D | H138: 15037.61 | I138: 0 | J138: 15.037,61D | K138: =RIGHT(J138,1) -> D | L138: =IF(J138=0,0,LEFT(J138,LEN(J138)-1)+0) -> 15037.61
A139: BATERIA DE LITIO CR 2032 - GLUCOLEADER - [17664] | B139: [1.1.34.01.0007] | C139: =LEN(B139) -> 16 | D139: =IF(LEFT(TRIM(A139),1)="(","Red.","Norm") -> Norm | E139: =LEFT(SUBSTITUTE(B139,"[","",1),1)+0 -> 1 | F139: =IF(AND(OR(E139=1,E139=3,E139=5),D139="Norm"),"D", IF(AND(OR(E139=1,E139=3,E139=5),D139="Red."),"C", IF(AND(OR(E139=2,E139=4,E139=6),D139="Norm"),"C", IF(AND(OR(E139=2,E139=4,E139=6),D139="Red."),"D")))) -> D | G139: 0,00D | H139: 8083.82 | I139: 0 | J139: 8.083,82D | K139: =RIGHT(J139,1) -> D | L139: =IF(J139=0,0,LEFT(J139,LEN(J139)-1)+0) -> 8083.82
A140: CABO GLUCOLEADER 2 SAIDAS E CABO USB OKMETER - [17671] | B140: [1.1.34.01.0008] | C140: =LEN(B140) -> 16 | D140: =IF(LEFT(TRIM(A140),1)="(","Red.","Norm") -> Norm | E140: =LEFT(SUBSTITUTE(B140,"[","",1),1)+0 -> 1 | F140: =IF(AND(OR(E140=1,E140=3,E140=5),D140="Norm"),"D", IF(AND(OR(E140=1,E140=3,E140=5),D140="Red."),"C", IF(AND(OR(E140=2,E140=4,E140=6),D140="Norm"),"C", IF(AND(OR(E140=2,E140=4,E140=6),D140="Red."),"D")))) -> D | G140: 0,00D | H140: 329.84 | I140: 0 | J140: 329,84D | K140: =RIGHT(J140,1) -> D | L140: =IF(J140=0,0,LEFT(J140,LEN(J140)-1)+0) -> 329.84
A141: MEDIDOR DE GLICOSE SANG OKMETER MATCH II GOD - [17678] | B141: [1.1.34.01.0009] | C141: =LEN(B141) -> 16 | D141: =IF(LEFT(TRIM(A141),1)="(","Red.","Norm") -> Norm | E141: =LEFT(SUBSTITUTE(B141,"[","",1),1)+0 -> 1 | F141: =IF(AND(OR(E141=1,E141=3,E141=5),D141="Norm"),"D", IF(AND(OR(E141=1,E141=3,E141=5),D141="Red."),"C", IF(AND(OR(E141=2,E141=4,E141=6),D141="Norm"),"C", IF(AND(OR(E141=2,E141=4,E141=6),D141="Red."),"D")))) -> D | G141: 0,00D | H141: 384752.36 | I141: 0 | J141: 384.752,36D | K141: =RIGHT(J141,1) -> D | L141: =IF(J141=0,0,LEFT(J141,LEN(J141)-1)+0) -> 384752.36
A142: TIRA DE TESTE DE GLICOSE OKMETER MATCH - [17685] | B142: [1.1.34.01.0010] | C142: =LEN(B142) -> 16 | D142: =IF(LEFT(TRIM(A142),1)="(","Red.","Norm") -> Norm | E142: =LEFT(SUBSTITUTE(B142,"[","",1),1)+0 -> 1 | F142: =IF(AND(OR(E142=1,E142=3,E142=5),D142="Norm"),"D", IF(AND(OR(E142=1,E142=3,E142=5),D142="Red."),"C", IF(AND(OR(E142=2,E142=4,E142=6),D142="Norm"),"C", IF(AND(OR(E142=2,E142=4,E142=6),D142="Red."),"D")))) -> D | G142: 0,00D | H142: 3090189.1 | I142: 0 | J142: 3.090.189,11D | K142: =RIGHT(J142,1) -> D | L142: =IF(J142=0,0,LEFT(J142,LEN(J142)-1)+0) -> 3090189.1
A143: COMPRAS PARA ENTREGA FUTURA - [654] | B143: [1.1.37] | C143: =LEN(B143) -> 8 | D143: =IF(LEFT(TRIM(A143),1)="(","Red.","Norm") -> Norm | E143: =LEFT(SUBSTITUTE(B143,"[","",1),1)+0 -> 1 | F143: =IF(AND(OR(E143=1,E143=3,E143=5),D143="Norm"),"D", IF(AND(OR(E143=1,E143=3,E143=5),D143="Red."),"C", IF(AND(OR(E143=2,E143=4,E143=6),D143="Norm"),"C", IF(AND(OR(E143=2,E143=4,E143=6),D143="Red."),"D")))) -> D | G143: 0,00D | H143: 6393073.3 | I143: 0 | J143: 6.393.073,31D | K143: =RIGHT(J143,1) -> D | L143: =IF(J143=0,0,LEFT(J143,LEN(J143)-1)+0) -> 6393073.3
A144: COMPRAS PARA ENTREGA FUTURA - [655] | B144: [1.1.37.01] | C144: =LEN(B144) -> 11 | D144: =IF(LEFT(TRIM(A144),1)="(","Red.","Norm") -> Norm | E144: =LEFT(SUBSTITUTE(B144,"[","",1),1)+0 -> 1 | F144: =IF(AND(OR(E144=1,E144=3,E144=5),D144="Norm"),"D", IF(AND(OR(E144=1,E144=3,E144=5),D144="Red."),"C", IF(AND(OR(E144=2,E144=4,E144=6),D144="Norm"),"C", IF(AND(OR(E144=2,E144=4,E144=6),D144="Red."),"D")))) -> D | G144: 0,00D | H144: 6393073.3 | I144: 0 | J144: 6.393.073,31D | K144: =RIGHT(J144,1) -> D | L144: =IF(J144=0,0,LEFT(J144,LEN(J144)-1)+0) -> 6393073.3
A145: ESTOQUE DE MERCADORIA - MEDIDOR GLICOSE - [3314] | B145: [1.1.37.01.0011] | C145: =LEN(B145) -> 16 | D145: =IF(LEFT(TRIM(A145),1)="(","Red.","Norm") -> Norm | E145: =LEFT(SUBSTITUTE(B145,"[","",1),1)+0 -> 1 | F145: =IF(AND(OR(E145=1,E145=3,E145=5),D145="Norm"),"D", IF(AND(OR(E145=1,E145=3,E145=5),D145="Red."),"C", IF(AND(OR(E145=2,E145=4,E145=6),D145="Norm"),"C", IF(AND(OR(E145=2,E145=4,E145=6),D145="Red."),"D")))) -> D | G145: 0,00D | H145: 1870632 | I145: 0 | J145: 1.870.632,00D | K145: =RIGHT(J145,1) -> D | L145: =IF(J145=0,0,LEFT(J145,LEN(J145)-1)+0) -> 1870632
A146: ESTOQUE DE MERCADORIA - TIRAS DE TESTE - [3321] | B146: [1.1.37.01.0012] | C146: =LEN(B146) -> 16 | D146: =IF(LEFT(TRIM(A146),1)="(","Red.","Norm") -> Norm | E146: =LEFT(SUBSTITUTE(B146,"[","",1),1)+0 -> 1 | F146: =IF(AND(OR(E146=1,E146=3,E146=5),D146="Norm"),"D", IF(AND(OR(E146=1,E146=3,E146=5),D146="Red."),"C", IF(AND(OR(E146=2,E146=4,E146=6),D146="Norm"),"C", IF(AND(OR(E146=2,E146=4,E146=6),D146="Red."),"D")))) -> D | G146: 0,00D | H146: 4522441.3 | I146: 0 | J146: 4.522.441,31D | K146: =RIGHT(J146,1) -> D | L146: =IF(J146=0,0,LEFT(J146,LEN(J146)-1)+0) -> 4522441.3
A147: ALMOXARIFADO DE CONSUMO - [3784] | B147: [1.1.38] | C147: =LEN(B147) -> 8 | D147: =IF(LEFT(TRIM(A147),1)="(","Red.","Norm") -> Norm | E147: =LEFT(SUBSTITUTE(B147,"[","",1),1)+0 -> 1 | F147: =IF(AND(OR(E147=1,E147=3,E147=5),D147="Norm"),"D", IF(AND(OR(E147=1,E147=3,E147=5),D147="Red."),"C", IF(AND(OR(E147=2,E147=4,E147=6),D147="Norm"),"C", IF(AND(OR(E147=2,E147=4,E147=6),D147="Red."),"D")))) -> D | G147: 1.466.363,96D | H147: 8526.28 | I147: 9734.64 | J147: 1.465.155,60D | K147: =RIGHT(J147,1) -> D | L147: =IF(J147=0,0,LEFT(J147,LEN(J147)-1)+0) -> 1465155.6
... A187: LAB. CONTROLE DE QUALIDADE - [762] | B187: [1.2.31.01.0010] | C187: =LEN(B187) -> 16 | D187: =IF(LEFT(TRIM(A187),1)="(","Red.","Norm") -> Norm | E187: =LEFT(SUBSTITUTE(B187,"[","",1),1)+0 -> 1 | F187: =IF(AND(OR(E187=1,E187=3,E187=5),D187="Norm"),"D", IF(AND(OR(E187=1,E187=3,E187=5),D187="Red."),"C", IF(AND(OR(E187=2,E187=4,E187=6),D187="Norm"),"C", IF(AND(OR(E187=2,E187=4,E187=6),D187="Red."),"D")))) -> D | G187: 0,00D | H187: 889821.57 | I187: 0 | J187: 889.821,57D | K187: =RIGHT(J187,1) -> D | L187: =IF(J187=0,0,LEFT(J187,LEN(J187)-1)+0) -> 889821.57
A188: TERRENOS CUSTO ATRIBUIDO AAP - [17011] | B188: [1.2.31.01.0011] | C188: =LEN(B188) -> 16 | D188: =IF(LEFT(TRIM(A188),1)="(","Red.","Norm") -> Norm | E188: =LEFT(SUBSTITUTE(B188,"[","",1),1)+0 -> 1 | F188: =IF(AND(OR(E188=1,E188=3,E188=5),D188="Norm"),"D", IF(AND(OR(E188=1,E188=3,E188=5),D188="Red."),"C", IF(AND(OR(E188=2,E188=4,E188=6),D188="Norm"),"C", IF(AND(OR(E188=2,E188=4,E188=6),D188="Red."),"D")))) -> D | G188: 36.446.697,86D | H188: 0 | I188: 36446698 | J188: 0 | K188: =RIGHT(J188,1) -> 0 | L188: =IF(J188=0,0,LEFT(J188,LEN(J188)-1)+0) -> 0
A189: PREDIO INDUSTRIAL CUSTO ATRIBUIDO AAP - [17018] | B189: [1.2.31.01.0012] | C189: =LEN(B189) -> 16 | D189: =IF(LEFT(TRIM(A189),1)="(","Red.","Norm") -> Norm | E189: =LEFT(SUBSTITUTE(B189,"[","",1),1)+0 -> 1 | F189: =IF(AND(OR(E189=1,E189=3,E189=5),D189="Norm"),"D", IF(AND(OR(E189=1,E189=3,E189=5),D189="Red."),"C", IF(AND(OR(E189=2,E189=4,E189=6),D189="Norm"),"C", IF(AND(OR(E189=2,E189=4,E189=6),D189="Red."),"D")))) -> D | G189: 1.828.160,71D | H189: 0 | I189: 1828160.7 | J189: 0,00D | K189: =RIGHT(J189,1) -> D | L189: =IF(J189=0,0,LEFT(J189,LEN(J189)-1)+0) -> 0
A190: SEDE ADM CUSTO ATRIBUIDO AAP - [17025] | B190: [1.2.31.01.0013] | C190: =LEN(B190) -> 16 | D190: =IF(LEFT(TRIM(A190),1)="(","Red.","Norm") -> Norm | E190: =LEFT(SUBSTITUTE(B190,"[","",1),1)+0 -> 1 | F190: =IF(AND(OR(E190=1,E190=3,E190=5),D190="Norm"),"D", IF(AND(OR(E190=1,E190=3,E190=5),D190="Red."),"C", IF(AND(OR(E190=2,E190=4,E190=6),D190="Norm"),"C", IF(AND(OR(E190=2,E190=4,E190=6),D190="Red."),"D")))) -> D | G190: 56.843,14D | H190: 0 | I190: 56843.14 | J190: 0,00D | K190: =RIGHT(J190,1) -> D | L190: =IF(J190=0,0,LEFT(J190,LEN(J190)-1)+0) -> 0
A191: SEDE ADMINISTRATIVA II CUSTO ATRIBUIDO AAP - [17060] | B191: [1.2.31.01.0014] | C191: =LEN(B191) -> 16 | D191: =IF(LEFT(TRIM(A191),1)="(","Red.","Norm") -> Norm | E191: =LEFT(SUBSTITUTE(B191,"[","",1),1)+0 -> 1 | F191: =IF(AND(OR(E191=1,E191=3,E191=5),D191="Norm"),"D", IF(AND(OR(E191=1,E191=3,E191=5),D191="Red."),"C", IF(AND(OR(E191=2,E191=4,E191=6),D191="Norm"),"C", IF(AND(OR(E191=2,E191=4,E191=6),D191="Red."),"D")))) -> D | G191: 209.478,53D | H191: 0 | I191: 209478.53 | J191: 0,00D | K191: =RIGHT(J191,1) -> D | L191: =IF(J191=0,0,LEFT(J191,LEN(J191)-1)+0) -> 0
A192: REFEITORIO CUSTO ATRIBUIDO AAP - [17067] | B192: [1.2.31.01.0015] | C192: =LEN(B192) -> 16 | D192: =IF(LEFT(TRIM(A192),1)="(","Red.","Norm") -> Norm | E192: =LEFT(SUBSTITUTE(B192,"[","",1),1)+0 -> 1 | F192: =IF(AND(OR(E192=1,E192=3,E192=5),D192="Norm"),"D", IF(AND(OR(E192=1,E192=3,E192=5),D192="Red."),"C", IF(AND(OR(E192=2,E192=4,E192=6),D192="Norm"),"C", IF(AND(OR(E192=2,E192=4,E192=6),D192="Red."),"D")))) -> D | G192: 56.739,38D | H192: 0 | I192: 56739.38 | J192: 0,00D | K192: =RIGHT(J192,1) -> D | L192: =IF(J192=0,0,LEFT(J192,LEN(J192)-1)+0) -> 0
A193: OUTRAS CONSTRUÇÕES CUSTO ATRIBUIDO AAP - [17074] | B193: [1.2.31.01.0016] | C193: =LEN(B193) -> 16 | D193: =IF(LEFT(TRIM(A193),1)="(","Red.","Norm") -> Norm | E193: =LEFT(SUBSTITUTE(B193,"[","",1),1)+0 -> 1 | F193: =IF(AND(OR(E193=1,E193=3,E193=5),D193="Norm"),"D", IF(AND(OR(E193=1,E193=3,E193=5),D193="Red."),"C", IF(AND(OR(E193=2,E193=4,E193=6),D193="Norm"),"C", IF(AND(OR(E193=2,E193=4,E193=6),D193="Red."),"D")))) -> D | G193: 74.806,34D | H193: 0 | I193: 74806.34 | J193: 0,00D | K193: =RIGHT(J193,1) -> D | L193: =IF(J193=0,0,LEFT(J193,LEN(J193)-1)+0) -> 0
A194: ALMOXARIFADO CUSTO ATRIBUIDO AAP - [17081] | B194: [1.2.31.01.0017] | C194: =LEN(B194) -> 16 | D194: =IF(LEFT(TRIM(A194),1)="(","Red.","Norm") -> Norm | E194: =LEFT(SUBSTITUTE(B194,"[","",1),1)+0 -> 1 | F194: =IF(AND(OR(E194=1,E194=3,E194=5),D194="Norm"),"D", IF(AND(OR(E194=1,E194=3,E194=5),D194="Red."),"C", IF(AND(OR(E194=2,E194=4,E194=6),D194="Norm"),"C", IF(AND(OR(E194=2,E194=4,E194=6),D194="Red."),"D")))) -> D | G194: 931.275,90D | H194: 0 | I194: 931275.9 | J194: 0,00D | K194: =RIGHT(J194,1) -> D | L194: =IF(J194=0,0,LEFT(J194,LEN(J194)-1)+0) -> 0
A195: EDIFICAÇÕES EM ANDAMENTO CUSTO ATRIBUIDO AAP - [17088] | B195: [1.2.31.01.0018] | C195: =LEN(B195) -> 16 | D195: =IF(LEFT(TRIM(A195),1)="(","Red.","Norm") -> Norm | E195: =LEFT(SUBSTITUTE(B195,"[","",1),1)+0 -> 1 | F195: =IF(AND(OR(E195=1,E195=3,E195=5),D195="Norm"),"D", IF(AND(OR(E195=1,E195=3,E195=5),D195="Red."),"C", IF(AND(OR(E195=2,E195=4,E195=6),D195="Norm"),"C", IF(AND(OR(E195=2,E195=4,E195=6),D195="Red."),"D")))) -> D | G195: 8.894.738,50C | H195: 8894738.5 | I195: 0 | J195: 0,00D | K195: =RIGHT(J195,1) -> D | L195: =IF(J195=0,0,LEFT(J195,LEN(J195)-1)+0) -> 0
A196: MUROS E ALAMBRADOS CUSTO ATRIBUIDO AAP - [17095] | B196: [1.2.31.01.0019] | C196: =LEN(B196) -> 16 | D196: =IF(LEFT(TRIM(A196),1)="(","Red.","Norm") -> Norm | E196: =LEFT(SUBSTITUTE(B196,"[","",1),1)+0 -> 1 | F196: =IF(AND(OR(E196=1,E196=3,E196=5),D196="Norm"),"D", IF(AND(OR(E196=1,E196=3,E196=5),D196="Red."),"C", IF(AND(OR(E196=2,E196=4,E196=6),D196="Norm"),"C", IF(AND(OR(E196=2,E196=4,E196=6),D196="Red."),"D")))) -> D | G196: 59.537,28C | H196: 59537.28 | I196: 0 | J196: 0,00D | K196: =RIGHT(J196,1) -> D | L196: =IF(J196=0,0,LEFT(J196,LEN(J196)-1)+0) -> 0
A197: EDIFICIO FARMACIA POPULAR - [17579] | B197: [1.2.31.01.0020] | C197: =LEN(B197) -> 16 | D197: =IF(LEFT(TRIM(A197),1)="(","Red.","Norm") -> Norm | E197: =LEFT(SUBSTITUTE(B197,"[","",1),1)+0 -> 1 | F197: =IF(AND(OR(E197=1,E197=3,E197=5),D197="Norm"),"D", IF(AND(OR(E197=1,E197=3,E197=5),D197="Red."),"C", IF(AND(OR(E197=2,E197=4,E197=6),D197="Norm"),"C", IF(AND(OR(E197=2,E197=4,E197=6),D197="Red."),"D")))) -> D | G197: 0 | H197: 870337 | I197: 376132 | J197: 494.205,00D | K197: =RIGHT(J197,1) -> D | L197: =IF(J197=0,0,LEFT(J197,LEN(J197)-1)+0) -> 494205
A198: PERDA POR IMPAIRMENT - [17699] | B198: [1.2.31.01.0021] | C198: =LEN(B198) -> 16 | D198: =IF(LEFT(TRIM(A198),1)="(","Red.","Norm") -> Norm | E198: =LEFT(SUBSTITUTE(B198,"[","",1),1)+0 -> 1 | F198: =IF(AND(OR(E198=1,E198=3,E198=5),D198="Norm"),"D", IF(AND(OR(E198=1,E198=3,E198=5),D198="Red."),"C", IF(AND(OR(E198=2,E198=4,E198=6),D198="Norm"),"C", IF(AND(OR(E198=2,E198=4,E198=6),D198="Red."),"D")))) -> D | G198: 0,00C | H198: 0 | I198: 6016200.2 | J198: 6.016.200,18C | K198: =RIGHT(J198,1) -> C | L198: =-IF(J198=0,0,LEFT(J198,LEN(J198)-1)+0) -> -6016200.2
A199: MAQUINAS E FERRAMENTAS - [763] | B199: [1.2.31.02] | C199: =LEN(B199) -> 11 | D199: =IF(LEFT(TRIM(A199),1)="(","Red.","Norm") -> Norm | E199: =LEFT(SUBSTITUTE(B199,"[","",1),1)+0 -> 1 | F199: =IF(AND(OR(E199=1,E199=3,E199=5),D199="Norm"),"D", IF(AND(OR(E199=1,E199=3,E199=5),D199="Red."),"C", IF(AND(OR(E199=2,E199=4,E199=6),D199="Norm"),"C", IF(AND(OR(E199=2,E199=4,E199=6),D199="Red."),"D")))) -> D | G199: 18.340.187,35D | H199: 2780112.2 | I199: 218568.11 | J199: 20.901.731,47D | K199: =RIGHT(J199,1) -> D | L199: =IF(J199=0,0,LEFT(J199,LEN(J199)-1)+0) -> 20901731
A200: INDUSTRIA - MAQ. FERR. - [764] | B200: [1.2.31.02.0001] | C200: =LEN(B200) -> 16 | D200: =IF(LEFT(TRIM(A200),1)="(","Red.","Norm") -> Norm | E200: =LEFT(SUBSTITUTE(B200,"[","",1),1)+0 -> 1 | F200: =IF(AND(OR(E200=1,E200=3,E200=5),D200="Norm"),"D", IF(AND(OR(E200=1,E200=3,E200=5),D200="Red."),"C", IF(AND(OR(E200=2,E200=4,E200=6),D200="Norm"),"C", IF(AND(OR(E200=2,E200=4,E200=6),D200="Red."),"D")))) -> D | G200: 13.817.001,05D | H200: 267601.31 | I200: 0 | J200: 14.084.602,36D | K200: =RIGHT(J200,1) -> D | L200: =IF(J200=0,0,LEFT(J200,LEN(J200)-1)+0) -> 14084602
A201: LAB. CONTROLE DE QUALIDADE- MAQ. FERR. - [765] | B201: [1.2.31.02.0002] | C201: =LEN(B201) -> 16 | D201: =IF(LEFT(TRIM(A201),1)="(","Red.","Norm") -> Norm | E201: =LEFT(SUBSTITUTE(B201,"[","",1),1)+0 -> 1 | F201: =IF(AND(OR(E201=1,E201=3,E201=5),D201="Norm"),"D", IF(AND(OR(E201=1,E201=3,E201=5),D201="Red."),"C", IF(AND(OR(E201=2,E201=4,E201=6),D201="Norm"),"C", IF(AND(OR(E201=2,E201=4,E201=6),D201="Red."),"D")))) -> D | G201: 3.504.751,94D | H201: 2308423.5 | I201: 0 | J201: 5.813.175,44D | K201: =RIGHT(J201,1) -> D | L201: =IF(J201=0,0,LEFT(J201,LEN(J201)-1)+0) -> 5813175.4
A202: ALMOXARIFADO - MAQ. FERR. - [766] | B202: [1.2.31.02.0003] | C202: =LEN(B202) -> 16 | D202: =IF(LEFT(TRIM(A202),1)="(","Red.","Norm") -> Norm | E202: =LEFT(SUBSTITUTE(B202,"[","",1),1)+0 -> 1 | F202: =IF(AND(OR(E202=1,E202=3,E202=5),D202="Norm"),"D", IF(AND(OR(E202=1,E202=3,E202=5),D202="Red."),"C", IF(AND(OR(E202=2,E202=4,E202=6),D202="Norm"),"C", IF(AND(OR(E202=2,E202=4,E202=6),D202="Red."),"D")))) -> D | G202: 514.640,71D | H202: 204087.42 | I202: 0 | J202: 718.728,13D | K202: =RIGHT(J202,1) -> D | L202: =IF(J202=0,0,LEFT(J202,LEN(J202)-1)+0) -> 718728.13
A203: OFICINA- MAQ. FERR. - [767] | B203: [1.2.31.02.0004] | C203: =LEN(B203) -> 16 | D203: =IF(LEFT(TRIM(A203),1)="(","Red.","Norm") -> Norm | E203: =LEFT(SUBSTITUTE(B203,"[","",1),1)+0 -> 1 | F203: =IF(AND(OR(E203=1,E203=3,E203=5),D203="Norm"),"D", IF(AND(OR(E203=1,E203=3,E203=5),D203="Red."),"C", IF(AND(OR(E203=2,E203=4,E203=6),D203="Norm"),"C", IF(AND(OR(E203=2,E203=4,E203=6),D203="Red."),"D")))) -> D | G203: 27.047,66D | H203: 0 | I203: 18997.66 | J203: 8.050,00D | K203: =RIGHT(J203,1) -> D | L203: =IF(J203=0,0,LEFT(J203,LEN(J203)-1)+0) -> 8050
A204: ADMINISTRAÇÃO I - MAQ. FERR. - [768] | B204: [1.2.31.02.0005] | C204: =LEN(B204) -> 16 | D204: =IF(LEFT(TRIM(A204),1)="(","Red.","Norm") -> Norm | E204: =LEFT(SUBSTITUTE(B204,"[","",1),1)+0 -> 1 | F204: =IF(AND(OR(E204=1,E204=3,E204=5),D204="Norm"),"D", IF(AND(OR(E204=1,E204=3,E204=5),D204="Red."),"C", IF(AND(OR(E204=2,E204=4,E204=6),D204="Norm"),"C", IF(AND(OR(E204=2,E204=4,E204=6),D204="Red."),"D")))) -> D | G204: 407.630,55D | H204: 0 | I204: 147845.88 | J204: 259.784,67D | K204: =RIGHT(J204,1) -> D | L204: =IF(J204=0,0,LEFT(J204,LEN(J204)-1)+0) -> 259784.67
A205: LAVANDERIA- MAQ. FERR. - [770] | B205: [1.2.31.02.0007] | C205: =LEN(B205) -> 16 | D205: =IF(LEFT(TRIM(A205),1)="(","Red.","Norm") -> Norm | E205: =LEFT(SUBSTITUTE(B205,"[","",1),1)+0 -> 1 | F205: =IF(AND(OR(E205=1,E205=3,E205=5),D205="Norm"),"D", IF(AND(OR(E205=1,E205=3,E205=5),D205="Red."),"C", IF(AND(OR(E205=2,E205=4,E205=6),D205="Norm"),"C", IF(AND(OR(E205=2,E205=4,E205=6),D205="Red."),"D")))) -> D | G205: 9.299,79D | H205: 0 | I205: 7017.3 | J205: 2.282,49D | K205: =RIGHT(J205,1) -> D | L205: =IF(J205=0,0,LEFT(J205,LEN(J205)-1)+0) -> 2282.49
A206: OUTROS- MAQ. FERR. - [771] | B206: [1.2.31.02.0008] | C206: =LEN(B206) -> 16 | D206: =IF(LEFT(TRIM(A206),1)="(","Red.","Norm") -> Norm | E206: =LEFT(SUBSTITUTE(B206,"[","",1),1)+0 -> 1 | F206: =IF(AND(OR(E206=1,E206=3,E206=5),D206="Norm"),"D", IF(AND(OR(E206=1,E206=3,E206=5),D206="Red."),"C", IF(AND(OR(E206=2,E206=4,E206=6),D206="Norm"),"C", IF(AND(OR(E206=2,E206=4,E206=6),D206="Red."),"D")))) -> D | G206: 50.786,65D | H206: 0 | I206: 35678.27 | J206: 15.108,38D | K206: =RIGHT(J206,1) -> D | L206: =IF(J206=0,0,LEFT(J206,LEN(J206)-1)+0) -> 15108.38
A207: FARMACIA POPULAR- MAQ. FERR. - [772] | B207: [1.2.31.02.0009] | C207: =LEN(B207) -> 16 | D207: =IF(LEFT(TRIM(A207),1)="(","Red.","Norm") -> Norm | E207: =LEFT(SUBSTITUTE(B207,"[","",1),1)+0 -> 1 | F207: =IF(AND(OR(E207=1,E207=3,E207=5),D207="Norm"),"D", IF(AND(OR(E207=1,E207=3,E207=5),D207="Red."),"C", IF(AND(OR(E207=2,E207=4,E207=6),D207="Norm"),"C", IF(AND(OR(E207=2,E207=4,E207=6),D207="Red."),"D")))) -> D | G207: 9.029,00D | H207: 0 | I207: 9029 | J207: 0,00D | K207: =RIGHT(J207,1) -> D | L207: =IF(J207=0,0,LEFT(J207,LEN(J207)-1)+0) -> 0
A208: MOVEIS E UTENSILIOS - [773] | B208: [1.2.31.03] | C208: =LEN(B208) -> 11 | D208: =IF(LEFT(TRIM(A208),1)="(","Red.","Norm") -> Norm | E208: =LEFT(SUBSTITUTE(B208,"[","",1),1)+0 -> 1 | F208: =IF(AND(OR(E208=1,E208=3,E208=5),D208="Norm"),"D", IF(AND(OR(E208=1,E208=3,E208=5),D208="Red."),"C", IF(AND(OR(E208=2,E208=4,E208=6),D208="Norm"),"C", IF(AND(OR(E208=2,E208=4,E208=6),D208="Red."),"D")))) -> D | G208: 511.296,63D | H208: 352159.59 | I208: 176264.87 | J208: 687.191,35D | K208: =RIGHT(J208,1) -> D | L208: =IF(J208=0,0,LEFT(J208,LEN(J208)-1)+0) -> 687191.35
A209: INDUSTRIA - MOV. E UTENS. - [774] | B209: [1.2.31.03.0001] | C209: =LEN(B209) -> 16 | D209: =IF(LEFT(TRIM(A209),1)="(","Red.","Norm") -> Norm | E209: =LEFT(SUBSTITUTE(B209,"[","",1),1)+0 -> 1 | F209: =IF(AND(OR(E209=1,E209=3,E209=5),D209="Norm"),"D", IF(AND(OR(E209=1,E209=3,E209=5),D209="Red."),"C", IF(AND(OR(E209=2,E209=4,E209=6),D209="Norm"),"C", IF(AND(OR(E209=2,E209=4,E209=6),D209="Red."),"D")))) -> D | G209: 120.705,73D | H209: 0 | I209: 48673.2 | J209: 72.032,53D | K209: =RIGHT(J209,1) -> D | L209: =IF(J209=0,0,LEFT(J209,LEN(J209)-1)+0) -> 72032.53
A210: LAB. CONTROLE DE QUALIDADE- MOV. E UTENS. - [775] | B210: [1.2.31.03.0002] | C210: =LEN(B210) -> 16 | D210: =IF(LEFT(TRIM(A210),1)="(","Red.","Norm") -> Norm | E210: =LEFT(SUBSTITUTE(B210,"[","",1),1)+0 -> 1 | F210: =IF(AND(OR(E210=1,E210=3,E210=5),D210="Norm"),"D", IF(AND(OR(E210=1,E210=3,E210=5),D210="Red."),"C", IF(AND(OR(E210=2,E210=4,E210=6),D210="Norm"),"C", IF(AND(OR(E210=2,E210=4,E210=6),D210="Red."),"D")))) -> D | G210: 133.637,77D | H210: 0 | I210: 108367.77 | J210: 25.270,00D | K210: =RIGHT(J210,1) -> D | L210: =IF(J210=0,0,LEFT(J210,LEN(J210)-1)+0) -> 25270
... A242: TELEGOIAS S/A - [815] | B242: [1.2.31.09.0001] | C242: =LEN(B242) -> 16 | D242: =IF(LEFT(TRIM(A242),1)="(","Red.","Norm") -> Norm | E242: =LEFT(SUBSTITUTE(B242,"[","",1),1)+0 -> 1 | F242: =IF(AND(OR(E242=1,E242=3,E242=5),D242="Norm"),"D", IF(AND(OR(E242=1,E242=3,E242=5),D242="Red."),"C", IF(AND(OR(E242=2,E242=4,E242=6),D242="Norm"),"C", IF(AND(OR(E242=2,E242=4,E242=6),D242="Red."),"D")))) -> D | G242: 4.569,91D | H242: 0 | I242: 0 | J242: 4.569,91D | K242: =RIGHT(J242,1) -> D | L242: =IF(J242=0,0,LEFT(J242,LEN(J242)-1)+0) -> 4569.91
A243: FUNDO DE DEPRECIAÇÃO - [844] | B243: [1.2.31.17] | C243: =LEN(B243) -> 11 | D243: =IF(LEFT(TRIM(A243),1)="(","Red.","Norm") -> Norm | E243: =LEFT(SUBSTITUTE(B243,"[","",1),1)+0 -> 1 | F243: =IF(AND(OR(E243=1,E243=3,E243=5),D243="Norm"),"D", IF(AND(OR(E243=1,E243=3,E243=5),D243="Red."),"C", IF(AND(OR(E243=2,E243=4,E243=6),D243="Norm"),"C", IF(AND(OR(E243=2,E243=4,E243=6),D243="Red."),"D")))) -> D | G243: 20.397.224,36C | H243: 1242985.2 | I243: 10287529 | J243: 29.441.768,56C | K243: =RIGHT(J243,1) -> C | L243: =-IF(J243=0,0,LEFT(J243,LEN(J243)-1)+0) -> -29441769
A244: IMOVEIS DE USO - [845] | B244: [1.2.31.17.0001] | C244: =LEN(B244) -> 16 | D244: =IF(LEFT(TRIM(A244),1)="(","Red.","Norm") -> Norm | E244: =LEFT(SUBSTITUTE(B244,"[","",1),1)+0 -> 1 | F244: =IF(AND(OR(E244=1,E244=3,E244=5),D244="Norm"),"D", IF(AND(OR(E244=1,E244=3,E244=5),D244="Red."),"C", IF(AND(OR(E244=2,E244=4,E244=6),D244="Norm"),"C", IF(AND(OR(E244=2,E244=4,E244=6),D244="Red."),"D")))) -> D | G244: 0,00C | H244: 0 | I244: 6711170.6 | J244: 6.711.170,57C | K244: =RIGHT(J244,1) -> C | L244: =-IF(J244=0,0,LEFT(J244,LEN(J244)-1)+0) -> -6711170.6
A245: MAQUINAS, APARELHOS E FERRAMENTAS - [846] | B245: [1.2.31.17.0002] | C245: =LEN(B245) -> 16 | D245: =IF(LEFT(TRIM(A245),1)="(","Red.","Norm") -> Norm | E245: =LEFT(SUBSTITUTE(B245,"[","",1),1)+0 -> 1 | F245: =IF(AND(OR(E245=1,E245=3,E245=5),D245="Norm"),"D", IF(AND(OR(E245=1,E245=3,E245=5),D245="Red."),"C", IF(AND(OR(E245=2,E245=4,E245=6),D245="Norm"),"C", IF(AND(OR(E245=2,E245=4,E245=6),D245="Red."),"D")))) -> D | G245: 18.334.817,11C | H245: 475494.47 | I245: 0 | J245: 17.859.322,64C | K245: =RIGHT(J245,1) -> C | L245: =-IF(J245=0,0,LEFT(J245,LEN(J245)-1)+0) -> -17859323
A246: MOVEIS E UTENSILIOS - [847] | B246: [1.2.31.17.0003] | C246: =LEN(B246) -> 16 | D246: =IF(LEFT(TRIM(A246),1)="(","Red.","Norm") -> Norm | E246: =LEFT(SUBSTITUTE(B246,"[","",1),1)+0 -> 1 | F246: =IF(AND(OR(E246=1,E246=3,E246=5),D246="Norm"),"D", IF(AND(OR(E246=1,E246=3,E246=5),D246="Red."),"C", IF(AND(OR(E246=2,E246=4,E246=6),D246="Norm"),"C", IF(AND(OR(E246=2,E246=4,E246=6),D246="Red."),"D")))) -> D | G246: 511.296,63C | H246: 365935.78 | I246: 0 | J246: 145.360,85C | K246: =RIGHT(J246,1) -> C | L246: =-IF(J246=0,0,LEFT(J246,LEN(J246)-1)+0) -> -145360.85
A247: INSTALAÇÕES - [848] | B247: [1.2.31.17.0004] | C247: =LEN(B247) -> 16 | D247: =IF(LEFT(TRIM(A247),1)="(","Red.","Norm") -> Norm | E247: =LEFT(SUBSTITUTE(B247,"[","",1),1)+0 -> 1 | F247: =IF(AND(OR(E247=1,E247=3,E247=5),D247="Norm"),"D", IF(AND(OR(E247=1,E247=3,E247=5),D247="Red."),"C", IF(AND(OR(E247=2,E247=4,E247=6),D247="Norm"),"C", IF(AND(OR(E247=2,E247=4,E247=6),D247="Red."),"D")))) -> D | G247: 0,00C | H247: 0 | I247: 3202809.3 | J247: 3.202.809,30C | K247: =RIGHT(J247,1) -> C | L247: =-IF(J247=0,0,LEFT(J247,LEN(J247)-1)+0) -> -3202809.3
...

Sheet QUADROS QUE FALTARAM
A2: 21
B3: Reservas | C3: 2022 | E3: 2021
B4: Ajuste de Avaliação Patrim. | C4: 3239421.9 | E4: 15177736
B5: APP - Ajuste de Avaliação Patrim. | C5: -1925126.7 | E5: 0
B6: TOTAL | C6: =SUM(C3:C5) -> 1314295.2 | E6: =SUM(E3:E5) -> 15177736
A11: 22 | B11: CUSTOS DOS PRODUTOS
C12: 2022 | E12: 2021
B13: Salários e Encargos | C13: =-SUMIFS('BALANCETE 2022'!#REF!,'BALANCETE 2022'!M:M,'QUADROS QUE FALTARAM'!F13) -> #REF! | E13: -111175.99 | F13: 22.1
B14: Gastos Gerais de Fabricação e Estoques | C14: =-SUMIFS('BALANCETE 2022'!#REF!,'BALANCETE 2022'!M:M,'QUADROS QUE FALTARAM'!F14) -> #REF! | E14: -20205451 | F14: 22.2 | G14: ='BALANCETE 2022'!#REF! -> #REF! | I14: Depreciação Custos
B15: Despesas com Importação | C15: =-SUMIFS('BALANCETE 2022'!#REF!,'BALANCETE 2022'!M:M,'QUADROS QUE FALTARAM'!F15) -> #REF! | E15: -3267071 | F15: 22.3
B16: Outros | C16: =-SUMIFS('BALANCETE 2022'!#REF!,'BALANCETE 2022'!M:M,'QUADROS QUE FALTARAM'!F16) -> #REF! | E16: -5491.86 | F16: 22.4
B17: TOTAL | C17: =SUM(C13:C16) -> #REF! | E17: -23589190
A20: 23 | B20: DESPESAS OPERACIONAIS E ADMINISTRATIVAS
C21: 2022 | E21: 2021
B22: Com pessoal e encargos | C22: =-SUMIFS('BALANCETE 2022'!#REF!,'BALANCETE 2022'!M:M,'QUADROS QUE FALTARAM'!F22) -> #REF! | E22: -9262204.7 | F22: 23.1
B23: Água, Energia e Telefone. | C23: =-SUMIFS('BALANCETE 2022'!#REF!,'BALANCETE 2022'!M:M,'QUADROS QUE FALTARAM'!F23) -> #REF! | E23: -332375.06 | F23: 23.2
B24: Serviço de Limpeza e Manutenção | C24: =-SUMIFS('BALANCETE 2022'!#REF!,'BALANCETE 2022'!M:M,'QUADROS QUE FALTARAM'!F24) -> #REF! | E24: -712785.1 | F24: 23.3
B25: Fretes | C25: =-SUMIFS('BALANCETE 2022'!#REF!,'BALANCETE 2022'!M:M,'QUADROS QUE FALTARAM'!F25) -> #REF! | E25: -345453.82 | F25: 23.4
B26: Serviços de Terceiros | C26: =-SUMIFS('BALANCETE 2022'!#REF!,'BALANCETE 2022'!M:M,'QUADROS QUE FALTARAM'!F26) -> #REF! | E26: -374575.97 | F26: 23.5
B27: Material em Geral | C27: =-SUMIFS('BALANCETE 2022'!#REF!,'BALANCETE 2022'!M:M,'QUADROS QUE FALTARAM'!F27) -> #REF! | E27: -57000.32 | F27: 23.6
B28: Registros, Licenças, Assinatura e Publicações. | C28: =-SUMIFS('BALANCETE 2022'!#REF!,'BALANCETE 2022'!M:M,'QUADROS QUE FALTARAM'!F28) -> #REF! | E28: -3795.4 | F28: 23.7
B29: Despesas com viagens e veículos | C29: =-SUMIFS('BALANCETE 2022'!#REF!,'BALANCETE 2022'!M:M,'QUADROS QUE FALTARAM'!F29) -> #REF! | E29: -30963.25 | F29: 23.8
B30: Refeições e Lanches | C30: =-SUMIFS('BALANCETE 2022'!#REF!,'BALANCETE 2022'!M:M,'QUADROS QUE FALTARAM'!F30) -> #REF! | E30: -10599.05 | F30: 23.9
B31: Outras | C31: =-SUMIFS('BALANCETE 2022'!#REF!,'BALANCETE 2022'!M:M,'QUADROS QUE FALTARAM'!F31) -> #REF! | E31: -556625 | F31: 23.10
B32: Impairment | C32: =-SUMIFS('BALANCETE 2022'!#REF!,'BALANCETE 2022'!M:M,'QUADROS QUE FALTARAM'!F32) -> #REF! | E32: 0 | F32: 23.12
B33: Depreciação | C33: =-SUMIFS('BALANCETE 2022'!#REF!,'BALANCETE 2022'!M:M,'QUADROS QUE FALTARAM'!F33) -> #REF! | E33: -558901.65 | F33: 23.11
B34: TOTAL | C34: =SUM(C22:C33) -> #REF! | E34: -12245279
A37: 24 | B37: DESPESAS TRIBUTARIAS
C38: 2022 | E38: 2021
B39: Taxas e Tributos Federais | C39: =-SUMIFS('BALANCETE 2022'!#REF!,'BALANCETE 2022'!M:M,'QUADROS QUE FALTARAM'!F39) -> #REF! | E39: -119907.21 | F39: 24.1
B40: Impostos e Taxas Estaduais | C40: =-SUMIFS('BALANCETE 2022'!#REF!,'BALANCETE 2022'!M:M,'QUADROS QUE FALTARAM'!F40) -> #REF! | E40: -14443.91 | F40: 24.2
B41: Outras Despesas Tributarias | C41: =-SUMIFS('BALANCETE 2022'!#REF!,'BALANCETE 2022'!M:M,'QUADROS QUE FALTARAM'!F41) -> #REF! | E41: -192085.78 | F41: 24.3
B42: TOTAL | C42: =SUM(C39:C41) -> #REF! | E42: -326436.9
A47: 25 | B47: Resultado Financeiro
C48: 2022 | E48: 2021
B49: Receita Financeira | C49: =SUMIFS('BALANCETE 2022'!#REF!,'BALANCETE 2022'!M:M,'QUADROS QUE FALTARAM'!F49) -> #REF! | E49: 60749.82 | F49: 25.1
B50: Despesa Financeira | C50: =-SUMIFS('BALANCETE 2022'!#REF!,'BALANCETE 2022'!M:M,'QUADROS QUE FALTARAM'!F50) -> #REF! | E50: -838003.4 | F50: 25.2
B51: TOTAL | C51: =SUM(C49:C50) -> #REF! | E51: =SUM(E49:E50) -> -777253.58

Sheet BP
B7: INDÚSTRIA QUÍMICA DO ESTADO DE GOIÁS S/A - IQUEGO
B8: CNPJ: 01.541.283/00001-41 | J8: DFC
J9: =I15 -> 6903819.1 | K9: Caixa e Equivalentes de Caixa no Início do Período
B10: IQUEGO - INDÚSTRIA QUÍMICA DO ESTADO DE GOIÁS S/A PRODUTOS PARA SAÚDE | J10: =H15 -> 2861198.4 | K10: Caixa e Equivalentes de Caixa no Final do Período
B11: CNPJ: 01.541.283/0001-41 | J11: =J10-J9 -> -4042620.7 | K11: VARIAÇÃO
B13: ATIVO | G13: NOTA | H13: 2022 | I13: 2021
B14: CIRCULANTE | H14: =SUM(H15:H20) -> 22601893 | I14: =SUM(I15:I20) -> 23522891
D15: Caixa e Equivalentes de Caixa | G15: 4 | H15: =SUM('BALANCETE 2022'!F14) -> 2861198.4 | I15: =SUM('BALANCETE 2021'!I12) -> 6903819.1 | J15: =I15-H15 -> 4042620.7
D16: Clientes a Receber | G16: 5 | H16: =SUM('BALANCETE 2022'!F33) -> 1889386.8 | I16: =SUM('BALANCETE 2021'!I30) -> 7597374.4 | J16: =I16-H16 -> 5707987.6 | K16: (-) Aumento em Clientes a Receber
D17: Créditos Diversos | G17: 6 | H17: =SUM('BALANCETE 2022'!F105+'BALANCETE 2022'!F112) -> 2332024.6 | I17: =SUM('BALANCETE 2021'!I168+'BALANCETE 2021'!I176) -> 1269827.9 | J17: =I17-H17 -> -1062196.8 | K17: (+) Redução em Créditos Diversos
D18: Adiantamentos | G18: 7 | H18: =SUM('BALANCETE 2022'!F102+'BALANCETE 2022'!F120) -> 100920.1 | I18: =SUM('BALANCETE 2021'!I165+'BALANCETE 2021'!I184) -> 488421.09 | J18: =I18-H18 -> 387500.99 | K18: (-) Aumento em Adiantamentos
D19: Estoques | G19: 8 | H19: =SUM('BALANCETE 2022'!F123+'BALANCETE 2022'!F138+'BALANCETE 2022'!F142+'BALANCETE 2022'!F146+'BALANCETE 2022'!F155) -> 11843503 | I19: =SUM('BALANCETE 2021'!I187+'BALANCETE 2021'!I201+'BALANCETE 2021'!I204+'BALANCETE 2021'!I208)-0.01 -> 5738080.6 | J19: =I19-H19 -> -6105422.2 | K19: (-) Aumento em Estoques
D20: Outros Créditos | G20: 9 | H20: =SUM('BALANCETE 2022'!F159) -> 3574860.5 | I20: =SUM('BALANCETE 2021'!I212) -> 1525367.9 | J20: =I20-H20 -> -2049492.6 | K20: (+) Redução em Outros Créditos
B22: NÃO CIRCULANTE | H22: =SUM(H23:H25) -> 35886327 | I22: =SUM(I23:I25) -> 67568402
D23: Realizável a Longo Prazo | G23: 10 | H23: =SUM('BALANCETE 2022'!F165) -> 7492499.3 | I23: =SUM('BALANCETE 2021'!I216) -> 6256695.3 | J23: =I23-H23 -> -1235804 | K23: (+)Redução de Realizável Longo Prazo
D24: Investimentos | G24: 10A | H24: =SUM('BALANCETE 2022'!F172) -> 52634.4 | I24: =SUM('BALANCETE 2021'!I223) -> 52634.4 | J24: =I24-H24 -> 0
D25: Imobilizado | G25: 11 | H25: =SUM('BALANCETE 2022'!F184) -> 28341194 | I25: =SUM('BALANCETE 2021'!I235) -> 61259072 | J25: =I25-H25 -> 32917878 | N25: -376090.91 | O25: =J25+N25 -> 32541787
B27: TOTAL DO ATIVO | H27: =H14+H22 -> 58488221 | I27: =I22+I14 -> 91091293 | J27: =SUM(J14:J25) -> 32603072 | K27: =I27-H27 -> 32603072
I28: =SUM(I31:I36)-(I36) -> 34168771
B29: PASSIVO | H29: =SUM(H31:H35) -> 36773048
B30: CIRCULANTE
D31: Fornecedores | G31: 12 | H31: =-SUM('BALANCETE 2022'!F269) -> 22911740 | I31: =SUM('BALANCETE 2021'!I311) -> 22361298 | J31: =H31-I31 -> 550442.22 | K31: (-) Redução em Fornecedores e Outras Contas a Pagar
D32: Obrigações Sociais e Trabalhistas | G32: 13 | H32: =-SUM('BALANCETE 2022'!F383+'BALANCETE 2022'!F435) -> 1088958.9 | I32: =SUM('BALANCETE 2021'!I423+'BALANCETE 2021'!I476) -> 1032217.1 | J32: =H32-I32 -> 56741.8 | K32: (-) Redução em Obrig Socias,Trabalhistas e Provisões
D33: Obrigações Fiscais e Tributárias | G33: 14 | H33: =-SUM('BALANCETE 2022'!F402) -> 1157924.9 | I33: =SUM('BALANCETE 2021'!I441) -> 913935.89 | J33: =H33-I33 -> 243988.96 | K33: (+) Aumento em Obrigações Tributárias
D34: Adto de Clientes e Convênios | G34: 15 | H34: =-SUM('BALANCETE 2022'!F420) -> 8816074.6 | I34: =SUM('BALANCETE 2021'!I460) -> 6020890.9 | J34: =H34-I34 -> 2795183.6 | K34: (+) Aumento em Adto de Clientes e Convênios
D35: Outras Contas a Pagar | G35: 16 | H35: =-SUM('BALANCETE 2022'!F425+'BALANCETE 2022'!F429+'BALANCETE 2022'!F441) -> 2798349.8 | I35: =SUM('BALANCETE 2021'!I466+'BALANCETE 2021'!I470+'BALANCETE 2021'!I482) -> 3840429.4 | J35: =H35-I35 -> -1042079.6 | K35: (-) Redução em Fornecedores e Outras Contas a Pagar
B37: NÃO CIRCULANTE | H37: =SUM(H38:H41) -> 48715221 | I37: =SUM(I38:I41) -> 55060252
D38: Contas a Pagar a Longo Prazo | G38: 17 | H38: =-SUM('BALANCETE 2022'!F447+'BALANCETE 2022'!F458) -> 1807154 | I38: =SUM('BALANCETE 2021'!I489+'BALANCETE 2021'!I500) -> 2008093.7 | J38: =H38-I38 -> -200939.7 | K38: (+) Exigível Longo Prazo
D39: Obrigações Tributárias | G39: 18 | H39: =-SUM('BALANCETE 2022'!F449) -> 2094201.4 | I39: =SUM('BALANCETE 2021'!I492) -> 1855688.2 | J39: =H39-I39 -> 238513.18 | K39: (+) Exigível Longo Prazo
D40: Provisões de Risco | G40: 19 | H40: =-SUM('BALANCETE 2022'!F460) -> 44813866 | I40: =SUM('BALANCETE 2021'!I502) -> 37731110 | J40: =H40-I40 -> 7082755.7 | K40: (+) Exigível Longo Prazo
D41: Tributos Diferidos | G41: 19A | H41: =-SUM('BALANCETE 2022'!F465) -> 0 | I41: =SUM('BALANCETE 2021'!I507) -> 13465361 | J41: =H41-I41 -> -13465361
B43: PATRIMÔNIO LÍQUIDO | H43: =SUM(H45:H48) -> -27000048 | I43: =SUM(I45:I48) -> 1862269.1 | K43: =I43-H43 -> 28862317
D45: Capital Social | G45: 20 | H45: =-SUM('BALANCETE 2022'!F470+'BALANCETE 2022'!F485) -> 2.2348375e+08 | I45: =SUM('BALANCETE 2021'!I515-'BALANCETE 2021'!I535) -> 2.2348375e+08 | J45: =H45-I45 -> 0
D46: Reservas | G46: 21 | H46: =-SUM('BALANCETE 2022'!F475) -> 0 | I46: =SUM('BALANCETE 2021'!I520) -> 15177736 | J46: =H46-I46 -> -15177736 | K46: =SUM(J46:J48) -> -28862317
D47: Lucro (Prejuizos) Acumulados | G47: 22 | H47: =SUM(-'BALANCETE 2022'!F479) -> -2.3316059e+08 | I47: =SUM(-'BALANCETE 2021'!I528) -> -2.3051603e+08 | J47: =H47-I47 -> -2644558.3
D48: Lucro (Prejuizos) do Exercício | G48: 23 | H48: =DRE!D29 -> -17323207 | I48: =DRE!F29 -> -6283183.7 | J48: =-I48+H48 -> -11040023
B49: TOTAL DO PASSIVO | H49: =H29+H37+H43 -> 58488221 | I49: =SUM(I28+I37+I43) -> 91091293 | J49: =SUM(J29:J48) -> -32603072
H51: =H27-H49 -> 0 | I51: =I27-I49 -> -0.0020000041 | K51: =H48 -> -17323207 | L51: resultado
B53: Jose Carlos dos Santos Vera Lucia Nunes dos Santos
B54: Diretor Presidente Contadora CRC-Go 260008/0 | K54: =+K51-K46 -> 11539111
B55: CPF nº 556.009.211-87

Sheet DRE
A1: INDÚSTRIA QUÍMICA DO ESTADO DE GOIÁS S/A - IQUEGO
A2: CNPJ: 01.541.283/0001-41
A6: DEMONSTRAÇÃO DO RESULTADO
J7: CONFERÊNCIA
J8: ORIGINAL
B9: NOTA | D9: 2022 | F9: 2021 | H9: 2020 | J9: 2021 | L9: DIFERENÇA
A10: RECEITAS | D10: =SUM(D11:D13) -> 24055943 | F10: =SUM(F11:F13) -> 30654976 | H10: =SUM(H11:H13) -> 28268715 | J10: 30654976 | L10: =F10-J10 -> 0
A11: RECEITAS OPERACIONAIS | B11: 21.a | D11: =-SUMIF('BALANCETE 2022'!J:J,DRE!B11,'BALANCETE 2022'!F:F) -> 8317112.1 | F11: =SUMIFS('BALANCETE 2021'!L:L,'BALANCETE 2021'!O:O,DRE!B11) -> 21931897 | H11: =SUM(-('[1]BALANCETE DEZEMBRO DE 2020'!Q806)) -> 29381585 | J11: 21931897 | L11: =F11-J11 -> 0
A12: Outras receitas | B12: 21.b | D12: =-SUMIF('BALANCETE 2022'!J:J,DRE!B12,'BALANCETE 2022'!F:F) -> 16557668 | F12: =SUMIFS('BALANCETE 2021'!L:L,'BALANCETE 2021'!O:O,DRE!B12) -> 10872630 | H12: =('[1]BALANCETE DEZEMBRO DE 2020'!Q817+'[1]BALANCETE DEZEMBRO DE 2020'!Q820+'[1]BALANCETE DEZEMBRO DE 2020'!Q824+'[1]BALANCETE DEZEMBRO DE 2020'!Q825+'[1]BALANCETE DEZEMBRO DE 2020'!Q826+'[1]BALANCETE DEZEMBRO DE 2020'!Q827+'[1]BALANCETE DEZEMBRO DE 2020'!Q828+'[1]BALANCETE DEZEMBRO DE 2020'!Q830+'[1]BALANCETE DEZEMBRO DE 2020'!Q843)*-1 -> 1604522.1 | J12: 10872630 | L12: =F12-J12 -> 0
A13: Dedução Receita (-) | B13: 21.c | D13: =-SUMIF('BALANCETE 2022'!J:J,DRE!B13,'BALANCETE 2022'!F:F) -> -818837.26 | F13: =-SUMIFS('BALANCETE 2021'!L:L,'BALANCETE 2021'!O:O,DRE!B13) -> -2149550.9 | H13: ='[1]BALANCETE DEZEMBRO DE 2020'!Q844*-1 -> -2717392.7 | J13: -2149550.9 | L13: =F13-J13 -> 0
L14: =F14-J14 -> 0
A15: CUSTOS | D15: =SUM(D16:D16) -> -10221463 | F15: =SUM(F16:F16) -> -23589190 | H15: =SUM(H16:H16) -> -27477542 | J15: -23589190 | L15: =F15-J15 -> 0
A16: Custos com fabricação de Produtos | B16: 22 | D16: =-SUMIF('BALANCETE 2022'!J:J,DRE!B16,'BALANCETE 2022'!F:F) -> -10221463 | F16: =-SUMIFS('BALANCETE 2021'!L:L,'BALANCETE 2021'!O:O,DRE!B16) -> -23589190 | H16: =('[1]BALANCETE DEZEMBRO DE 2020'!P668+'[1]BALANCETE DEZEMBRO DE 2020'!P675+'[1]BALANCETE DEZEMBRO DE 2020'!P686)*-1 -> -27477542 | J16: -23589190 | L16: =F16-J16 -> 0
L17: =F17-J17 -> 0
A18: DESPESAS | D18: =SUM(D19:D20) -> -30309370 | F18: =SUM(F19:F20) -> -12571716 | H18: =SUM(H19:H20) -> -18899394 | J18: -12571716 | L18: =F18-J18 -> 0
A19: DESPESAS OPERACIONAIS E ADMINISTRATIVAS | B19: 23 | D19: =-SUMIF('BALANCETE 2022'!J:J,DRE!B19,'BALANCETE 2022'!F:F) -> -28534350 | F19: =-SUMIFS('BALANCETE 2021'!L:L,'BALANCETE 2021'!O:O,DRE!B19) -> -12245279 | H19: =('[1]BALANCETE DEZEMBRO DE 2020'!Q701+'[1]BALANCETE DEZEMBRO DE 2020'!Q725+'[1]BALANCETE DEZEMBRO DE 2020'!Q730+'[1]BALANCETE DEZEMBRO DE 2020'!Q739)*-1 -> -18139253 | J19: -12245279 | L19: =F19-J19 -> 0
A20: DESPESAS TRIBUTARIAS | B20: 24 | D20: =-SUMIF('BALANCETE 2022'!J:J,DRE!B20,'BALANCETE 2022'!F:F) -> -1775020.5 | F20: =-SUMIFS('BALANCETE 2021'!L:L,'BALANCETE 2021'!O:O,DRE!B20) -> -326436.9 | H20: ='[1]BALANCETE DEZEMBRO DE 2020'!Q790*-1 -> -760141.36 | J20: -326436.9 | L20: =F20-J20 -> 0
L21: =F21-J21 -> 0
L22: =F22-J22 -> 0
A23: RESULTADO ANTES DAS RECEITAS E DESP.FINANC | B23: 25 | D23: =SUM(D24:D25) -> -848316.53 | F23: =SUM(F24:F25) -> -777253.58 | H23: =SUM(H24:H25) -> -2517285.8 | J23: -777253.58 | L23: =F23-J23 -> 0
A24: Receitas Financeiras | B24: 25.a | D24: =-SUMIF('BALANCETE 2022'!J:J,DRE!B24,'BALANCETE 2022'!F:F) -> 545869.67 | F24: =SUMIFS('BALANCETE 2021'!L:L,'BALANCETE 2021'!O:O,DRE!B24) -> 60749.82 | H24: =SUM(-('[1]BALANCETE DEZEMBRO DE 2020'!Q831)) -> 53305.21 | J24: 60749.82 | L24: =F24-J24 -> 0
A25: (-) Despesas Financeiras | B25: 25.b | D25: =-SUMIF('BALANCETE 2022'!J:J,DRE!B25,'BALANCETE 2022'!F:F) -> -1394186.2 | F25: =-SUMIFS('BALANCETE 2021'!L:L,'BALANCETE 2021'!O:O,DRE!B25) -> -838003.4 | H25: ='[1]BALANCETE DEZEMBRO DE 2020'!Q777*-1 -> -2570591.1 | J25: -838003.4 | L25: =F25-J25 -> 0
L26: =F26-J26 -> 0
A27: RESULTADO ANTES DO IRPJ E CSLL | D27: =SUM(D10+D15+D18+D23) -> -17323207 | F27: =SUM(F10+F15+F18+F23) -> -6283183.7 | H27: =SUM(H10+H15+H18+H23) -> -20625508 | J27: -6283183.7 | L27: =F27-J27 -> 0
A28: (-) PROVISÃO DE IRPJ E CSLL | D28: 0 | F28: 0 | H28: 0 | J28: 0 | L28: =F28-J28 -> 0
A29: RESULTADO LIQUÍDO DO EXERCÍCIO | D29: =D27+D28 -> -17323207 | F29: =F27+F28 -> -6283183.7 | H29: =H27+H28 -> -20625508 | J29: -6283183.7 | L29: =F29-J29 -> 0
A36: Denes Pereira Alves Rondinelly Hélio dos Santos Kid Freire
A37: Diretor Presidente Diretor Adm / Financeiro CRC-Go 013415/0
A38: Contador

Sheet DMPL
B9: INDÚSTRIA QUÍMICA DO ESTADO DE GOIÁS S/A - IQUEGO
B10: CNPJ Nº 01.541.283/0001-41
B12: DEMONSTRAÇÃO DAS MUTAÇÕES DO PATRIMONIO LÍQUIDO
B13: DOS EXERCÍCIOS FINDOS EM 31 DE DEZEMBRO DE 2022 E 2021
B18: Descrição | C18: Capital Social | D18: Reservas | E18: Resultado Acumulados | F18: Outros Resultados Abrangentes | G18: Total
B20: SALDOS EM 01.01.2021 | C20: 2.2348375e+08 | D20: 28897862 | E20: -2.4908448e+08 | F20: 0 | G20: =C20+D20+E20+F20 -> 3297130.6
B22: Prejuízo Líquido do exercício | C22: =0 -> 0 | D22: =0 -> 0 | E22: -6283183.7 | F22: =0 -> 0 | G22: =C22+D22+E22+F22 -> -6283183.7
B23: (+)Ajustes de exercício anteriores | C23: =0 -> 0 | D23: =0 -> 0 | E23: 10358651 | F23: =0 -> 0 | G23: =C23+D23+E23+F23 -> 10358651
B24: Constituição de Reserva de Lucro p/Expansão | C24: =0 -> 0 | D24: -13720126 | E24: 8209797.4 | F24: =0 -> 0 | G24: =C24+D24+E24+F24 -> -5510328.8
B25: Reclassificação de Reserva | C25: =0 -> 0 | D25: =0 -> 0 | E25: =0 -> 0 | F25: =0 -> 0 | G25: =C25+D25+E25+F25 -> 0
B26: Aumento de Capital | C26: =0 -> 0 | D26: =0 -> 0 | E26: =0 -> 0 | F26: =0 -> 0 | G26: =C26+D26+E26+F26 -> 0
B27: Integralização de capital | C27: =0 -> 0 | D27: =0 -> 0 | E27: =0 -> 0 | F27: =0 -> 0 | G27: =C27+D27+E27+F27 -> 0
B29: SALDOS EM 31.12.2021 | C29: 2.2348375e+08 | D29: =SUM(D20)+(D24) -> 15177736 | E29: =SUM(E20:E27) -> -2.3679921e+08 | F29: 0 | G29: =SUM(G20:G27) -> 1862269.1
B31: Prejuízo Líquido do exercício | C31: =0 -> 0 | D31: =0 -> 0 | E31: -17323207 | F31: =0 -> 0 | G31: =SUM(C31:F31) -> -17323207
B32: (+)Ajustes de exercício anteriores | C32: =0 -> 0 | D32: -15177736 | E32: 3638625.4 | F32: =0 -> 0 | G32: =SUM(C32:F32) -> -11539111
B33: Constituição de Reserva de Lucro p/Expansão | C33: =0 -> 0 | D33: =0 -> 0 | E33: =0 -> 0 | F33: =0 -> 0 | G33: =SUM(C33:F33) -> 0
B34: Reclassificação de Reserva | C34: =0 -> 0 | D34: =0 -> 0 | E34: =0 -> 0 | F34: =0 -> 0 | G34: =SUM(C34:F34) -> 0
B35: Aumento de capital | C35: =0 -> 0 | D35: =0 -> 0 | E35: =0 -> 0 | F35: =0 -> 0 | G35: =SUM(C35:F35) -> 0
B36: Integralização de capital | C36: =0 -> 0 | D36: =0 -> 0 | E36: =0 -> 0 | F36: =0 -> 0 | G36: =SUM(C36:F36) -> 0
B38: SALDOS EM 31.12.2022 | C38: =SUM(C29:C37) -> 2.2348375e+08 | D38: =SUM(D29:D37) -> 0 | E38: =SUM(E29:E37) -> -2.504838e+08 | F38: =F29+F31+F32+F33+F34+F35+F36 -> 0 | G38: =SUM(G29:G37) -> -27000048

Sheet DFC
A1: INDUSTRIA QUIMICA DO ESTADO DE GOIÁS S/A - IQUEGO
A2: CNPJ 01.541.283/0001-41
A4: DEMONSTRAÇÃO DOS FLUXOS DE CAIXA - MÉTODO INDIRETO
A5: No exercício findo em 31 de dezembro de 2022 e 2021 (Em R$)
A8: FLUXOS DE CAIXA DAS ATIVIDADES OPERACIONAIS | P8: SOMASES | R8: DIFERENÇA | U8: ='[2]DFs - IQUEGO - 2022BALANÇO 2022'!I43-'[2]DFs - IQUEGO - 2022BALANÇO 2022'!H43 -> #REF! | V8: VAR. PL
J9: 2022 | L9: 2021 | P9: 2022 | R9: 2022 | U9: 0 | V9: Resultado (Prejuízo do Exercício)
B10: Resultado líquido do exercício | J10: =DRE!$D$27 -> -17323207 | L10: -6283183.7 | P10: 0 | R10: =J10-P10 -> -17323207 | T10: 936593.77 | U10: 1539595.9 | V10: Ajus. Exc. Ant | W10: -2400530.6
U11: -15177736 | V11: Ajustes de avaliacoa patrimonial
B12: Ajustes por: | U12: 0 | V12: Déb. PL contra Realizável LP/Banco
C13: Depreciação | J13: =SUM('BALANCETE 2022'!F501+'BALANCETE 2022'!F563) -> 376090.91 | L13: =SUM('BALANCETE 2021'!I551+'BALANCETE 2021'!I607) -> 604881.28 | P13: =SUMIFS(BP!J:J,BP!K:K,DFC!C13) -> 0 | R13: =J13-P13 -> 376090.91 | U13: -13138407 | V13: Prejuizo do exerciico
C14: Provisão Contingência | J14: 0 | L14: 0 | P14: =SUMIFS(BP!J:J,BP!K:K,DFC!C14) -> 0 | R14: =J14-P14 -> 0 | U14: -4184154.1 | V14: Prejuizo acumulado
U15: -6283183.7 | W15: =+W10+U20 -> -19723737
C16: Ajuste de prejuizo acumulado | J16: 0 | U16: 3450875.9 | V16: =+U13+U18 -> -11040023
C17: Ajuste de reversão da reavaliacao patrimonial PL | J17: =DMPL!D32 -> -15177736 | T17: ajuste | U17: -1351846.3 | V17: =+U20 -> -17323207
C18: Ajustes de tributos diferidos | J18: =BP!$J$41 -> -13465361 | L18: =SUM('BALANCETE 2021'!I507) -> 13465361 | P18: =SUMIFS(BP!J:J,BP!K:K,DFC!C18) -> 0 | R18: =J18-P18 -> -13465361 | U18: 2098384.6 | V18: =-V16+V17 -> -6283183.7 | W18: =V18-U14 -> -2099029.6
C19: Ajustes de Exercícios Anteriores | J19: =DMPL!E32 -> 3638625.4 | L19: 18568448 | P19: =SUMIFS(BP!J:J,BP!K:K,DFC!C19) -> 0 | R19: =J19-P19 -> 3638625.4 | V19: =+V18-U14 -> -2099029.6 | W19: =+W18-U10 -> -3638625.4
C20: Ajustes de avaliação Patrimonial | J20: =U36 -> 26534665 | L20: -13720126 | P20: =SUMIFS(BP!J:J,BP!K:K,DFC!C20) -> 0 | R20: =J20-P20 -> 26534665 | U20: =J10 -> -17323207 | V20: Resultado do exercicio
C21: Resultado da Baixa de Bens | J21: =U37 -> 6016200.2 | L21: 0
B22: Reultado líquido após os ajustes | J22: =SUM(J10:J21) -> -9400721.9 | L22: =SUM(L10:L21) -> 12635380 | P22: =SUM(P10:P20) -> 0 | R22: =J22-P22 -> -9400721.9 | U22: ='Balancete 2022 DMPL (Zerado)'!$N$473 -> -1413188 | V22: Ajus. Exc. Ant
U23: ='BALANCETE 2022'!#REF! -> #REF! | V23: Av. Patrim. | W23: =+U18+U13+W10 -> -13440553
B24: (Aumento)/Redução de ativos circulantes | J24: =SUM(J25:J31) -> -4357427 | L24: =SUM(L25:L31) -> 9350193.1 | P24: =SUM(P25:P31) -> -4357427 | R24: =J24-P24 -> 0 | W24: =+U11 -> -15177736
C25: (-) Aumento em Clientes a Receber | J25: =BP!J16 -> 5707987.6 | L25: =SUM('BALANCETE 2021'!H30-'BALANCETE 2021'!G30) -> -2467860.1 | P25: =SUMIFS(BP!J:J,BP!K:K,DFC!C25) -> 5707987.6 | R25: =J25-P25 -> 0 | U25: =+U20+U17+U11+T10 -> -32916195
C26: (+) Redução em Créditos Diversos | J26: =BP!J17 -> -1062196.8 | L26: =SUM('BALANCETE 2021'!H168-'BALANCETE 2021'!G168) -> 840414.4 | P26: =SUMIFS(BP!J:J,BP!K:K,DFC!C26) -> -1062196.8 | R26: =J26-P26 -> 0
C27: (-) Aumento em Adiantamentos | J27: =BP!J18 -> 387500.99 | L27: 12447046 | P27: =SUMIFS(BP!J:J,BP!K:K,DFC!C27) -> 387500.99 | R27: =J27-P27 -> 0 | U27: 1539595.9
C28: (+) Redução em Outros Créditos | J28: =BP!J20 -> -2049492.6 | L28: 208591.79 | P28: =SUMIFS(BP!J:J,BP!K:K,DFC!C28) -> -2049492.6 | R28: =J28-P28 -> 0 | U28: =+U17-U27 -> -2891442.2
C29: (-) Aumento em Estoques | J29: =BP!J19 -> -6105422.2 | L29: =SUM('BALANCETE 2021'!E187-'BALANCETE 2021'!I187+'BALANCETE 2021'!E201-'BALANCETE 2021'!I201+'BALANCETE 2021'!E204-'BALANCETE 2021'!I204+'BALANCETE 2021'!E208-'BALANCETE 2021'!I208)+0.01 -> -1552387.5 | P29: =SUMIFS(BP!J:J,BP!K:K,DFC!C29) -> -6105422.2 | R29: =J29-P29 -> 0
C30: (-) Despesas Antecipadas | P30: =SUMIFS(BP!J:J,BP!K:K,DFC!C30) -> 0 | R30: =J30-P30 -> 0
C31: (+)Redução de Realizável Longo Prazo | J31: =BP!J23 -> -1235804 | L31: =SUM('BALANCETE 2021'!H220-'BALANCETE 2021'!G220) -> -125611.36 | P31: =SUMIFS(BP!J:J,BP!K:K,DFC!C31) -> -1235804 | R31: =J31-P31 -> 0
B33: Aumento/(Redução) do passivo circulante | J33: =SUM(J34:J39) -> 9724606.1 | L33: =SUM(L34:L39) -> 3524739.8 | P33: =SUM(P34:P39) -> 9724606.1 | R33: =J33-P33 -> 0 | U33: =-BP!$J$25 -> -32917878 | V33: Vari. Imob
C34: (-) Redução em Fornecedores e Outras Contas a Pagar | J34: =BP!J31+BP!J35 -> -491637.43 | L34: 10051358 | P34: =SUMIFS(BP!J:J,BP!K:K,DFC!C34) -> -491637.43 | R34: =J34-P34 -> 0 | U34: =J13 -> 376090.91 | V34: Depreciação | W34: =SUM(U33,U34) -> -32541787
C35: (-) Redução Emprestimo e Financiamento | P35: =SUMIFS(BP!J:J,BP!K:K,DFC!C35) -> 0 | R35: =J35-P35 -> 0
C36: (-) Redução em Obrig Socias,Trabalhistas e Provisões | J36: =BP!J32 -> 56741.8 | L36: -714527.8 | P36: =SUMIFS(BP!J:J,BP!K:K,DFC!C36) -> 56741.8 | R36: =J36-P36 -> 0 | U36: 26534665 | V36: Ajustes de avaliação Patrimonial | W36: +
C37: (+) Aumento em Obrigações Tributárias | J37: =BP!J33 -> 243988.96 | L37: =SUM('BALANCETE 2021'!H441-'BALANCETE 2021'!G441) -> -2020917.4 | P37: =SUMIFS(BP!J:J,BP!K:K,DFC!C37) -> 243988.96 | R37: =J37-P37 -> 0 | U37: 6016200.2 | V37: Resultado da Baixa de Bens | W37: =SUM(U36,U37) -> 32550865
C38: (+) Aumento em Adto de Clientes e Convênios | J38: =BP!J34 -> 2795183.6 | L38: =SUM(-'BALANCETE 2021'!G462) -> -29237 | P38: =SUMIFS(BP!J:J,BP!K:K,DFC!C38) -> 2795183.6 | R38: =J38-P38 -> 0 | U38: -9078 | V38: Aquisição de Imobilizado | W38: =SUM(W34,W37) -> 9078
C39: (+) Exigível Longo Prazo | J39: =BP!J38+BP!J39+BP!J40 -> 7120329.1 | L39: -3761936.2 | P39: =SUMIFS(BP!J:J,BP!K:K,DFC!C39) -> 7120329.1 | R39: =J39-P39 -> 0 | U39: =SUM(U33:U38) -> 3.7252903e-09
B41: Caixa gerado pelas atividades operacionais | J41: =SUM(J22+J24+J33) -> -4033542.7 | L41: =SUM(L22+L24+L33) -> 25510313 | P41: =SUM(P22+P24+P33) -> 5367179.1 | R41: =J41-P41 -> -9400721.9
C42: (-) Juros pagos | P42: =SUMIFS(BP!J:J,BP!K:K,DFC!C42) -> 0 | R42: =J42-P42 -> 0
C43: (-) IRPJ/CSLL pagos | J43: 0 | L43: 0 | P43: =SUMIFS(BP!J:J,BP!K:K,DFC!C43) -> 0 | R43: =J43-P43 -> 0
B45: Caixa líquido proveniente das atividades operacionais | J45: =SUM(J41:J43) -> -4033542.7 | L45: =SUM(L41:L43) -> 25510313 | P45: =SUM(P41:P43) -> 5367179.1 | R45: =J45-P45 -> -9400721.9
A47: FLUXOS DE CAIXA DAS ATIVIDADES DE INVESTIMENTO | J47: =SUM(J49:J52) -> -9078 | L47: =SUM(L49:L52) -> -28648522 | P47: =SUM(P49:P51) -> 0 | R47: =J47-P47 -> -9078
B49: Deposito Judicial/Recursal | J49: 0 | L49: 0 | P49: =SUMIFS(BP!J:J,BP!K:K,DFC!C49) -> 0 | R49: =J49-P49 -> 0
B50: Resgate de Depósito Judicial/Recursal | J50: 0 | L50: 0 | P50: =SUMIFS(BP!J:J,BP!K:K,DFC!C50) -> 0 | R50: =J50-P50 -> 0
B51: Aplicações líquidas em ativos imobilizados e intangíveis | J51: 0 | L51: -28648522 | P51: =SUMIFS(BP!J:J,BP!K:K,DFC!C51) -> 0 | R51: =J51-P51 -> 0
B52: Aquisição de Imobilizado | J52: -9078 | L52: 0 | P52: =SUMIFS(BP!J:J,BP!K:K,DFC!C52) -> 0 | R52: =J52-P52 -> -9078
A54: FLUXOS DE CAIXA DAS ATIVIDADES DE FINANCIAMENTO | J54: =SUM(J55:J58) -> 0 | L54: =SUM(L55:L58) -> 0 | P54: =SUM(P55:P58) -> 0 | R54: =J54-P54 -> 0
B55: Integralização de Capital | J55: 0 | L55: 0 | P55: =SUMIFS(BP!J:J,BP!K:K,DFC!C55) -> 0 | R55: =J55-P55 -> 0
B56: Pagto. De Ctas a Pagar L.P. | J56: 0 | L56: 0 | P56: =SUMIFS(BP!J:J,BP!K:K,DFC!C56) -> 0 | R56: =J56-P56 -> 0
B57: Pagamento por Impostos Parcelados | J57: 0 | L57: 0 | P57: =SUMIFS(BP!J:J,BP!K:K,DFC!C57) -> 0 | R57: =J57-P57 -> 0
B58: Pagamento Processo Trabalhista | J58: 0 | L58: 0 | P58: =SUMIFS(BP!J:J,BP!K:K,DFC!C58) -> 0 | R58: =J58-P58 -> 0
B60: Caixa líquido proveniente das atividades de financiamento | J60: 0 | L60: 0 | P60: =SUMIFS(BP!J:J,BP!K:K,DFC!C60) -> 0 | R60: =J60-P60 -> 0
A62: VARIAÇÃO LÍQUIDA DE CAIXA E EQUIVALENTE DE CAIXA | J62: =SUM(J45+J54)+J47 -> -4042620.7 | L62: =SUM(L45+L47) -> -3138208.6 | P62: =SUM(P45+P54) -> 5367179.1 | R62: =J62-P62 -> -9409799.9
A65: Caixa e Equivalentes de Caixa no Início do Período | J65: =SUM('BALANCETE 2022'!C14) -> 6903819.1 | L65: =SUM('BALANCETE 2021'!E12) -> 10042028 | P65: =SUMIFS(BP!J:J,BP!K:K,DFC!A65) -> 6903819.1 | R65: =J65-P65 -> 0
A66: Caixa e Equivalentes de Caixa no Final do Período | J66: =SUM('BALANCETE 2022'!F14) -> 2861198.4 | L66: =SUM('BALANCETE 2021'!I12) -> 6903819.1 | P66: =SUMIFS(BP!J:J,BP!K:K,DFC!A66) -> 2861198.4 | R66: =J66-P66 -> 0
A67: VARIAÇÃO LÍQUIDA DE CAIXA E EQUIVALENTE DE CAIXA | J67: =SUM(J66-J65) -> -4042620.7 | L67: =SUM(L66-L65) -> -3138208.6 | P67: =SUM(P66-P65) -> -4042620.7 | R67: =J67-P67 -> 0
J69: =J67-J62 -> 0.0019999957 | L69: =L67-L62 -> -0.0019999947
J70: =J69*2 -> 0.0039999913 | L70: =L67-L62 -> -0.0019999947 | P70: =P67-P62 -> -9409799.9 | R70: =J69-P70 -> 9409799.9
J71: =J69/2 -> 0.00099999784
A73: As Notas Explicativas são parte integrante das Demonstrações Financeiras
D75: REPRESENTANTE LEGAL | J75: RESPONSÁVEL TÉCNICO | P75: RESPONSÁVEL TÉCNICO | R75: RESPONSÁVEL TÉCNICO
D79: Jose Carlos dos Santos Vera Lucia Nunes dos Santos
D80: Diretor Presidente Contadora CRC-Go 260008/0
D81: CPF nº 556.009.211-87

Sheet BALANCETE 2023
C7: INDÚSTRIAQUÍMICADOESTADODEGOIÁSS/A-IQUEGO
C8: CNPJNº01.541.283/0001-41 | L8: 45400
I10: 2022 | L10: 2023
C11: Descrição | D11: Classificação | E11: Saldo Anterior | F11: Debito | G11: Crédito | H11: Saldo Atual | I11: Saldo Anterior | J11: Debito | K11: Crédito | L11: Saldo Atual | M11: NOTA | N11: N
C12: 1 | D12: ATIVO - [1] | E12: 58488221 | F12: 80119026 | G12: 82900130 | H12: 55707117 | I12: 58488221 | J12: 80119026 | K12: 82900130 | L12: 55707117
C13: 1.1 | D13: Ativo - [16444] | E13: 22601893 | F13: 67018129 | G13: 70381690 | H13: 19238332 | I13: 22601893 | J13: 67018129 | K13: 70381690 | L13: 19238332
C14: 1.1.11 | D14: BENS NUMERARIOS - [4] | E14: 2861198.4 | F14: 44813626 | G14: 44565558 | H14: 3109267.4 | I14: 2861198.4 | J14: 44813626 | K14: 44565558 | L14: 3109267.4 | M14: A | N14: 4
C15: 1.1.11.02 | D15: DEPOSITOS BANCARIOS - [9] | E15: 509731.36 | F15: 44684492 | G15: 42922130 | H15: 2272093.3 | I15: 509731.36 | J15: 44684492 | K15: 42922130 | L15: 2272093.3
C16: 1.1.11.02.0002 | D16: BANCO DO BRASIL S/A - C/C 6.091-7 - [11] | E16: 13222.72 | F16: 866.21 | G16: 14088.93 | H16: 0 | I16: 13222.72 | J16: 866.21 | K16: 14088.93 | L16: 0
C17: 1.1.11.02.0003 | D17: BANCO ITAU S/A - C/C 1.399-5 - [12] | E17: 2.7 | F17: 118616.79 | G17: 118609.49 | H17: 10 | I17: 2.7 | J17: 118616.79 | K17: 118609.49 | L17: 10
C18: 1.1.11.02.0018 | D18: BANCO CEF S/A - C/C 811-6 - [2378] | E18: 0 | F18: 725.2 | G18: 725.2 | H18: 0 | I18: 0 | J18: 725.2 | K18: 725.2 | L18: 0
C19: 1.1.11.02.0019 | D19: BANCO CEF S/A C/C 1661-5 - [8559] | E19: 0 | F19: 1098520 | G19: 1098520 | H19: 0 | I19: 0 | J19: 1098520 | K19: 1098520 | L19: 0
C20: 1.1.11.02.0026 | D20: BANCO CEF S/A C/C 1866-9 - [10367] | E20: 0 | F20: 1582255.2 | G20: 1582255.2 | H20: 0 | I20: 0 | J20: 1582255.2 | K20: 1582255.2 | L20: 0
C21: 1.1.11.02.0031 | D21: BANCO CEF S/A - C/C 2385-9 - [11530] | E21: 0 | F21: 1719812.2 | G21: 1719812.2 | H21: 0 | I21: 0 | J21: 1719812.2 | K21: 1719812.2 | L21: 0
C22: 1.1.11.02.0032 | D22: BANCO DO BRASIL S/A C/C 7096-3 - [12888] | E22: 20844 | F22: 1170.95 | G22: 22014.95 | H22: 0 | I22: 20844 | J22: 1170.95 | K22: 22014.95 | L22: 0
C23: 1.1.11.02.0033 | D23: BANCO CEF S/A - C/C 0264-4 - [14064] | E23: 0 | F23: 2014.37 | G23: 2014.37 | H23: 0 | I23: 0 | J23: 2014.37 | K23: 2014.37 | L23: 0
C24: 1.1.11.02.0035 | D24: BANCO ITAU S/A C/C 10744-2 - [16283] | E24: 0 | F24: 33907.15 | G24: 33907.15 | H24: 0 | I24: 0 | J24: 33907.15 | K24: 33907.15 | L24: 0
C25: 1.1.11.02.0036 | D25: CONTA ÚNICA Nº 100004 - GOV. GOIÁS - FILIAL - [16997] | E25: 218884.75 | F25: 8595874.4 | G25: 8297740 | H25: 517019.18 | I25: 218884.75 | J25: 8595874.4 | K25: 8297740 | L25: 517019.18
C26: 1.1.11.02.0037 | D26: CONTA ÚNICA Nº 100004 - GOV. GOIÁS - MATRIZ - [17004] | E26: 256777.19 | F26: 31530729 | G26: 30032442 | H26: 1755064.1 | I26: 256777.19 | J26: 31530729 | K26: 30032442 | L26: 1755064.1
... C33: 1.1.11.05.0001 | D33: BANCO CEF S/A C/POUP 1866-9 CONV 787297/2013 - [13665] | E33: 2345993.8 | F33: 127510.49 | G33: 1642551.3 | H33: 830953 | I33: 2345993.8 | J33: 127510.49 | K33: 1642551.3 | L33: 830953
C34: 1.1.21 | D34: CREDITOS - [48] | E34: 1889386.8 | F34: 5971348.3 | G34: 7821448.7 | H34: 39286.4 | I34: 1889386.8 | J34: 5971348.3 | K34: 7821448.7 | L34: 39286.4 | M34: A | N34: 5
C35: 1.1.21.01 | D35: DUPLICATAS A RECEBER - [49] | E35: 1613764.6 | F35: 5971348.3 | G35: 7545826.5 | H35: 39286.4 | I35: 1613764.6 | J35: 5971348.3 | K35: 7545826.5 | L35: 39286.4
C36: 1.1.21.01.0001 | D36: (-) PROVISÃO PARA CRÉTOS DE LIQUIDAÇÃO DUVIDOSA | E36: 0 | F36: 0 | G36: 362277.03 | H36: -362277.03 | I36: 0 | J36: 0 | K36: 362277.03 | L36: -362277.03
C37: 1.1.21.01.0285 | D37: SECRET.ESTADO DA SAUDE DO AMAPA - [1197] | E37: 0 | F37: 19380 | G37: 19380 | H37: 0 | I37: 0 | J37: 19380 | K37: 19380 | L37: 0
C38: 1.1.21.01.0307 | D38: FUNDO ESTADUAL DE SAUDE SERGIPE - [1351] | E38: 0 | F38: 410900 | G38: 168000 | H38: 242900 | I38: 0 | J38: 410900 | K38: 168000 | L38: 242900
C39: 1.1.21.01.0569 | D39: PREFEITURA MUNICIPAL DE VIANOPOLIS - [5460] | E39: 0 | F39: 16193.65 | G39: 16193.65 | H39: 0 | I39: 0 | J39: 16193.65 | K39: 16193.65 | L39: 0
C40: 1.1.21.01.0629 | D40: INSTITUTO DE CIENCIAS FARMACEUTICAS - [8286] | E40: 20584.03 | F40: 0 | G40: 0 | H40: 20584.03 | I40: 20584.03 | J40: 0 | K40: 0 | L40: 20584.03
C41: 1.1.21.01.0654 | D41: FUNDO DE SAUDE DE EDEIA GO - [9259] | E41: 0 | F41: 23520 | G41: 23520 | H41: 0 | I41: 0 | J41: 23520 | K41: 23520 | L41: 0
C42: 1.1.21.01.0764 | D42: FUNDO DE SAUDE DE MARA ROSA - [10755] | E42: 0 | F42: 3816 | G42: 3816 | H42: 0 | I42: 0 | J42: 3816 | K42: 3816 | L42: 0
C43: 1.1.21.01.0770 | D43: FUNDO DE SAUDE DE CALDAS NOVAS GO - [10874] | E43: 0 | F43: 21000 | G43: 21000 | H43: 0 | I43: 0 | J43: 21000 | K43: 21000 | L43: 0
C44: 1.1.21.01.0815 | D44: FUNDO DE SAUDE DE TURVANIA GO - [11698] | E44: 0 | F44: 33600 | G44: 33600 | H44: 0 | I44: 0 | J44: 33600 | K44: 33600 | L44: 0
C45: 1.1.21.01.0823 | D45: FUNDO DE SAUDE DE NOVO PLANALTO DE GOIAS - GO - [11768] | E45: 0 | F45: 21300 | G45: 21300 | H45: 0 | I45: 0 | J45: 21300 | K45: 21300 | L45: 0
C46: 1.1.21.01.0831 | D46: FUNDO DE SAUDE DE LEOPOLDO DE BULHOES -GO - [11824] | E46: 0 | F46: 7593 | G46: 7593 | H46: 0 | I46: 0 | J46: 7593 | K46: 7593 | L46: 0
... C97: 1.1.22 | D97: OUTROS CREDITOS - [311] | E97: 2432944.8 | F97: 8624781.9 | G97: 1420374 | H97: 9637352.7 | I97: 2432944.8 | J97: 8624781.9 | K97: 1420374 | L97: 9637352.7
C98: 1.1.22.03 | D98: ANTECIPACÕES - [500] | E98: 100920.1 | F98: 1206475.6 | G98: 1021786 | H98: 285609.68 | I98: 100920.1 | J98: 1206475.6 | K98: 1021786 | L98: 285609.68 | M98: A | N98: 7
C99: 1.1.22.03.0002 | D99: ADIANTAMENTOS 13º SALARIO - [502] | E99: 0 | F99: 377173.55 | G99: 377173.55 | H99: 0 | I99: 0 | J99: 377173.55 | K99: 377173.55 | L99: 0
C100: 1.1.22.03.0003 | D100: ADIANTAMENTOS DE FERIAS - [503] | E100: 100920.1 | F100: 829302.06 | G100: 644612.48 | H100: 285609.68 | I100: 100920.1 | J100: 829302.06 | K100: 644612.48 | L100: 285609.68
C101: 1.1.22.06 | D101: IMPOSTOS A COMPENSAR - [550] | E101: 2331952.7 | F101: 7418306.3 | G101: 398587.99 | H101: 9351671 | I101: 2331952.7 | J101: 7418306.3 | K101: 398587.99 | L101: 9351671 | N101: 6
C102: 1.1.22.06.0002 | D102: CSLL PAGO A MAIOR OU INDEVIDO - [552] | E102: 185.6 | F102: 0 | G102: 0 | H102: 185.6 | I102: 185.6 | J102: 0 | K102: 0 | L102: 185.6
C103: 1.1.22.06.0003 | D103: CSLL RETIDO NA FONTE - [553] | E103: 1796.65 | F103: 0 | G103: 0 | H103: 1796.65 | I103: 1796.65 | J103: 0 | K103: 0 | L103: 1796.65
C104: 1.1.22.06.0004 | D104: IMPOSTO DE RENDA RETIDO NA FONTE - [554] | E104: 397399.05 | F104: 1188.94 | G104: 398587.99 | H104: 0 | I104: 397399.05 | J104: 1188.94 | K104: 398587.99 | L104: 0
C105: 1.1.22.06.0012 | D105: COFINS - [562] | E105: 1587940 | F105: 6099640.8 | G105: 0 | H105: 7687580.8 | I105: 1587940 | J105: 6099640.8 | K105: 0 | L105: 7687580.8
C106: 1.1.22.06.0014 | D106: PASEP - [564] | E106: 344566.26 | F106: 1317383 | G106: 0 | H106: 1661949.2 | I106: 344566.26 | J106: 1317383 | K106: 0 | L106: 1661949.2
C107: 1.1.22.06.0029 | D107: CSRF 5952 PAGO A MAIOR OU INDEVIDO - [14022] | E107: 65.1 | F107: 0 | G107: 0 | H107: 65.1 | I107: 65.1 | J107: 0 | K107: 0 | L107: 65.1
C108: 1.1.22.06.0030 | D108: IR A RECUPERAR DAS NOTAS DE VENDAS - [16724] | E108: 0 | F108: 93.65 | G108: 0 | H108: 93.65 | I108: 0 | J108: 93.65 | K108: 0 | L108: 93.65
C109: 1.1.22.08 | D109: OUTROS CREDITOS - [575] | E109: 71.96 | F109: 0 | G109: 0 | H109: 71.96 | I109: 71.96 | J109: 0 | K109: 0 | L109: 71.96 | M109: A | N109: 6
C110: 1.1.22.08.0001 | D110: BANCO REAL S/A - [576] | E110: 32.44 | F110: 0 | G110: 0 | H110: 32.44 | I110: 32.44 | J110: 0 | K110: 0 | L110: 32.44
C111: 1.1.22.08.0002 | D111: ELETROBRAS S/A - [577] | E111: 30.14 | F111: 0 | G111: 0 | H111: 30.14 | I111: 30.14 | J111: 0 | K111: 0 | L111: 30.14
C112: 1.1.22.08.0003 | D112: GERASUL - [578] | E112: 9.38 | F112: 0 | G112: 0 | H112: 9.38 | I112: 9.38 | J112: 0 | K112: 0 | L112: 9.38
C113: 1.1.31 | D113: PRODUTOS - [580] | E113: 120930.33 | F113: 1740550.9 | G113: 1861481.2 | H113: 0 | I113: 120930.33 | J113: 1740550.9 | K113: 1861481.2 | L113: 0 | M113: A | N113: 8
C114: 1.1.31.01 | D114: PRODUTOS ACABADOS - [581] | E114: 120930.33 | F114: 1740550.9 | G114: 1861481.2 | H114: 0 | I114: 120930.33 | J114: 1740550.9 | K114: 1861481.2 | L114: 0
C115: 1.1.31.01.0005 | D115: (-) PERDA DE ESTOQUE - [586] | E115: 0 | F115: 33192.33 | G115: 159058.18 | H115: -125865.85 | I115: 0 | J115: 33192.33 | K115: 159058.18 | L115: -125865.85
C116: 1.1.31.01.0007 | D116: (-) PROVISÃO PARA PERDAS EM ESTOQUE - [10599] | E116: -18391.52 | F116: 1701861 | G116: 1701861 | H116: -18391.52 | I116: -18391.52 | J116: 1701861 | K116: 1701861 | L116: -18391.52
C117: 1.1.31.01.0010 | D117: ESTOQUE - IQ. ALCOOL GEL 70% - 1 LITRO - [16017] | E117: 98288.81 | F117: 0 | G117: 230.01 | H117: 98058.8 | I117: 98288.81 | J117: 0 | K117: 230.01 | L117: 98058.8
C118: 1.1.31.01.0011 | D118: ESTOQUE - IQ. ALCOOL GEL 70% - 440G - [16024] | E118: 37745.6 | F118: 0 | G118: 119.04 | H118: 37626.56 | I118: 37745.6 | J118: 0 | K118: 119.04 | L118: 37626.56
C119: 1.1.31.01.0012 | D119: ESTOQUE - IQ. ALCOOL GEL 70% - 5 L - [16031] | E119: 3138.45 | F119: 0 | G119: 0 | H119: 3138.45 | I119: 3138.45 | J119: 0 | K119: 0 | L119: 3138.45
C120: 1.1.31.01.0013 | D120: ESTOQUE - IQ. ALCOOL LIQ 70% - 1 LITRO - [16038] | E120: 148.99 | F120: 0 | G120: 0 | H120: 148.99 | I120: 148.99 | J120: 0 | K120: 0 | L120: 148.99
C121: 1.1.31.01.0019 | D121: SAHS HUNT 76 LIQUIDO (HIPOCLORIDO DE CALCIO) - [17578] | E121: 0 | F121: 5497.58 | G121: 213.01 | H121: 5284.57 | I121: 0 | J121: 5497.58 | K121: 213.01 | L121: 5284.57
C122: 1.1.32 | D122: MATERIAIS - [588] | E122: 16372.58 | F122: 0 | G122: 7447.58 | H122: 8925 | I122: 16372.58 | J122: 0 | K122: 7447.58 | L122: 8925 | M122: A | N122: 8
C123: 1.1.32.01 | D123: MATERIAS-PRIMAS - [589] | E123: 16372.58 | F123: 0 | G123: 7447.58 | H123: 8925 | I123: 16372.58 | J123: 0 | K123: 7447.58 | L123: 8925
C124: 1.1.32.01.0001 | D124: ESTOQUE MATERIA PRIMA - [590] | E124: 10875 | F124: 0 | G124: 1950 | H124: 8925 | I124: 10875 | J124: 0 | K124: 1950 | L124: 8925
C125: 1.1.32.01.0009 | D125: SAHS HUNT 76 LIQUIDO ( HIPOCLORREIDO DE CALCIO) - [17692] | E125: 5497.58 | F125: 0 | G125: 5497.58 | H125: 0 | I125: 5497.58 | J125: 0 | K125: 5497.58 | L125: 0
C126: 1.1.33 | D126: EMBALAGENS - [609] | E126: 349578.28 | F126: 13619.48 | G126: 0 | H126: 363197.76 | I126: 349578.28 | J126: 13619.48 | K126: 0 | L126: 363197.76
C127: 1.1.33.01 | D127: EMBALAGENS - [610] | E127: 349578.28 | F127: 13619.48 | G127: 0 | H127: 363197.76 | I127: 349578.28 | J127: 13619.48 | K127: 0 | L127: 363197.76 | M127: A | N127: 8
C128: 1.1.33.01.0001 | D128: ESTOQUE DE EMBALAGENS - [611] | E128: 364995.54 | F128: 0 | G128: 0 | H128: 364995.54 | I128: 364995.54 | J128: 0 | K128: 0 | L128: 364995.54
C129: 1.1.33.01.0006 | D129: (-) PROVISÃO DE PERDA DE ESTOQUE - [7580] | E129: -15417.26 | F129: 13619.48 | G129: 0 | H129: -1797.78 | I129: -15417.26 | J129: 13619.48 | K129: 0 | L129: -1797.78
C130: 1.1.34 | D130: MERCADORIAS P/ REVENDA - [629] | E130: 9891466.1 | F130: 3190445.7 | G130: 8719777.2 | H130: 4362134.5 | I130: 9891466.1 | J130: 3190445.7 | K130: 8719777.2 | L130: 4362134.5 | M130: A | N130: 8
C131: 1.1.34.01 | D131: MERCADORIAS P/ REVENDA - [630] | E131: 9891466.1 | F131: 3190445.7 | G131: 8719777.2 | H131: 4362134.5 | I131: 9891466.1 | J131: 3190445.7 | K131: 8719777.2 | L131: 4362134.5
C132: 1.1.34.01.0006 | D132: SOLUÇÃO CONTOLE DE GLICOSE - [17657] | E132: 15037.61 | F132: 997.48 | G132: 1084.64 | H132: 14950.45 | I132: 15037.61 | J132: 997.48 | K132: 1084.64 | L132: 14950.45
C133: 1.1.34.01.0007 | D133: BATERIA DE LITIO CR 2032 - GLUCOLEADER - [17664] | E133: 8083.82 | F133: 1315.08 | G133: 6745.04 | H133: 2653.86 | I133: 8083.82 | J133: 1315.08 | K133: 6745.04 | L133: 2653.86
C134: 1.1.34.01.0008 | D134: CABO GLUCOLEADER 2 SAIDAS E CABO USB OKMETER - [17671] | E134: 329.84 | F134: 0 | G134: 1.68 | H134: 328.16 | I134: 329.84 | J134: 0 | K134: 1.68 | L134: 328.16
C135: 1.1.34.01.0009 | D135: MEDIDOR DE GLICOSE SANG OKMETER MATCH II GOD - [17678] | E135: 384752.36 | F135: 12431.05 | G135: 277112.55 | H135: 120070.86 | I135: 384752.36 | J135: 12431.05 | K135: 277112.55 | L135: 120070.86
C136: 1.1.34.01.0010 | D136: TIRA DE TESTE DE GLICOSE OKMETER MATCH - [17685] | E136: 3090189.1 | F136: 2819807.2 | G136: 3462638.7 | H136: 2447357.6 | I136: 3090189.1 | J136: 2819807.2 | K136: 3462638.7 | L136: 2447357.6
C137: 1.1.34.01.0011 | D137: ESTOQUE DE MERCADORIA - MEDIDOR GLICOSE - [3419] | E137: 1870632 | F137: 147322.1 | G137: 205066.1 | H137: 1812888 | I137: 1870632 | J137: 147322.1 | K137: 205066.1 | L137: 1812888
C138: 1.1.34.01.0012 | D138: ESTOQUE DE MERCADORIA - TIRAS DE TESTE - [3426] | E138: 4522441.3 | F138: 208572.73 | G138: 3015252.2 | H138: 1715761.8 | I138: 4522441.3 | J138: 208572.73 | K138: 3015252.2 | L138: 1715761.8
C139: 1.1.34.01.0013 | D139: (-)PERDA DE MERCADORIAS P/ REVENDA - [17797] | E139: 0 | F139: 0 | G139: 1751876.2 | H139: -1751876.2 | I139: 0 | J139: 0 | K139: 1751876.2 | L139: -1751876.2
C140: 1.1.36 | D140: ESTOQUE EM PODER DE TERCEIROS - [649] | E140: 0 | F140: 5550 | G140: 5550 | H140: 0 | I140: 0 | J140: 5550 | K140: 5550 | L140: 0
C141: 1.1.36.01 | D141: ESTOQUE EM PODER DE TERCEIROS - [650] | E141: 0 | F141: 5550 | G141: 5550 | H141: 0 | I141: 0 | J141: 5550 | K141: 5550 | L141: 0
C142: 1.1.36.01.0002 | D142: GOLDEN CBD+ NANOTECH - CANABIDIOL - [917] | E142: 0 | F142: 5550 | G142: 5550 | H142: 0 | I142: 0 | J142: 5550 | K142: 5550 | L142: 0
C143: 1.1.38 | D143: ALMOXARIFADO DE CONSUMO - [3784] | E143: 1465155.6 | F143: 98265.79 | G143: 1457306.3 | H143: 106115.11 | I143: 1465155.6 | J143: 98265.79 | K143: 1457306.3 | L143: 106115.11 | M143: A | N143: 8
C144: 1.1.38.01 | D144: ALMOXARIFADO DE CONSUMO - [3791] | E144: 1465155.6 | F144: 98265.79 | G144: 1457306.3 | H144: 106115.11 | I144: 1465155.6 | J144: 98265.79 | K144: 1457306.3 | L144: 106115.11
C145: 1.1.38.01.0001 | D145: ESTOQUE ALMOXARIFADO DE CONSUMO - [3798] | E145: 97115.13 | F145: 98265.79 | G145: 89265.81 | H145: 106115.11 | I145: 97115.13 | J145: 98265.79 | K145: 89265.81 | L145: 106115.11
C146: 1.1.38.01.0002 | D146: EQUIPAMENTOS - [16346] | E146: 1368040.5 | F146: 0 | G146: 1368040.5 | H146: 0 | I146: 1368040.5 | J146: 0 | K146: 1368040.5 | L146: 0
C147: 1.1.39 | D147: ESTOQUE DE ARRENDAMENTO MERCANTIL - [3524] | E147: 0 | F147: 1368040.5 | G147: 22.47 | H147: 1368018 | I147: 0 | J147: 1368040.5 | K147: 22.47 | L147: 1368018 | M147: A | N147: 8
C148: 1.1.39.01 | D148: ESTOQUE DE ARRENDAMENTO MERCANTIL - [3580] | E148: 0 | F148: 1368040.5 | G148: 22.47 | H148: 1368018 | I148: 0 | J148: 1368040.5 | K148: 22.47 | L148: 1368018
C149: 1.1.39.01.0001 | D149: ESTOQUE DE ARRENDAMENTO MERCANTIL HMD - [3587] | E149: 0 | F149: 1368040.5 | G149: 22.47 | H149: 1368018 | I149: 0 | J149: 1368040.5 | K149: 22.47 | L149: 1368018
C150: 1.1.51 | D150: DESP. DIFERIDAS / ANTECIPADAS - [681] | E150: 3574860.5 | F150: 1191899.9 | G150: 4522725.1 | H150: 244035.2 | I150: 3574860.5 | J150: 1191899.9 | K150: 4522725.1 | L150: 244035.2
C151: 1.1.51.01 | D151: DESPESAS DIFERIDA S/ ANTECIPADAS - [682] | E151: 3574860.5 | F151: 1191899.9 | G151: 4522725.1 | H151: 244035.2 | I151: 3574860.5 | J151: 1191899.9 | K151: 4522725.1 | L151: 244035.2 | M151: A | N151: 9
C152: 1.1.51.01.0001 | D152: BLOQUEIOS JUDICIAIS - [683] | E152: 3573981.1 | F152: 1188428.4 | G152: 4518374.4 | H152: 244035.2 | I152: 3573981.1 | J152: 1188428.4 | K152: 4518374.4 | L152: 244035.2
C153: 1.1.51.01.0006 | D153: PREMIOS DE SEGUROS - [688] | E153: 879.32 | F153: 3471.45 | G153: 4350.77 | H153: 0 | I153: 879.32 | J153: 3471.45 | K153: 4350.77 | L153: 0
C154: 1.2 | D154: Creditos longo prazo - [16451] | E154: 35886327 | F154: 13100897 | G154: 12518440 | H154: 36468785 | I154: 35886327 | J154: 13100897 | K154: 12518440 | L154: 36468785
C155: 1.2.11 | D155: CREDITOS DE LONGO PRAZO - [702] | E155: 7496348.6 | F155: 8822699.1 | G155: 6522274.2 | H155: 9796773.5 | I155: 7496348.6 | J155: 8822699.1 | K155: 6522274.2 | L155: 9796773.5 | M155: A | N155: 10 | P155: ='BALANCETE 2023'!$L$155-'BALANCETE 2023'!L164-'BALANCETE 2023'!L162-'BALANCETE 2023'!L160 -> 9787910.1
C156: 1.2.11.02 | D156: VALORES MOBILIARIOS - [710] | E156: 8468.24 | F156: 583957.26 | G156: 0 | H156: 592425.5 | I156: 8468.24 | J156: 583957.26 | K156: 0 | L156: 592425.5
C157: 1.2.11.02.0001 | D157: ELETROBRAS - [711] | E157: 530.16 | F157: 14744.64 | G157: 0 | H157: 15274.8 | I157: 530.16 | J157: 14744.64 | K157: 0 | L157: 15274.8
C158: 1.2.11.02.0002 | D158: PETROBRAS - [712] | E158: 4088.75 | F158: 0 | G158: 0 | H158: 4088.75 | I158: 4088.75 | J158: 0 | K158: 0 | L158: 4088.75
C159: 1.2.11.02.0003 | D159: TELEFONICA BRASIL ON - [713] | E159: 0 | F159: 2725.44 | G159: 0 | H159: 2725.44 | I159: 0 | J159: 2725.44 | K159: 0 | L159: 2725.44
C160: 1.2.11.02.0004 | D160: ANGIE - ITAÚ [722] | E160: 62.89 | F160: 5014.07 | G160: 0 | H160: 5076.96 | I160: 62.89 | J160: 5014.07 | K160: 0 | L160: 5076.96
C161: 1.2.11.02.0005 | D161: AÇÕES CLARO - ITAÚ [737] | E161: 0 | F161: 552024 | G161: 0 | H161: 552024 | I161: 0 | J161: 552024 | K161: 0 | L161: 552024
C162: 1.2.11.02.0006 | D162: BANCOOB [723] | E162: 2720 | F162: 0 | G162: 0 | H162: 2720 | I162: 2720 | J162: 0 | K162: 0 | L162: 2720
C163: 1.2.11.02.0007 | D163: [744]AÇOES TIM | I163: 0 | J163: 9449.11 | K163: 0 | L163: 9449.11
...

Sheet BALANCETE 2024
B2: BALANCETE 01/01/2024 A 31/01/2024
B3: CLASSIFICAÇÃO | C3: DESCRIÇÃO | D3: SALDO ANTERIOR | E3: DÉBITO | F3: CRÉDITO | G3: SALDO ATUAL | H3: NOTA | I3: N | J3: NF | K3: AQUISIÇÕES IMOBILIZADOS
B4: [1] | C4: ATIVO - [1] | D4: 55707117 | E4: 1.1802461e+08 | F4: 1.1990834e+08 | G4: 53823390 | J4: 1504 | K4: 13030 | L4: ar condicionado
B5: [1.1] | C5: Ativo - [16444] | D5: 19238332 | E5: 1.1038795e+08 | F5: 1.0990199e+08 | G5: 19724292 | J5: 3012 | K5: 55268.8 | L5: computadores
B6: [1.1.11] | C6: BENS NUMERARIOS - [4] | D6: 3109267.4 | E6: 93578274 | F6: 87048187 | G6: 9639354.6 | H6: A | I6: 4 | J6: 3013 | K6: 40569.87 | L6: computadores
B7: [1.1.11.02] | C7: DEPOSITOS BANCARIOS - [9] | D7: 2272093.3 | E7: 93473535 | F7: 86110750 | G7: 9634879 | J7: 3015 | K7: 38688.16 | L7: computadores
B8: [1.1.11.02.0002] | C8: BANCO DO BRASIL S/A - C/C 6.091-7 - [11] | D8: 0 | E8: 16378.22 | F8: 16378.22 | G8: 0 | J8: 3014 | K8: 38688.16 | L8: computadores
B9: [1.1.11.02.0003] | C9: BANCO ITAU S/A - C/C 1.399-5 - [12] | D9: 10 | E9: 904800.57 | F9: 904810.55 | G9: 0.02 | J9: 460 | K9: 8860 | L9: computadores
B10: [1.1.11.02.0019] | C10: BANCO CEF S/A C/C 1661-5 - [8559] | D10: 0 | E10: 61684.69 | F10: 61684.69 | G10: 0 | J10: 772 | K10: 1980 | L10: fogão
B11: [1.1.11.02.0026] | C11: BANCO CEF S/A C/C 1866-9 - [10367] | D11: 0 | E11: 869445.53 | F11: 869445.53 | G11: 0 | J11: TOTAL | K11: =SUM(K4:K10) -> 197084.99
B12: [1.1.11.02.0031] | C12: BANCO CEF S/A - C/C 2385-9 - [11530] | D12: 0 | E12: 26789.4 | F12: 26789.4 | G12: 0
B13: [1.1.11.02.0032] | C13: BANCO DO BRASIL S/A C/C 7096-3 - [12888] | D13: 0 | E13: 14771.85 | F13: 13842.31 | G13: 929.54
B14: [1.1.11.02.0035] | C14: BANCO ITAU S/A C/C 10744-2 - [16283] | D14: 0 | E14: 784780.42 | F14: 784780.17 | G14: 0.25
B15: [1.1.11.02.0036] | C15: CONTA ÚNICA Nº 100004 - GOV. GOIÁS - FILIAL - [16997] | D15: 517019.18 | E15: 7005179.4 | F15: 2245116.9 | G15: 5277081.6
B16: [1.1.11.02.0037] | C16: CONTA ÚNICA Nº 100004 - GOV. GOIÁS - MATRIZ - [17004] | D16: 1755064.1 | E16: 76712805 | F16: 77150038 | G16: 1317831.8
B17: [1.1.11.02.0039] | C17: CONTA UNICA - 27990164 - SUPERAVIT - [17753] | D17: 0 | E17: 1611553.3 | F17: 0 | G17: 1611553.3
B18: [1.1.11.02.0040] | C18: CONTA UNICA - 15010100 - DO TESOURO ESTADUAL - [17760] | D18: 0 | E18: 19860.18 | F18: 0 | G18: 19860.18
B19: [1.1.11.02.0041] | C19: CONTA UNICA - 17990164 - DO TESOURO ESTADUAL - [17767] | D19: 0 | E19: 2620029.3 | F19: 1213471.8 | G19: 1406557.5
B20: [1.1.11.02.0042] | C20: CONTA UNICA - 25000100 - DISPONIBILIDADE CUTE - SU - [17774] | D20: 0 | E20: 2825456.9 | F20: 2824392.1 | G20: 1064.81
B21: [1.1.11.03] | C21: APLICAÇÕES FINANCEIRAS - [30] | D21: 6221.03 | E21: 82626.64 | F21: 84372.07 | G21: 4475.6
B22: [1.1.11.03.0004] | C22: BANCO ITAU S/A C/C 1399-5 - [5425] | D22: 95.37 | E22: 80861.82 | F22: 80957.19 | G22: 0
B23: [1.1.11.03.0008] | C23: BANCO CEF S/A C/P 811-6 - [9945] | D23: 740.71 | E23: 61.47 | F23: 12.11 | G23: 790.07
... B27: [1.1.11.05.0001] | C27: BANCO CEF S/A C/POUP 1866-9 CONV 787297/2013 - [13665] | D27: 830953 | E27: 22111.94 | F27: 853064.94 | G27: 0
B28: [1.1.21] | C28: CREDITOS - [48] | D28: 39286.4 | E28: 3330542.5 | F28: 2991254.5 | G28: 378574.36 | H28: A | I28: 5
B29: [1.1.21.01] | C29: DUPLICATAS A RECEBER - [49] | D29: 39286.4 | E29: 3330542.5 | F29: 2991254.5 | G29: 378574.36
B30: [1.1.21.01.0001] | C30: (-) PROVISÃO PARA CRÉDITOS DE LIQUIDAÇÃO DUVIDOSA - [18308] | D30: -362277.03 | E30: 14913 | F30: 0 | G30: -347364.03
B31: [1.1.21.01.0285] | C31: SECRET.ESTADO DA SAUDE DO AMAPA - [1197] | D31: 0 | E31: 8904 | F31: 8904 | G31: 0
B32: [1.1.21.01.0307] | C32: FUNDO ESTADUAL DE SAUDE SERGIPE - [1351] | D32: 242900 | E32: 0 | F32: 0 | G32: 242900
B33: [1.1.21.01.0326] | C33: PREFEITURA DE ITAJA GO - [1477] | D33: 0 | E33: 210 | F33: 210 | G33: 0
B34: [1.1.21.01.0380] | C34: PREFEITURA DE NOVO PLANALTO - [1855] | D34: 0 | E34: 840 | F34: 840 | G34: 0
B35: [1.1.21.01.0391] | C35: PREFEITURA NIQUELANDIA GO - [1932] | D35: 0 | E35: 41160 | F35: 41160 | G35: 0
B36: [1.1.21.01.0461] | C36: PREFEITURA DE PALMELO GO - [3423] | D36: 0 | E36: 3270 | F36: 3270 | G36: 0
B37: [1.1.21.01.0466] | C37: PREFEITURA DE IPAMERI GO - [3465] | D37: 0 | E37: 8400 | F37: 8400 | G37: 0
B38: [1.1.21.01.0515] | C38: PREFEITURA DE MAIRIPOTABA GO - [3899] | D38: 0 | E38: 1462.5 | F38: 1462.5 | G38: 0
B39: [1.1.21.01.0569] | C39: PREFEITURA MUNICIPAL DE VIANOPOLIS - [5460] | D39: 0 | E39: 17023.12 | F39: 17023.12 | G39: 0
B40: [1.1.21.01.0629] | C40: INSTITUTO DE CIENCIAS FARMACEUTICAS - [8286] | D40: 20584.03 | E40: 0 | F40: 0 | G40: 20584.03
... B121: [1.1.22] | C121: OUTROS CREDITOS - [311] | D121: 9637352.7 | E121: 3378093.9 | F121: 11958419 | G121: 1057027.2
B122: [1.1.22.01] | C122: OUTROS CREDITOS - [312] | D122: 0 | E122: 8613.72 | F122: 5742.62 | G122: 2871.1 | H122: A | I122: 6
B123: [1.1.22.01.0001] | C123: CONTAS A RECEBER - FUNCIONARIOS - [319] | D123: 0 | E123: 8613.72 | F123: 5742.62 | G123: 2871.1
B124: [1.1.22.03] | C124: ANTECIPACÕES - [500] | D124: 285609.68 | E124: 2393094.2 | F124: 2678703.9 | G124: 0 | H124: A | I124: 7
B125: [1.1.22.03.0002] | C125: ADIANTAMENTOS 13º SALARIO - [502] | D125: 0 | E125: 805509.47 | F125: 805509.47 | G125: 0
B126: [1.1.22.03.0003] | C126: ADIANTAMENTOS DE FERIAS - [503] | D126: 285609.68 | E126: 1538712.3 | F126: 1824322 | G126: 0
B127: [1.1.22.03.0007] | C127: ADIANTAMENTO VALE ALIMENTAÇÃO - [527] | D127: 0 | E127: 5233.04 | F127: 5233.04 | G127: 0
B128: [1.1.22.03.0008] | C128: ADIANTAMENTO PLANO DE SAÚDE - [534] | D128: 0 | E128: 29243.81 | F128: 29243.81 | G128: 0
B129: [1.1.22.03.0009] | C129: ADIANTAMENTO VALE TRANSPORTE - [548] | D129: 0 | E129: 14395.58 | F129: 14395.58 | G129: 0
B130: [1.1.22.06] | C130: IMPOSTOS A COMPENSAR - [550] | D130: 9351671 | E130: 976386.02 | F130: 9273972.9 | G130: 1054084.2 | I130: 6
B131: [1.1.22.06.0002] | C131: CSLL PAGO A MAIOR OU INDEVIDO - [552] | D131: 185.6 | E131: 0 | F131: 0 | G131: 185.6
B132: [1.1.22.06.0003] | C132: CSLL RETIDO NA FONTE - [553] | D132: 1796.65 | E132: 0 | F132: 0 | G132: 1796.65
B133: [1.1.22.06.0004] | C133: IMPOSTO DE RENDA RETIDO NA FONTE - [554] | D133: 0 | E133: 43.41 | F133: 0 | G133: 43.41
B134: [1.1.22.06.0012] | C134: COFINS - [562] | D134: 7687580.8 | E134: 791176.07 | F134: 7660286 | G134: 818470.87
B135: [1.1.22.06.0014] | C135: PASEP - [564] | D135: 1661949.2 | E135: 167897.14 | F135: 1613557.5 | G135: 216288.87
B136: [1.1.22.06.0029] | C136: CSRF 5952 PAGO A MAIOR OU INDEVIDO - [14022] | D136: 65.1 | E136: 0 | F136: 0 | G136: 65.1
B137: [1.1.22.06.0030] | C137: IR A RECUPERAR DAS NOTAS DE VENDAS - [16724] | D137: 93.65 | E137: 17269.4 | F137: 129.36 | G137: 17233.69
B138: [1.1.22.08] | C138: OUTROS CREDITOS - [575] | D138: 71.96 | E138: 0 | F138: 0 | G138: 71.96 | H138: A | I138: 6
B139: [1.1.22.08.0001] | C139: BANCO REAL S/A - [576] | D139: 32.44 | E139: 0 | F139: 0 | G139: 32.44
B140: [1.1.22.08.0002] | C140: ELETROBRAS S/A - [577] | D140: 30.14 | E140: 0 | F140: 0 | G140: 30.14
B141: [1.1.22.08.0003] | C141: GERASUL - [578] | D141: 9.38 | E141: 0 | F141: 0 | G141: 9.38 | H141: ='BALANCETE 2024'!G143+'BALANCETE 2024'!G152+'BALANCETE 2024'!G157+'BALANCETE 2024'!G160+'BALANCETE 2024'!G170+'BALANCETE 2024'!G173+'BALANCETE 2024'!G176 -> 8455584.7
B142: [1.1.22.11] | C142: OPERAÇÕES COM A FILIAL - [13280] | D142: 0 | E142: 0 | F142: 0 | G142: 0
B143: [1.1.31] | C143: PRODUTOS - [580] | D143: 0 | E143: 141935.89 | F143: 136651.32 | G143: 5284.57 | H143: A | I143: 8
B144: [1.1.31.01] | C144: PRODUTOS ACABADOS - [581] | D144: 0 | E144: 141935.89 | F144: 136651.32 | G144: 5284.57
B145: [1.1.31.01.0005] | C145: (-) PERDA DE ESTOQUE - [586] | D145: -125865.85 | E145: 125865.85 | F145: 0 | G145: 0
B146: [1.1.31.01.0007] | C146: (-) PROVISÃO PARA PERDAS EM ESTOQUE - [10599] | D146: -18391.52 | E146: 5488.49 | F146: 126470.13 | G146: -139373.16
B147: [1.1.31.01.0010] | C147: ESTOQUE - IQ. ALCOOL GEL 70% - 1 LITRO - [16017] | D147: 98058.8 | E147: 0 | F147: 0.58 | G147: 98058.22
B148: [1.1.31.01.0011] | C148: ESTOQUE - IQ. ALCOOL GEL 70% - 440G - [16024] | D148: 37626.56 | E148: 119.04 | F148: 178.56 | G148: 37567.04
B149: [1.1.31.01.0012] | C149: ESTOQUE - IQ. ALCOOL GEL 70% - 5 L - [16031] | D149: 3138.45 | E149: 460.46 | F149: 0 | G149: 3598.91
B150: [1.1.31.01.0013] | C150: ESTOQUE - IQ. ALCOOL LIQ 70% - 1 LITRO - [16038] | D150: 148.99 | E150: 25.36 | F150: 25.36 | G150: 148.99
B151: [1.1.31.01.0019] | C151: SAHS HUNT 76 LIQUIDO (HIPOCLORIDO DE CALCIO) - [17578] | D151: 5284.57 | E151: 9976.69 | F151: 9976.69 | G151: 5284.57
B152: [1.1.32] | C152: MATERIAIS - [588] | D152: 8925 | E152: 1728.75 | F152: 10653.75 | G152: 0 | H152: A | I152: 8
B153: [1.1.32.01] | C153: MATERIAS-PRIMAS - [589] | D153: 8925 | E153: 1728.75 | F153: 10653.75 | G153: 0
B154: [1.1.32.01.0001] | C154: ESTOQUE MATERIA PRIMA - [590] | D154: 8925 | E154: 0 | F154: 1841.25 | G154: 7083.75
B155: [1.1.32.01.0008] | C155: (-) PROVISÃO PARA PERDAS EM ESTOQUES - [7566] | D155: 0 | E155: 1728.75 | F155: 8812.5 | G155: -7083.75
B156: [1.1.33] | C156: EMBALAGENS - [609] | D156: 363197.76 | E156: 0 | F156: 15977 | G156: 347220.76
B157: [1.1.33.01] | C157: EMBALAGENS - [610] | D157: 363197.76 | E157: 0 | F157: 15977 | G157: 347220.76 | H157: A | I157: 8
B158: [1.1.33.01.0001] | C158: ESTOQUE DE EMBALAGENS - [611] | D158: 364995.54 | E158: 0 | F158: 2446.83 | G158: 362548.71
B159: [1.1.33.01.0006] | C159: (-) PROVISÃO DE PERDA DE ESTOQUE - [7580] | D159: -1797.78 | E159: 0 | F159: 13530.17 | G159: -15327.95
B160: [1.1.34] | C160: MERCADORIAS P/ REVENDA - [629] | D160: 4362134.5 | E160: 9813022.1 | F160: 7569142.5 | G160: 6606014.1 | H160: A | I160: 8
B161: [1.1.34.01] | C161: MERCADORIAS P/ REVENDA - [630] | D161: 4362134.5 | E161: 9813022.1 | F161: 7569142.5 | G161: 6606014.1
B162: [1.1.34.01.0006] | C162: SOLUÇÃO CONTOLE DE GLICOSE - [17657] | D162: 14950.45 | E162: 18356.54 | F162: 693.36 | G162: 32613.63
B163: [1.1.34.01.0007] | C163: BATERIA - Cod. 002268 - [17664] | D163: 2653.86 | E163: 339.61 | F163: 2028.43 | G163: 965.04
B164: [1.1.34.01.0008] | C164: CABO GLUCOLEADER 2 SAIDAS E CABO USB OKMETER - [17671] | D164: 328.16 | E164: 0 | F164: 17.08 | G164: 311.08
B165: [1.1.34.01.0009] | C165: MEDIDOR DE GLICOSE OKMETER MATCH - Cod. 002278 - [17678] | D165: 120070.86 | E165: 2433365.8 | F165: 1769880.4 | G165: 783556.27
B166: [1.1.34.01.0010] | C166: TIRA DE TESTE DE GLICOSE OKMETER - Cod. 002279 - [17685] | D166: 2447357.6 | E166: 5621232.8 | F166: 3690373.9 | G166: 4378216.5
B167: [1.1.34.01.0011] | C167: ESTOQUE MEDIDOR GLICOSE ENHANCE - Cod. 152350373 - [3419] | D167: 1812888 | E167: 1739717.4 | F167: 1686893.4 | G167: 1865712
B168: [1.1.34.01.0012] | C168: ESTOQUE TIRAS DE TESTE GLUC. ENHANCE- Cod. 1523503 - [3426] | D168: 1715761.8 | E168: 0 | F168: 0 | G168: 1715761.8
B169: [1.1.34.01.0020] | C169: (-) PROVISAO DE PERDA DE MERCADORIAS P/ REVENDA - [17797] | D169: -1751876.2 | E169: 9.98 | F169: 419255.94 | G169: -2171122.2
B170: [1.1.36] | C170: ESTOQUE EM PODER DE TERCEIROS - [649] | D170: 0 | E170: 8418.55 | F170: 8418.55 | G170: 0 | H170: A | I170: 8
B171: [1.1.36.01] | C171: ESTOQUE EM PODER DE TERCEIROS - [650] | D171: 0 | E171: 8418.55 | F171: 8418.55 | G171: 0
B172: [1.1.36.01.0002] | C172: GOLDEN CBD+ NANOTECH - CANABIDIOL - [917] | D172: 0 | E172: 8418.55 | F172: 8418.55 | G172: 0
B173: [1.1.38] | C173: ALMOXARIFADO DE CONSUMO - [3784] | D173: 106115.11 | E173: 88491.49 | F173: 65559.37 | G173: 129047.23 | H173: A | I173: 8
B174: [1.1.38.01] | C174: ALMOXARIFADO DE CONSUMO - [3791] | D174: 106115.11 | E174: 88491.49 | F174: 65559.37 | G174: 129047.23
B175: [1.1.38.01.0001] | C175: ESTOQUE ALMOXARIFADO DE CONSUMO - [3798] | D175: 106115.11 | E175: 88491.49 | F175: 65559.37 | G175: 129047.23
B176: [1.1.39] | C176: ESTOQUE DE ARRENDAMENTO MERCANTIL - [3524] | D176: 1368018 | E176: 0 | F176: 0 | G176: 1368018 | H176: A | I176: 8
B177: [1.1.39.01] | C177: ESTOQUE DE ARRENDAMENTO MERCANTIL - [3580] | D177: 1368018 | E177: 0 | F177: 0 | G177: 1368018
B178: [1.1.39.01.0001] | C178: ESTOQUE DE ARRENDAMENTO MERCANTIL HMD - [3587] | D178: 1368018 | E178: 0 | F178: 0 | G178: 1368018
B179: [1.1.51] | C179: DESP. DIFERIDAS / ANTECIPADAS - [681] | D179: 244035.2 | E179: 47444.46 | F179: 97728.23 | G179: 193751.43
B180: [1.1.51.01] | C180: DESPESAS DIFERIDA S/ ANTECIPADAS - [682] | D180: 244035.2 | E180: 47444.46 | F180: 97728.23 | G180: 193751.43 | H180: A | I180: 9
B181: [1.1.51.01.0001] | C181: BLOQUEIOS JUDICIAIS - [683] | D181: 244035.2 | E181: 47444.46 | F181: 97728.23 | G181: 193751.43
B182: [1.2] | C182: Creditos longo prazo - [16451] | D182: 36468785 | E182: 7636657.5 | F182: 10006344 | G182: 34099098
B183: [1.2.11] | C183: CREDITOS DE LONGO PRAZO - [702] | D183: 9796773.5 | E183: 123915.6 | F183: 55417.33 | G183: 9865271.7 | H183: A | I183: 10
B184: [1.2.11.02] | C184: VALORES MOBILIARIOS - [710] | D184: 592425.5 | E184: 101763.55 | F184: 21242.94 | G184: 672946.11
...

Sheet Planilha3
C3: INDÚSTRIAQUÍMICADOESTADODEGOIÁSS/A-IQUEGO
C4: CNPJNº01.541.283/0001-41 | L4: 45400
I6: 2022 | L6: 2023
C7: Descrição | D7: Classificação | E7: Saldo Anterior | F7: Debito | G7: Crédito | H7: Saldo Atual | I7: Saldo Anterior | J7: Debito | K7: Crédito | L7: Saldo Atual | M7: NOTA | N7: N
C8: 1.1.22.06.0012 | D8: COFINS - [562] | E8: 1587940 | F8: 6099640.8 | G8: 0 | H8: 7687580.8 | I8: 1587940 | J8: 6099640.8 | K8: 0 | L8: 7687580.8
I9: 45293 | K9: 5829400.5
I10: 45293 | K10: 270240.25
I11: 45657 | K11: 1381787
C12: 1.1.22.06.0014 | D12: PASEP - [564] | E12: 344566.26 | F12: 1317383 | G12: 0 | H12: 1661949.2 | I12: 344566.26 | J12: 1317383 | K12: 0 | L12: 1661949.2
I13: 45293 | K13: 1258574.2
I14: 45293 | K14: 58808.76
I15: 45657 | K15: 257385.62
C16: 1.1.31.01.0007 | D16: (-) PROVISÃO PARA PERDAS EM ESTOQUE - [10599] | E16: -18391.52 | F16: 1701861 | G16: 1701861 | H16: -18391.52 | I16: -18391.52 | J16: 1701861 | K16: 1701861 | L16: -18391.52
I17: 45322 | J17: 5284.57
C18: 1.1.38.01.0001 | D18: ESTOQUE ALMOXARIFADO DE CONSUMO - [3798] | E18: 97115.13 | F18: 98265.79 | G18: 89265.81 | H18: 106115.11 | I18: 97115.13 | J18: 98265.79 | K18: 89265.81 | L18: 106115.11
I19: 45535 | J19: 52393.83
C20: 1.2.11.02.0001 | D20: ELETROBRAS - [711] | E20: 530.16 | F20: 14744.64 | G20: 0 | H20: 15274.8 | I20: 530.16 | J20: 14744.64 | K20: 0 | L20: 15274.8
K21: 8965.8 | L21: 45657
C22: 1.2.21.02.0001 | D22: SUDAM - [731] | E22: 3864.04 | F22: 0 | G22: 0 | H22: 3864.04 | I22: 3864.04 | J22: 0 | K22: 0 | L22: 3864.04
K23: 3864.04 | L23: 45657
C24: 1.2.21.02.0002 | D24: FISET - [732] | E24: 2355.99 | F24: 0 | G24: 0 | H24: 2355.99 | I24: 2355.99 | J24: 0 | K24: 0 | L24: 2355.99
K25: 2355.99 | L25: 45657
C26: 1.2.21.02.0003 | D26: INCENTIVO A INFORMATICA - [733] | E26: 4391.76 | F26: 0 | G26: 0 | H26: 4391.76 | I26: 4391.76 | J26: 0 | K26: 0 | L26: 4391.76
K27: 4391.76 | L27: 45657
C28: 1.2.21.02.0004 | D28: SRI - COM. SERV.REC.INFORMAÇÃO SA- [720] | E28: 2725.64 | F28: 0 | G28: 0 | H28: 2725.64 | I28: 2725.64 | J28: 0 | K28: 0 | L28: 2725.64
K29: 2725.64 | L29: 45657
C30: 1.2.21.02.0005 | D30: PATROCIONIO CULTURAL - [721] | E30: 34997.63 | F30: 0 | G30: 0 | H30: 34997.63 | I30: 34997.63 | J30: 0 | K30: 0 | L30: 34997.63
K31: 34997.63 | L31: 45657
C32: 1.2.31.02.0002 | D32: LAB. CONTROLE DE QUALIDADE- MAQ. FERR. - [765] | E32: 5813175.4 | F32: 0 | G32: 0 | H32: 5813175.4 | I32: 5813175.4 | J32: 0 | K32: 0 | L32: 5813175.4
K33: 131107.08 | L33: 45657
C34: 1.2.31.02.0003 | D34: ALMOXARIFADO - MAQ. FERR. - [766] | E34: 718728.13 | F34: 1810 | G34: 3620 | H34: 716918.13 | I34: 718728.13 | J34: 1810 | K34: 3620 | L34: 716918.13
K35: 2000 | L35: 45657
C36: 1.2.31.02.0013 | D36: (-) PERDA POR IMPAIRMENT - [5265] | E36: 0 | F36: 0 | G36: 1079292.2 | H36: -1079292.2 | I36: 0 | J36: 0 | K36: 1079292.2 | L36: -1079292.2
I37: 45657 | J37: 1079292.2
C38: 1.2.31.03.013 | D38: (-) PERDA POR IMPAIRMENT. - [6504] | E38: 0 | F38: 0 | G38: 432475.84 | H38: -432475.84 | I38: 0 | J38: 0 | K38: 432475.84 | L38: -432475.84
I39: 45657 | J39: 432475.84
C40: 1.2.31.04.0005 | D40: ADMINISTRAÇÃO I- INSTALAÇÃO - [788] | E40: 269130.88 | F40: 0 | G40: 0 | H40: 269130.88 | I40: 269130.88 | J40: 0 | K40: 0 | L40: 269130.88
I41: 45657 | J41: 2780
C42: 1.2.31.05.0004 | D42: (-) PERDA POR IMPAIRMNT [824] | E42: 0 | F42: 0 | G42: 4979.88 | H42: -4979.88 | I42: 0 | J42: 0 | K42: 4979.88 | L42: -4979.88
I43: 45657 | J43: 4979.88
C44: 1.2.31.06.0004 | D44: (-)PERDA POR IMPAIRMENT [821] | E44: 0 | F44: 0 | G44: 154833.72 | H44: -154833.72 | I44: 0 | J44: 0 | K44: 154833.72 | L44: -154833.72
I45: 45657 | J45: 154833.72
C46: 1.2.31.07.0004 | D46: ADMINISTRAÇÃO- EQUIP. PROC. DADOS - [805] | E46: 187617.56 | F46: 20808.8 | G46: 41617.6 | H46: 166808.76 | I46: 187617.56 | J46: 20808.8 | K46: 41617.6 | L46: 166808.76
K47: 4430 | L47: 45657
C48: 1.2.31.07.0007 | D48: COMPUTADORES DELL - [17628] | E48: 0 | F48: 174380 | G48: 0 | H48: 174380 | I48: 0 | J48: 174380 | K48: 0 | L48: 174380
K49: 1448.93 | L49: 45657
C50: 1.2.31.07.0008 | D50: (-) PERDA POR IMPAIRMENT [17656] | E50: 0 | F50: 0 | G50: 98612.21 | H50: -98612.21 | I50: 0 | J50: 0 | K50: 98612.21 | L50: -98612.21
I51: 45657 | J51: 98612.21
C52: 1.2.31.17.0001 | D52: IMOVEIS DE USO - [845] | E52: -6711170.6 | F52: 0 | G52: 476532.82 | H52: -7187703.4 | I52: -6711170.6 | J52: 0 | K52: 476532.82 | L52: -7187703.4
K53: 691652.59 | L53: 45657
C54: 1.2.31.17.0002 | D54: MAQUINAS, APARELHOS E FERRAMENTAS - [846] | E54: -17859323 | F54: 1096358 | G54: 376233.72 | H54: -17139198 | I54: -17859323 | J54: 1096358 | K54: 376233.72 | L54: -17139198
I55: 45657 | J55: 478078.36
C56: 1.2.31.17.0003 | D56: MOVEIS E UTENSILIOS - [847] | E56: -145360.85 | F56: 58424.48 | G56: 32241.27 | H56: -119177.64 | I56: -145360.85 | J56: 58424.48 | K56: 32241.27 | L56: -119177.64
I57: 45657 | J57: 91373.15
C58: 1.2.31.17.0004 | D58: INSTALAÇÕES - [848] | E58: -3202809.3 | F58: 0 | G58: 0 | H58: -3202809.3 | I58: -3202809.3 | J58: 0 | K58: 0 | L58: -3202809.3
I59: 45657 | J59: 551.17
C60: 1.2.31.17.0005 | D60: BIBLIOTECA - [849] | E60: -27900.2 | F60: 0 | G60: 0 | H60: -27900.2 | I60: -27900.2 | J60: 0 | K60: 0 | L60: -27900.2
K61: 4979.88 | L61: 45657
C62: 1.2.31.17.0006 | D62: VEICULOS - [850] | E62: -789851.11 | F62: 279658.12 | G62: 67800 | H62: -577992.99 | I62: -789851.11 | J62: 279658.12 | K62: 67800 | L62: -577992.99
K63: 75053.12 | L63: 45657
C64: 1.2.31.17.0007 | D64: EQUIP. P/ PROCESSAMENTOS DE DADOS - [851] | E64: -368187.94 | F64: 70848.1 | G64: 56151.67 | H64: -353491.51 | I64: -368187.94 | J64: 70848.1 | K64: 56151.67 | L64: -353491.51
K65: 8131.67 | L65: 45657
C66: 2.1.11.03.0041 | D66: HMD BIOMEDICAL INTERNATIONAL INC - [12251] | E66: -20812607 | F66: 23500022 | G66: 4790114.7 | H66: -2102699.3 | I66: -20812607 | J66: 23500022 | K66: 4790114.7 | L66: -2102699.3
I67: 45474 | J67: 2102721.7
C68: 2.1.11.05.0121 | D68: EMPRESA BRASILEIRA DE CORREIOS E TELEGRAFOS - [2620] | E68: -2201.83 | F68: 18141.63 | G68: 17801.29 | H68: -1861.49 | I68: -2201.83 | J68: 18141.63 | K68: 17801.29 | L68: -1861.49
I69: 45293 | J69: 27.99
I70: 45293 | J70: 1485.79
I71: 45293 | J71: 5000
I72: 45293 | K72: 4076.59
I73: 45293 | K73: 575.7
C74: 2.1.11.05.0556 | D74: Le Card Adminis. de Cartões - [18210] | E74: 0 | F74: 362189.34 | G74: 362189.34 | H74: 0 | I74: 0 | J74: 362189.34 | K74: 362189.34 | L74: 0
I75: 45293 | K75: 179001.09
C76: 2.1.11.05.497 | D76: AJ LOGISTICA EIRELI - [16178] | E76: 0 | F76: 24181.42 | G76: 24213.49 | H76: -32.07 | I76: 0 | J76: 24181.42 | K76: 24213.49 | L76: -32.07
I77: 45293 | K77: 43.77
I78: 45293 | K78: 13.55
C79: 2.1.14.01.0003 | D79: IRRF A RECOLHER - [2784] | E79: -4035.88 | F79: 59989.18 | G79: 73653.6 | H79: -17700.3 | I79: -4035.88 | J79: 59989.18 | K79: 73653.6 | L79: -17700.3
K80: 4.23 | L80: 45656
C81: 2.1.14.01.0012 | D81: CSLL/PASEP/COFINS - LEI 10.833/03 - [2793] | E81: -12751.49 | F81: 37438.67 | G81: 30896.91 | H81: -6209.73 | I81: -12751.49 | J81: 37438.67 | K81: 30896.91 | L81: -6209.73
I82: 45309 | J82: 4298.52
C83: 2.1.18.01.0007 | D83: RESSARCIMENTO FUNCIONARIO - CELG - [18301] | E83: 0 | F83: 0 | G83: 492177.55 | H83: -492177.55 | I83: 0 | J83: 0 | K83: 492177.55 | L83: -492177.55
I84: 45293 | J84: 492177.55
C86: 3.1.11.05.0060 | D86: PROVISÃO DE PERDA COM ESTOQUE OBSOLETO - [7559] | E86: 0 | F86: 1916789.6 | G86: 0 | H86: 1916789.6 | I86: 0 | J86: 1916789.6 | K86: 0 | L86: 1916789.6
K87: 5284.57 | L87: 45322
C88: 3.1.12.05.0008 | D88: DESPESAS COM IMPORTAÇÃO - [13210] | I88: 0 | J88: 0 | K88: 0 | L88: 0
I89: 45293 | J89: 5829400.5
I90: 45293 | J90: 1258574.2
I91: 45293 | J91: 270240.25
I92: 45293 | J92: 58808.76
I93: 45657 | J93: 1381787
I94: 45657 | J94: 257385.62
C95: 3.2.11.01.019 | D95: PROGRAMA DE ALIMENTAÇÃO - [3341] | E95: 0 | F95: 1207402.2 | G95: 18900.46 | H95: 1188501.8 | I95: 0 | J95: 1207402.2 | K95: 18900.46 | L95: 1188501.8
I96: 45293 | J96: 179001.09
C97: 3.2.11.03.0008 | D97: PROVISÃO DE RISCO PROC. CIVEIS - [8468] | E97: 0 | F97: 13080164 | G97: 0 | H97: 13080164 | I97: 0 | J97: 13080164 | K97: 0 | L97: 13080164
K98: 2102721.7 | L98: 45474
C99: 3.2.11.04.0002 | D99: ENERGIA - [3372] | E99: 0 | F99: 224903.8 | G99: 0 | H99: 224903.8 | I99: 0 | J99: 224903.8 | K99: 0 | L99: 224903.8
I100: 02/01/204 | K100: 492177.55
C101: 3.2.11.04.0006 | D101: SERVIÇO DE LIMPEZA E MANUTENÇÃO - [3376] | E101: 0 | F101: 789565.36 | G101: 0 | H101: 789565.36 | I101: 0 | J101: 789565.36 | K101: 0 | L101: 789565.36
I102: 45656 | J102: 4.23 | K102: 4298.52 | L102: 45309
C103: 3.2.11.04.0012 | D103: CORREIOS E MALOTES - [3382] | E103: 0 | F103: 22829.28 | G103: 40.32 | H103: 22788.96 | I103: 0 | J103: 22829.28 | K103: 40.32 | L103: 22788.96
I104: 45293 | K104: 27.99
...

Sheet Representado 2023
M3: =L12-M12 -> 7631575.6
M6: =L12+L287 -> -9891446.2 | O6: =M7-M6 -> -5209578.9
C7: INDÚSTRIAQUÍMICADOESTADODEGOIÁSS/A-IQUEGO | M7: =M12+M287 -> -15101025
C8: CNPJNº01.541.283/0001-41 | L8: 45400
I10: 2022 | L10: 2023
C11: Descrição | D11: Classificação | E11: Saldo Anterior | F11: Debito | G11: Crédito | H11: Saldo Atual | I11: Saldo Anterior | J11: Debito | K11: Crédito | L11: Saldo Atual | M11: VALOR REPRESENTADO | O11: NOTA | P11: N
C12: 1 | D12: ATIVO - [1] | E12: 58488221 | F12: 80119026 | G12: 82900130 | H12: 55707117 | I12: 58488221 | J12: 80119026 | K12: 82900130 | L12: 55707117 | M12: =M13+M165 -> 48075541 | N12: =L12-M12 -> 7631575.6
C13: 1.1 | D13: Ativo - [16444] | E13: 22601893 | F13: 67018129 | G13: 70381690 | H13: 19238332 | I13: 22601893 | J13: 67018129 | K13: 70381690 | L13: 19238332 | M13: =M14+M34+M97+M120+M131+M135+M139+M149+M152+M157+M160 -> 10239814 | N13: =L13-M13 -> 8998517.9
C14: 1.1.11 | D14: BENS NUMERARIOS - [4] | E14: 2861198.4 | F14: 44813626 | G14: 44565558 | H14: 3109267.4 | I14: 2861198.4 | J14: 44813626 | K14: 44565558 | L14: 3109267.4 | M14: 3109267.4 | N14: =L14-M14 -> 0 | O14: A | P14: 4
C15: 1.1.11.02 | D15: DEPOSITOS BANCARIOS - [9] | E15: 509731.36 | F15: 44684492 | G15: 42922130 | H15: 2272093.3 | I15: 509731.36 | J15: 44684492 | K15: 42922130 | L15: 2272093.3 | M15: 2272093.3 | N15: =L15-M15 -> 0
C16: 1.1.11.02.0002 | D16: BANCO DO BRASIL S/A - C/C 6.091-7 - [11] | E16: 13222.72 | F16: 866.21 | G16: 14088.93 | H16: 0 | I16: 13222.72 | J16: 866.21 | K16: 14088.93 | L16: 0 | M16: 0 | N16: =L16-M16 -> 0
C17: 1.1.11.02.0003 | D17: BANCO ITAU S/A - C/C 1.399-5 - [12] | E17: 2.7 | F17: 118616.79 | G17: 118609.49 | H17: 10 | I17: 2.7 | J17: 118616.79 | K17: 118609.49 | L17: 10 | M17: 10 | N17: =L17-M17 -> 0
C18: 1.1.11.02.0018 | D18: BANCO CEF S/A - C/C 811-6 - [2378] | E18: 0 | F18: 725.2 | G18: 725.2 | H18: 0 | I18: 0 | J18: 725.2 | K18: 725.2 | L18: 0 | M18: 0 | N18: =L18-M18 -> 0
C19: 1.1.11.02.0019 | D19: BANCO CEF S/A C/C 1661-5 - [8559] | E19: 0 | F19: 1098520 | G19: 1098520 | H19: 0 | I19: 0 | J19: 1098520 | K19: 1098520 | L19: 0 | M19: 0 | N19: =L19-M19 -> 0
C20: 1.1.11.02.0026 | D20: BANCO CEF S/A C/C 1866-9 - [10367] | E20: 0 | F20: 1582255.2 | G20: 1582255.2 | H20: 0 | I20: 0 | J20: 1582255.2 | K20: 1582255.2 | L20: 0 | M20: 0 | N20: =L20-M20 -> 0
C21: 1.1.11.02.0031 | D21: BANCO CEF S/A - C/C 2385-9 - [11530] | E21: 0 | F21: 1719812.2 | G21: 1719812.2 | H21: 0 | I21: 0 | J21: 1719812.2 | K21: 1719812.2 | L21: 0 | M21: 0 | N21: =L21-M21 -> 0
C22: 1.1.11.02.0032 | D22: BANCO DO BRASIL S/A C/C 7096-3 - [12888] | E22: 20844 | F22: 1170.95 | G22: 22014.95 | H22: 0 | I22: 20844 | J22: 1170.95 | K22: 22014.95 | L22: 0 | M22: 0 | N22: =L22-M22 -> 0
C23: 1.1.11.02.0033 | D23: BANCO CEF S/A - C/C 0264-4 - [14064] | E23: 0 | F23: 2014.37 | G23: 2014.37 | H23: 0 | I23: 0 | J23: 2014.37 | K23: 2014.37 | L23: 0 | M23: 0 | N23: =L23-M23 -> 0
C24: 1.1.11.02.0035 | D24: BANCO ITAU S/A C/C 10744-2 - [16283] | E24: 0 | F24: 33907.15 | G24: 33907.15 | H24: 0 | I24: 0 | J24: 33907.15 | K24: 33907.15 | L24: 0 | M24: 0 | N24: =L24-M24 -> 0
C25: 1.1.11.02.0036 | D25: CONTA ÚNICA Nº 100004 - GOV. GOIÁS - FILIAL - [16997] | E25: 218884.75 | F25: 8595874.4 | G25: 8297740 | H25: 517019.18 | I25: 218884.75 | J25: 8595874.4 | K25: 8297740 | L25: 517019.18 | M25: 517019.18 | N25: =L25-M25 -> 0
C26: 1.1.11.02.0037 | D26: CONTA ÚNICA Nº 100004 - GOV. GOIÁS - MATRIZ - [17004] | E26: 256777.19 | F26: 31530729 | G26: 30032442 | H26: 1755064.1 | I26: 256777.19 | J26: 31530729 | K26: 30032442 | L26: 1755064.1 | M26: 1755064.1 | N26: =L26-M26 -> 0
... C33: 1.1.11.05.0001 | D33: BANCO CEF S/A C/POUP 1866-9 CONV 787297/2013 - [13665] | E33: 2345993.8 | F33: 127510.49 | G33: 1642551.3 | H33: 830953 | I33: 2345993.8 | J33: 127510.49 | K33: 1642551.3 | L33: 830953 | M33: 830953 | N33: =L33-M33 -> 0
C34: 1.1.21 | D34: CREDITOS - [48] | E34: 1889386.8 | F34: 5971348.3 | G34: 7821448.7 | H34: 39286.4 | I34: 1889386.8 | J34: 5971348.3 | K34: 7821448.7 | L34: 39286.4 | M34: 39286.4 | N34: =L34-M34 -> 0 | O34: A | P34: 5
C35: 1.1.21.01 | D35: DUPLICATAS A RECEBER - [49] | E35: 1613764.6 | F35: 5971348.3 | G35: 7545826.5 | H35: 39286.4 | I35: 1613764.6 | J35: 5971348.3 | K35: 7545826.5 | L35: 39286.4 | M35: 39286.4 | N35: =L35-M35 -> 0
C36: 1.1.21.01.0001 | D36: (-) PROVISÃO PARA CRÉTOS DE LIQUIDAÇÃO DUVIDOSA | E36: 0 | F36: 0 | G36: 362277.03 | H36: -362277.03 | I36: 0 | J36: 0 | K36: 362277.03 | L36: -362277.03 | M36: -362277.03 | N36: =L36-M36 -> 0
C37: 1.1.21.01.0285 | D37: SECRET.ESTADO DA SAUDE DO AMAPA - [1197] | E37: 0 | F37: 19380 | G37: 19380 | H37: 0 | I37: 0 | J37: 19380 | K37: 19380 | L37: 0 | M37: 0 | N37: =L37-M37 -> 0
C38: 1.1.21.01.0307 | D38: FUNDO ESTADUAL DE SAUDE SERGIPE - [1351] | E38: 0 | F38: 410900 | G38: 168000 | H38: 242900 | I38: 0 | J38: 410900 | K38: 168000 | L38: 242900 | M38: 242900 | N38: =L38-M38 -> 0
C39: 1.1.21.01.0569 | D39: PREFEITURA MUNICIPAL DE VIANOPOLIS - [5460] | E39: 0 | F39: 16193.65 | G39: 16193.65 | H39: 0 | I39: 0 | J39: 16193.65 | K39: 16193.65 | L39: 0 | M39: 0 | N39: =L39-M39 -> 0
C40: 1.1.21.01.0629 | D40: INSTITUTO DE CIENCIAS FARMACEUTICAS - [8286] | E40: 20584.03 | F40: 0 | G40: 0 | H40: 20584.03 | I40: 20584.03 | J40: 0 | K40: 0 | L40: 20584.03 | M40: 20584.03 | N40: =L40-M40 -> 0
C41: 1.1.21.01.0654 | D41: FUNDO DE SAUDE DE EDEIA GO - [9259] | E41: 0 | F41: 23520 | G41: 23520 | H41: 0 | I41: 0 | J41: 23520 | K41: 23520 | L41: 0 | M41: 0 | N41: =L41-M41 -> 0
C42: 1.1.21.01.0764 | D42: FUNDO DE SAUDE DE MARA ROSA - [10755] | E42: 0 | F42: 3816 | G42: 3816 | H42: 0 | I42: 0 | J42: 3816 | K42: 3816 | L42: 0 | M42: 0 | N42: =L42-M42 -> 0
C43: 1.1.21.01.0770 | D43: FUNDO DE SAUDE DE CALDAS NOVAS GO - [10874] | E43: 0 | F43: 21000 | G43: 21000 | H43: 0 | I43: 0 | J43: 21000 | K43: 21000 | L43: 0 | M43: 0 | N43: =L43-M43 -> 0
C44: 1.1.21.01.0815 | D44: FUNDO DE SAUDE DE TURVANIA GO - [11698] | E44: 0 | F44: 33600 | G44: 33600 | H44: 0 | I44: 0 | J44: 33600 | K44: 33600 | L44: 0 | M44: 0 | N44: =L44-M44 -> 0
C45: 1.1.21.01.0823 | D45: FUNDO DE SAUDE DE NOVO PLANALTO DE GOIAS - GO - [11768] | E45: 0 | F45: 21300 | G45: 21300 | H45: 0 | I45: 0 | J45: 21300 | K45: 21300 | L45: 0 | M45: 0 | N45: =L45-M45 -> 0
C46: 1.1.21.01.0831 | D46: FUNDO DE SAUDE DE LEOPOLDO DE BULHOES -GO - [11824] | E46: 0 | F46: 7593 | G46: 7593 | H46: 0 | I46: 0 | J46: 7593 | K46: 7593 | L46: 0 | M46: 0 | N46: =L46-M46 -> 0
... C96: 1.1.21.02.0001 | D96: RECEBIMENTOS A CLASSIFICAR - [6378] | E96: 275622.2 | F96: 0 | G96: 275622.2 | H96: 0 | I96: 275622.2 | J96: 0 | K96: 275622.2 | L96: 0 | M96: 0 | N96: =L96-M96 -> 0
C97: 1.1.22 | D97: OUTROS CREDITOS - [311] | E97: 2432944.8 | F97: 8624781.9 | G97: 1420374 | H97: 9637352.7 | I97: 2432944.8 | J97: 8624781.9 | K97: 1420374 | L97: 9637352.7 | M97: =M98+M101+M115 -> 581156.34 | N97: =L97-M97 -> 9056196.3
C98: 1.1.22.03 | D98: ANTECIPACÕES - [500] | E98: 100920.1 | F98: 1206475.6 | G98: 1021786 | H98: 285609.68 | I98: 100920.1 | J98: 1206475.6 | K98: 1021786 | L98: 285609.68 | M98: 285609.68 | N98: =L98-M98 -> 0 | O98: A | P98: 7
C99: 1.1.22.03.0002 | D99: ADIANTAMENTOS 13º SALARIO - [502] | E99: 0 | F99: 377173.55 | G99: 377173.55 | H99: 0 | I99: 0 | J99: 377173.55 | K99: 377173.55 | L99: 0 | M99: 0 | N99: =L99-M99 -> 0
C100: 1.1.22.03.0003 | D100: ADIANTAMENTOS DE FERIAS - [503] | E100: 100920.1 | F100: 829302.06 | G100: 644612.48 | H100: 285609.68 | I100: 100920.1 | J100: 829302.06 | K100: 644612.48 | L100: 285609.68 | M100: 285609.68 | N100: =L100-M100 -> 0
C101: 1.1.22.06 | D101: IMPOSTOS A COMPENSAR - [550] | E101: 2331952.7 | F101: 7418306.3 | G101: 398587.99 | H101: 9351671 | I101: 2331952.7 | J101: 7418306.3 | K101: 398587.99 | L101: 9351671 | M101: =SUM(M102:M114) -> 295474.7 | N101: =L101-M101 -> 9056196.3 | P101: 6
C102: 1.1.22.06.0002 | D102: CSLL PAGO A MAIOR OU INDEVIDO - [552] | E102: 185.6 | F102: 0 | G102: 0 | H102: 185.6 | I102: 185.6 | J102: 0 | K102: 0 | L102: 185.6 | M102: 185.6 | N102: =L102-M102 -> 0
C103: 1.1.22.06.0003 | D103: CSLL RETIDO NA FONTE - [553] | E103: 1796.65 | F103: 0 | G103: 0 | H103: 1796.65 | I103: 1796.65 | J103: 0 | K103: 0 | L103: 1796.65 | M103: 1796.65 | N103: =L103-M103 -> 0
C104: 1.1.22.06.0004 | D104: IMPOSTO DE RENDA RETIDO NA FONTE - [554] | E104: 397399.05 | F104: 1188.94 | G104: 398587.99 | H104: 0 | I104: 397399.05 | J104: 1188.94 | K104: 398587.99 | L104: 0 | M104: 0 | N104: =L104-M104 -> 0
C105: 1.1.22.06.0012 | D105: COFINS - [562] | E105: 1587940 | F105: 6099640.8 | G105: 0 | H105: 7687580.8 | I105: 1587940 | J105: 6099640.8 | K105: 0 | L105: 7687580.8 | M105: =L105-K106-K107-K108 -> 206153.06 | N105: =L105-M105 -> 7481427.7
I106: 45293 | K106: 5829400.5 | N106: =L106-M106 -> 0
I107: 45293 | K107: 270240.25 | N107: =L107-M107 -> 0
I108: 45657 | K108: 1381787 | N108: =L108-M108 -> 0
C109: 1.1.22.06.0014 | D109: PASEP - [564] | E109: 344566.26 | F109: 1317383 | G109: 0 | H109: 1661949.2 | I109: 344566.26 | J109: 1317383 | K109: 0 | L109: 1661949.2 | M109: =L109-K110-K111-K112 -> 87180.64 | N109: =L109-M109 -> 1574768.6
I110: 45293 | K110: 1258574.2 | N110: =L110-M110 -> 0
I111: 45293 | K111: 58808.76 | N111: =L111-M111 -> 0
I112: 45657 | K112: 257385.62 | N112: =L112-M112 -> 0
C113: 1.1.22.06.0029 | D113: CSRF 5952 PAGO A MAIOR OU INDEVIDO - [14022] | E113: 65.1 | F113: 0 | G113: 0 | H113: 65.1 | I113: 65.1 | J113: 0 | K113: 0 | L113: 65.1 | M113: 65.1 | N113: =L113-M113 -> 0
C114: 1.1.22.06.0030 | D114: IR A RECUPERAR DAS NOTAS DE VENDAS - [16724] | E114: 0 | F114: 93.65 | G114: 0 | H114: 93.65 | I114: 0 | J114: 93.65 | K114: 0 | L114: 93.65 | M114: 93.65 | N114: =L114-M114 -> 0
C115: 1.1.22.08 | D115: OUTROS CREDITOS - [575] | E115: 71.96 | F115: 0 | G115: 0 | H115: 71.96 | I115: 71.96 | J115: 0 | K115: 0 | L115: 71.96 | M115: 71.96 | N115: =L115-M115 -> 0 | O115: A | P115: 6
C116: 1.1.22.08.0001 | D116: BANCO REAL S/A - [576] | E116: 32.44 | F116: 0 | G116: 0 | H116: 32.44 | I116: 32.44 | J116: 0 | K116: 0 | L116: 32.44 | M116: 32.44 | N116: =L116-M116 -> 0
C117: 1.1.22.08.0002 | D117: ELETROBRAS S/A - [577] | E117: 30.14 | F117: 0 | G117: 0 | H117: 30.14 | I117: 30.14 | J117: 0 | K117: 0 | L117: 30.14 | M117: 30.14 | N117: =L117-M117 -> 0
C118: 1.1.22.08.0003 | D118: GERASUL - [578] | E118: 9.38 | F118: 0 | G118: 0 | H118: 9.38 | I118: 9.38 | J118: 0 | K118: 0 | L118: 9.38 | M118: 9.38 | N118: =L118-M118 -> 0
N119: =L119-M119 -> 0
C120: 1.1.31 | D120: PRODUTOS - [580] | E120: 120930.33 | F120: 1740550.9 | G120: 1861481.2 | H120: 0 | I120: 120930.33 | J120: 1740550.9 | K120: 1861481.2 | L120: 0 | M120: =SUM(M121:M128) -> 5284.57 | N120: =L120-M120 -> -5284.57 | O120: A | P120: 8
C121: 1.1.31.01 | D121: PRODUTOS ACABADOS - [581] | E121: 120930.33 | F121: 1740550.9 | G121: 1861481.2 | H121: 0 | I121: 120930.33 | J121: 1740550.9 | K121: 1861481.2 | L121: 0 | M121: =SUM(M122:M129) -> 5284.57 | N121: =L121-M121 -> -5284.57
C122: 1.1.31.01.0005 | D122: (-) PERDA DE ESTOQUE - [586] | E122: 0 | F122: 33192.33 | G122: 159058.18 | H122: -125865.85 | I122: 0 | J122: 33192.33 | K122: 159058.18 | L122: -125865.85 | M122: -125865.85 | N122: =L122-M122 -> 0
C123: 1.1.31.01.0007 | D123: (-) PROVISÃO PARA PERDAS EM ESTOQUE - [10599] | E123: -18391.52 | F123: 1701861 | G123: 1701861 | H123: -18391.52 | I123: -18391.52 | J123: 1701861 | K123: 1701861 | L123: -18391.52 | M123: =L123+J124 -> -13106.95 | N123: =L123-M123 -> -5284.57
I124: 45322 | J124: 5284.57 | N124: =L124-M124 -> 0
C125: 1.1.31.01.0010 | D125: ESTOQUE - IQ. ALCOOL GEL 70% - 1 LITRO - [16017] | E125: 98288.81 | F125: 0 | G125: 230.01 | H125: 98058.8 | I125: 98288.81 | J125: 0 | K125: 230.01 | L125: 98058.8 | M125: 98058.8 | N125: =L125-M125 -> 0
C126: 1.1.31.01.0011 | D126: ESTOQUE - IQ. ALCOOL GEL 70% - 440G - [16024] | E126: 37745.6 | F126: 0 | G126: 119.04 | H126: 37626.56 | I126: 37745.6 | J126: 0 | K126: 119.04 | L126: 37626.56 | M126: 37626.56 | N126: =L126-M126 -> 0
C127: 1.1.31.01.0012 | D127: ESTOQUE - IQ. ALCOOL GEL 70% - 5 L - [16031] | E127: 3138.45 | F127: 0 | G127: 0 | H127: 3138.45 | I127: 3138.45 | J127: 0 | K127: 0 | L127: 3138.45 | M127: 3138.45 | N127: =L127-M127 -> 0
C128: 1.1.31.01.0013 | D128: ESTOQUE - IQ. ALCOOL LIQ 70% - 1 LITRO - [16038] | E128: 148.99 | F128: 0 | G128: 0 | H128: 148.99 | I128: 148.99 | J128: 0 | K128: 0 | L128: 148.99 | M128: 148.99 | N128: =L128-M128 -> 0
C129: 1.1.31.01.0019 | D129: SAHS HUNT 76 LIQUIDO (HIPOCLORIDO DE CALCIO) - [17578] | E129: 0 | F129: 5497.58 | G129: 213.01 | H129: 5284.57 | I129: 0 | J129: 5497.58 | K129: 213.01 | L129: 5284.57 | M129: 5284.57 | N129: =L129-M129 -> 0
N130: =L130-M130 -> 0
C131: 1.1.32 | D131: MATERIAIS - [588] | E131: 16372.58 | F131: 0 | G131: 7447.58 | H131: 8925 | I131: 16372.58 | J131: 0 | K131: 7447.58 | L131: 8925 | M131: 8925 | N131: =L131-M131 -> 0 | O131: A | P131: 8
C132: 1.1.32.01 | D132: MATERIAS-PRIMAS - [589] | E132: 16372.58 | F132: 0 | G132: 7447.58 | H132: 8925 | I132: 16372.58 | J132: 0 | K132: 7447.58 | L132: 8925 | M132: 8925 | N132: =L132-M132 -> 0
C133: 1.1.32.01.0001 | D133: ESTOQUE MATERIA PRIMA - [590] | E133: 10875 | F133: 0 | G133: 1950 | H133: 8925 | I133: 10875 | J133: 0 | K133: 1950 | L133: 8925 | M133: 8925 | N133: =L133-M133 -> 0
C134: 1.1.32.01.0009 | D134: SAHS HUNT 76 LIQUIDO ( HIPOCLORREIDO DE CALCIO) - [17692] | E134: 5497.58 | F134: 0 | G134: 5497.58 | H134: 0 | I134: 5497.58 | J134: 0 | K134: 5497.58 | L134: 0 | M134: 0 | N134: =L134-M134 -> 0
C135: 1.1.33 | D135: EMBALAGENS - [609] | E135: 349578.28 | F135: 13619.48 | G135: 0 | H135: 363197.76 | I135: 349578.28 | J135: 13619.48 | K135: 0 | L135: 363197.76 | M135: 363197.76 | N135: =L135-M135 -> 0
C136: 1.1.33.01 | D136: EMBALAGENS - [610] | E136: 349578.28 | F136: 13619.48 | G136: 0 | H136: 363197.76 | I136: 349578.28 | J136: 13619.48 | K136: 0 | L136: 363197.76 | M136: 363197.76 | N136: =L136-M136 -> 0 | O136: A | P136: 8
C137: 1.1.33.01.0001 | D137: ESTOQUE DE EMBALAGENS - [611] | E137: 364995.54 | F137: 0 | G137: 0 | H137: 364995.54 | I137: 364995.54 | J137: 0 | K137: 0 | L137: 364995.54 | M137: 364995.54 | N137: =L137-M137 -> 0
C138: 1.1.33.01.0006 | D138: (-) PROVISÃO DE PERDA DE ESTOQUE - [7580] | E138: -15417.26 | F138: 13619.48 | G138: 0 | H138: -1797.78 | I138: -15417.26 | J138: 13619.48 | K138: 0 | L138: -1797.78 | M138: -1797.78 | N138: =L138-M138 -> 0
C139: 1.1.34 | D139: MERCADORIAS P/ REVENDA - [629] | E139: 9891466.1 | F139: 3190445.7 | G139: 8719777.2 | H139: 4362134.5 | I139: 9891466.1 | J139: 3190445.7 | K139: 8719777.2 | L139: 4362134.5 | M139: 4362134.5 | N139: =L139-M139 -> 0 | O139: A | P139: 8
C140: 1.1.34.01 | D140: MERCADORIAS P/ REVENDA - [630] | E140: 9891466.1 | F140: 3190445.7 | G140: 8719777.2 | H140: 4362134.5 | I140: 9891466.1 | J140: 3190445.7 | K140: 8719777.2 | L140: 4362134.5 | M140: 4362134.5 | N140: =L140-M140 -> 0
C141: 1.1.34.01.0006 | D141: SOLUÇÃO CONTOLE DE GLICOSE - [17657] | E141: 15037.61 | F141: 997.48 | G141: 1084.64 | H141: 14950.45 | I141: 15037.61 | J141: 997.48 | K141: 1084.64 | L141: 14950.45 | M141: 14950.45 | N141: =L141-M141 -> 0
C142: 1.1.34.01.0007 | D142: BATERIA DE LITIO CR 2032 - GLUCOLEADER - [17664] | E142: 8083.82 | F142: 1315.08 | G142: 6745.04 | H142: 2653.86 | I142: 8083.82 | J142: 1315.08 | K142: 6745.04 | L142: 2653.86 | M142: 2653.86 | N142: =L142-M142 -> 0
C143: 1.1.34.01.0008 | D143: CABO GLUCOLEADER 2 SAIDAS E CABO USB OKMETER - [17671] | E143: 329.84 | F143: 0 | G143: 1.68 | H143: 328.16 | I143: 329.84 | J143: 0 | K143: 1.68 | L143: 328.16 | M143: 328.16 | N143: =L143-M143 -> 0
C144: 1.1.34.01.0009 | D144: MEDIDOR DE GLICOSE SANG OKMETER MATCH II GOD - [17678] | E144: 384752.36 | F144: 12431.05 | G144: 277112.55 | H144: 120070.86 | I144: 384752.36 | J144: 12431.05 | K144: 277112.55 | L144: 120070.86 | M144: 120070.86 | N144: =L144-M144 -> 0
